 Dungeon Crawl Stone Soup version 0.22-a0-439-gac93bac (webtiles) character file.

1538999 4thArraOfDagon the Luminary of Lethal Lore (level 27, -10/224 HPs)
             Began as an Octopode Wizard on May 28, 2018.
             Was the Champion of Vehumet.
             Killed by divine providence
             ... invoked by a greater mummy
              (14 damage)
             ... on level 27 of a ziggurat on May 30, 2018.
             The game lasted 15:12:23 (63737 turns).

4thArraOfDagon the Luminary of Lethal Lore (OpWz)  Turns: 63737, Time: 15:12:24

Health: -10/224    AC:  9    Str: 17    XL:     27
Magic:  88/109     EV: 39    Int: 66    God:    Vehumet [******]
Gold:   1801       SH: 37    Dex: 24    Spells: 0/80 levels left

rFire    + + .     SeeInvis +   s - staff of earth
rCold    + + .     Gourm    .   u - +18 shield of the Gong {rElec rN+ MR+ EV-5}
rNeg     + + +     Faith    .   m - +3 hat of Pondering {ponderous, MR+ MP+10 Int+5}
rPois    +         Spirit   .   l - amulet "Loryshu" {Harm *Drain MP+9 Int+5 Stlth-}
rElec    +         Reflect  .   F - ring "Soomaw" {MP+9 Int+6}
rCorr    .         Harm     +   j - ring of Heolop {rElec rF+ rC+ rN+ SInv}
MR       +++++                  T - ring "Forrai" {MP+9 Str-3 Int+7 Stlth-}
Stlth    +++++++++.             d - ring of Setz {rPois EV+6 Str+4 Int+3}
HPRegen  1.47/turn              C - ring "Wimatewa" {rC++ MP+9 Str+2}
MPRegen  0.61/turn              O - ring of Ruhu {Fire rN+ Str+5 Int+3 Slay+2}
                                S - ring of Rek Uber {MP+9 Int+7 Dex+3 Slay-2 SInv}
                                h - ring of Vokune Ere {AC+5 Dex+10}

@: slightly contaminated, regenerating, slowed, very slow
A: almost no armour, stealthy swim, amphibious, 8 rings, constrict 8, camouflage
1, magic resistance 1, wild magic 1, gelatinous body 1
}: 4/15 runes: serpentine, barnacled, slimy, golden
a: Renounce Religion


You were on level 27 of a ziggurat.
You worshipped Vehumet.
Vehumet was exalted by your worship.
You were full.

You visited 11 branches of the dungeon, and saw 52 of its levels.
You visited 14 ziggurats (completing 13), and saw 378 of their levels.
You also visited: Volcano and Wizlab.

You collected 6383 gold pieces.
You spent 4582 gold pieces at shops.

Inventory:

Hand Weapons
 q - the +9 staff of Wucad Mu {channel}
   (You found it on level 21 of a ziggurat)
 N - the cursed +14 obsidian axe {chop, +Fly SInv *Curse}
   (You found it on level 14 of a ziggurat)

   It inflicts extra damage upon your enemies.
   It lets you see invisible.
   It lets you fly.
   It curses itself when equipped.
   It has a curse placed upon it.
Missiles
 L - 10 throwing nets (quivered)
Armour
 m - the +3 hat of Pondering (worn) {ponderous, MR+ MP+10 Int+5}
   (You found it on level 12 of a ziggurat)

   It affects your intelligence (+5).
   It affects your resistance to hostile enchantments.
   It affects your magic capacity (+10).
 u - the +18 shield of the Gong (worn) {rElec rN+ MR+ EV-5}
   (You found it on level 24 of a ziggurat)

   It affects your evasion (-5).
   It insulates you from electricity.
   It protects you from negative energy.
   It affects your resistance to hostile enchantments.
Magical Staves
 s - an uncursed staff of earth (weapon)
 E - an uncursed staff of power {!a}
Jewellery
 d - the ring of Setz (on tentacle) {rPois EV+6 Str+4 Int+3}
   (You found it on level 10 of a ziggurat)

   [ring of evasion]

   It affects your evasion (+6).
   It affects your strength (+4).
   It affects your intelligence (+3).
   It protects you from poison.
 f - the ring of Ysus {rF+ MP+9 Dex+4}
   (You found it on level 22 of a ziggurat)

   [ring of protection from fire]

   It affects your dexterity (+4).
   It protects you from fire.
   It affects your magic capacity (+9).
 h - the ring of Vokune Ere (on tentacle) {AC+5 Dex+10}
   (You found it on level 12 of a ziggurat)

   [ring of protection]

   It affects your AC (+5).
   It affects your dexterity (+10).
 j - the ring of Heolop (right tentacle) {rElec rF+ rC+ rN+ SInv}
   (You found it on level 22 of a ziggurat)

   [ring of see invisible]

   It protects you from fire.
   It protects you from cold.
   It insulates you from electricity.
   It protects you from negative energy.
   It lets you see invisible.
 k - the ring "Maecats" {Wiz Int+7}
   (You found it on level 16 of a ziggurat)

   [ring of wizardry]

   It improves your spell success rate.
   It affects your intelligence (+7).
 l - the amulet "Loryshu" (around mantle) {Harm *Drain MP+9 Int+5 Stlth-}
   (You found it on level 27 of a ziggurat)

   [amulet of harm]

   It increases damage dealt and taken.
   It affects your intelligence (+5).
   It affects your magic capacity (+9).
   It causes draining when unequipped.
   It makes you less stealthy.
 C - the ring "Wimatewa" (on tentacle) {rC++ MP+9 Str+2}
   (You found it on level 14 of a ziggurat)

   [ring of magical power]

   It affects your strength (+2).
   It greatly protects you from cold.
   It affects your magic capacity (+9).
 F - the ring "Soomaw" (left tentacle) {MP+9 Int+6}
   (You found it on level 27 of a ziggurat)

   [ring of magical power]

   It affects your intelligence (+6).
   It affects your magic capacity (+9).
 J - the ring of Dalli {Int+6 Dex+6}
   (You found it on level 13 of a ziggurat)

   [ring of dexterity]

   It affects your intelligence (+6).
   It affects your dexterity (+6).
 K - the ring of Immorality {Fire Dex+4}
   (You found it on level 16 of a ziggurat)

   [ring of fire]

   It enhances your fire magic.
   It affects your dexterity (+4).
   It protects you from fire.
   It makes you vulnerable to cold.
 O - the ring of Ruhu (on tentacle) {Fire rN+ Str+5 Int+3 Slay+2}
   (You found it on level 16 of a ziggurat)

   [ring of fire]

   It enhances your fire magic.
   It affects your strength (+5).
   It affects your intelligence (+3).
   It affects your accuracy and damage with ranged weapons and melee attacks
   (+2).
   It protects you from fire.
   It makes you vulnerable to cold.
   It protects you from negative energy.
 S - the ring of Rek Uber (on tentacle) {MP+9 Int+7 Dex+3 Slay-2 SInv}
   (You found it on level 24 of a ziggurat)

   [ring of dexterity]

   It affects your intelligence (+7).
   It affects your dexterity (+3).
   It affects your accuracy and damage with ranged weapons and melee attacks
   (-2).
   It affects your magic capacity (+9).
   It lets you see invisible.
 T - the ring "Forrai" (on tentacle) {MP+9 Str-3 Int+7 Stlth-}
   (You found it on level 24 of a ziggurat)

   [ring of loudness]

   It affects your strength (-3).
   It affects your intelligence (+7).
   It affects your magic capacity (+9).
   It makes you less stealthy.
Wands
 G - a wand of acid (105)
 H - a wand of digging (99)
 U - a wand of iceblast (80)
 V - a wand of clouds (2)
Scrolls
 b - 181 scrolls of fog
 n - 17 scrolls of remove curse
 o - 6 scrolls of fear
 p - 4 scrolls of identify
 z - 86 scrolls of magic mapping
 D - 102 scrolls of teleportation
 I - a scroll of immolation
 M - 128 scrolls of blinking
 X - 83 scrolls of holy word
Potions
 a - 46 potions of haste
 e - 15 potions of cancellation
 g - 8 potions of invisibility
 i - 16 potions of ambrosia
 t - 10 potions of brilliance
 v - 111 potions of experience
 w - 11 potions of might
 x - 15 potions of magic
 A - 83 potions of heal wounds
 B - 11 potions of agility
 P - 60 potions of curing
 W - 12 potions of resistance
 Z - 285 potions of mutation
Miscellaneous
 r - a lightning rod (4/4)
 y - 123 boxes of beasts
 R - 139 phantom mirrors
 Y - a lamp of fire
Comestibles
 c - 82 rations


   Skills:
 O Level 27 Fighting
 O Level 27 Short Blades
 O Level 27 Long Blades
 O Level 27 Axes
 O Level 27 Maces & Flails
 O Level 27 Polearms
 O Level 27 Staves
 O Level 27 Slings
 O Level 27 Bows
 O Level 27 Crossbows
 O Level 27 Throwing
 O Level 27 Dodging
 O Level 27 Stealth
 O Level 27 Shields
 O Level 27 Unarmed Combat
 O Level 27 Spellcasting
 O Level 27 Conjurations
 O Level 27 Hexes
 O Level 27 Charms
 O Level 27 Summonings
 O Level 27 Necromancy
 O Level 27 Translocations
 O Level 27 Transmutations
 O Level 27 Fire Magic
 O Level 27 Ice Magic
 O Level 27 Air Magic
 O Level 27 Earth Magic
 O Level 27 Poison Magic
 O Level 27 Invocations
 O Level 27 Evocations


You couldn't memorise any spells.
You knew the following spells:

 Your Spells              Type           Power        Failure   Level  Hunger
a - Fire Storm            Conj/Fire      ##########   1%          9    None
b - Necromutation         Tmut/Necr      #########.   1%          8    None
c - Death's Door          Chrm/Necr      #########.   1%          8    None
d - Regeneration          Chrm/Necr      #########.   1%          3    None
e - Controlled Blink      Tloc           N/A          1%          8    None
f - Glaciate              Conj/Ice       #########.   1%          9    None
g - Shatter               Erth           ##########   1%          9    None
h - Sublimation of Blood  Necr           #########.   1%          2    None
i - Tornado               Air            #########.   1%          9    None
j - Orb of Destruction    Conj           #########.   1%          7    None
k - Ignition              Fire           ##########   1%          8    None

Your spell library contained the following spells:

 Spells                   Type           Power        Failure   Level  Hunger
 Cause Fear               Hex            #########.   1%          4    None
 Magic Dart               Conj           ####         1%          1    None
 Fireball                 Conj/Fire      ##########   1%          5    None
 Apportation              Tloc           ######       1%          1    None
 Conjure Flame            Conj/Fire      ########     1%          3    None
 Bolt of Fire             Conj/Fire      ##########   1%          6    None
 Bolt of Cold             Conj/Ice       #########.   1%          6    None
 Lightning Bolt           Conj/Air       #########.   1%          5    None
 Bolt of Magma            Conj/Fire/Erth ##########   1%          5    None
 Slow                     Hex            ########     1%          2    None
 Confuse                  Hex            ########     1%          3    None
 Invisibility             Hex            ########     1%          6    None
 Throw Frost              Conj/Ice       ######       1%          2    None
 Freezing Cloud           Conj/Ice/Air   #########.   1%          6    None
 Mephitic Cloud           Conj/Pois/Air  ########     1%          3    None
 Ring of Flames           Chrm/Fire      ##########   1%          7    None
 Venom Bolt               Conj/Pois      #########.   1%          5    None
 Olgreb's Toxic Radiance  Pois           ########     1%          4    None
 Teleport Other           Tloc           ########     1%          3    None
 Summon Small Mammal      Summ           ####         1%          1    None
 Bolt of Draining         Conj/Necr      #########.   1%          5    None
 Lehudib's Crystal Spear  Conj/Erth      ##########   1%          8    None
 Blink                    Tloc           N/A          1%          2    None
 Iskenderun's Mystic Bla  Conj           ########     1%          4    None
 Summon Horrible Things   Summ           #########.   1%          8    None
 Animate Dead             Necr           N/A          1%          4    None
 Pain                     Necr           ####         1%          1    None
 Animate Skeleton         Necr           N/A          1%          1    None
 Vampiric Draining        Necr           #########.   1%          3    None
 Haunt                    Necr/Summ      #########.   1%          7    None
 Borgnjor's Revivificati  Necr           #########.   1%          8    None
 Freeze                   Ice            ####         1%          1    None
 Ozocubu's Refrigeration  Ice            #########.   1%          6    None
 Summon Ice Beast         Ice/Summ       ########     1%          4    None
 Ozocubu's Armour         Chrm/Ice       ########     1%          3    None
 Call Imp                 Summ           ########     1%          2    None
 Dispel Undead            Necr           ########     1%          5    None
 Poison Arrow             Conj/Pois      #########.   1%          6    None
 Sting                    Conj/Pois      ####         1%          1    None
 Tukima's Dance           Hex            ########     1%          3    None
 Summon Demon             Summ           #########.   1%          5    None
 Summon Greater Demon     Summ           #########.   1%          7    None
 Corpse Rot               Necr           N/A          1%          2    None
 Iron Shot                Conj/Erth      ##########   1%          6    None
 Stone Arrow              Conj/Erth      ######       1%          3    None
 Swiftness                Chrm/Air       ########     1%          2    None
 Recall                   Summ/Tloc      N/A          1%          3    None
 Agony                    Necr           ########     1%          5    None
 Spider Form              Tmut/Pois      #########.   1%          3    None
 Blade Hands              Tmut           #########.   1%          5    None
 Statue Form              Tmut/Erth      #########    1%          6    None
 Ice Form                 Ice/Tmut       ########     1%          4    None
 Dragon Form              Tmut           #########.   1%          7    None
 Deflect Missiles         Chrm/Air       #########.   1%          6    None
 Throw Icicle             Conj/Ice       ########     1%          4    None
 Shadow Creatures         Summ           N/A          1%          6    None
 Confusing Touch          Hex            ######       1%          1    None
 Flame Tongue             Conj/Fire      #####        1%          1    None
 Passwall                 Tmut/Erth      ########     1%          2    None
 Ignite Poison            Fire/Tmut/Pois ########     1%          3    None
 Sticks to Snakes         Tmut           ########     1%          2    None
 Call Canine Familiar     Summ           ########     1%          3    None
 Ensorcelled Hibernation  Hex/Ice        ######       1%          2    None
 Metabolic Englaciation   Hex/Ice        #########.   1%          5    None
 Summon Butterflies       Summ           ########     1%          1    None
 Silence                  Hex/Air        #########.   1%          5    None
 Dispersal                Tloc           #########.   1%          6    None
 Static Discharge         Conj/Air       ########     1%          3    None
 Corona                   Hex            #######      1%          1    None
 Alistair's Intoxication  Tmut/Pois      ########     1%          5    None
 Lee's Rapid Deconstruct  Erth           ##########   1%          5    None
 Sandblast                Erth           ######       1%          1    None
 Simulacrum               Ice/Necr       #########.   1%          6    None
 Conjure Ball Lightning   Conj/Air       #########.   1%          6    None
 Chain Lightning          Conj/Air       #########.   1%          8    None
 Excruciating Wounds      Chrm/Necr      #########.   1%          5    None
 Portal Projectile        Hex/Tloc       ######       1%          3    None
 Monstrous Menagerie      Summ           #########.   1%          7    None
 Petrify                  Tmut/Erth      ########     1%          4    None
 Passage of Golubria      Tloc           N/A          1%          4    None
 Malign Gateway           Summ/Tloc      #########.   1%          7    None
 Leda's Liquefaction      Hex/Erth       ##########   1%          4    None
 Summon Hydra             Summ           #########.   1%          7    None
 Darkness                 Hex            #########.   1%          6    None
 Shroud of Golubria       Chrm/Tloc      #########.   1%          2    None
 Inner Flame              Hex/Fire       ########     1%          3    None
 Aura of Abjuration       Summ           #########.   1%          5    None
 Beastly Appendage        Tmut           ######       1%          1    None
 Disjunction              Tloc           #########.   1%          8    None
 Iskenderun's Battlesphe  Conj/Chrm      ########     1%          5    None
 Fulminant Prism          Conj/Hex       #########.   1%          4    None
 Dazzling Spray           Conj/Hex       ######       1%          3    None
 Force Lance              Conj/Tloc      ########     1%          4    None
 Infusion                 Chrm           ####         1%          1    None
 Song of Slaying          Chrm           ########     1%          2    None
 Spectral Weapon          Hex/Chrm       ########     1%          3    None
 Searing Ray              Conj           ######       1%          2    None
 Discord                  Hex            #########.   1%          8    None
 Summon Forest            Summ/Tloc      #########.   1%          5    None
 Summon Lightning Spire   Summ/Air       ########     1%          4    None
 Dragon's Call            Summ           #########.   1%          9    None
 Spellforged Servitor     Conj/Summ      #########.   1%          7    None
 Summon Mana Viper        Hex/Summ       ########     1%          5    None
 Hydra Form               Tmut           #########.   1%          6    None
 Irradiate                Conj/Tmut      #########.   1%          5    None
 Gell's Gravitas          Tloc           #########.   1%          3    None
 Yara's Violent Unravell  Hex/Tmut       #########.   1%          5    None
 Infestation              Necr           #########.   1%          8    None
 Lesser Beckoning         Tloc           #########.   1%          3    None
 Poisonous Vapours        Pois/Air       ######       1%          2    None
 Borgnjor's Vile Clutch   Necr/Erth      ##########   1%          5    None


Dungeon Overview and Level Annotations

Branches:
Dungeon (15/15)            Temple (0/1) D:7            Lair (6/6) D:9
 Shoals (4/4) Lair:3        Snake (4/4) Lair:3        Slime (5/5) Lair:5
    Orc (2/2) D:12            Elf (3/3) Orc:2        Vaults (2/5) D:13
  Crypt (3/3) Vaults:2       Tomb (3/3) Crypt:3      Depths (5/5) D:15
    Zot (0/5) Depths:5

Altars:
Cheibriados
Kikubaaqudgha
Makhleb
Okawaru
Vehumet
Wu Jian
Beogh

Shops:
D:5 !   D:6 *   D:9 [   D:10 ?   D:11 *   Orc:2 =?:(!   Elf:1 =(*[   Shoals:1 =
Shoals:2 (   Vaults:1 :   Depths:4 :   Depths:5 !

Portals:
Hell: Lair:6 Depths:2 Depths:4 Depths:5
Abyss: Depths:1 Depths:4
Pandemonium: Depths:3
Trove: D:10 (show slimy rune of Zot)

Annotations:
D:6 2 transporters
D:13 1 runed door
Shoals:4 Kirke
Snake:2 exclusion: upstairs
Elf:2 3 runed doors
Elf:3 exclusion: Roxanne, Roxanne
Depths:2 2 runed doors


Innate Abilities, Weirdness & Mutations

You cannot wear most types of armour.
You are very stealthy in the water. (Stealth+)
You are amphibious.
You can wear up to eight rings at the same time.
You can use your tentacles to constrict eight enemies at once.
Your skin changes colour to match your surroundings (Stealth+).
Your rubbery body absorbs attacks. (AC +1, EV +1)
You are resistant to hostile enchantments. (MR+)
Your spells are a little harder to cast, but a little more powerful.


Message History

The bennu, emptied of spiritual energy, fades out from this realm.
The great icy blast engulfs the death scarab.
You destroy the death scarab!
The death scarab's corpse disappears in a puff of smoke!
The great icy blast engulfs the greater mummy.
The greater mummy partially resists.
The greater mummy is frozen into a solid block of ice!
You destroy the greater mummy!
Vehumet accepts your kill.
You feel your power returning.
You feel extremely nervous for a moment...
You feel a surge of unholy energy.
The tengu reaver skeleton disappears in a puff of smoke!
The shadow disappears in a puff of smoke!
You step away from death's doorway.
You hear a hideous shriek! x3
The flying skull hits the mummy shaped block of ice!
The greater mummy points at you and mumbles some strange words.
Something smites you!
You die...

▓................
▓▓.....†..........
▓......§..........
▓.....§§..........
▓....§§§..........
▓...§§§§..........
▓▓..§§§§§..........
▓..§§§§§§M.........
▓▓@§§§§§8z.........
▓.§§§§§§zZ........
▓..§§§§§..........
▓...§§§§.§........
▓....§§§8....†M.M.
▓▓....§§......
▓.....§....sM
▓▓........sMM
▓▓.......sMM


You could see a greater mummy, an ushabti and 2 flying skulls.

Vanquished Creatures
  Dissolution (Slime:4)
  the Royal Jelly (Slime:5)
  The ghost of 4thArraOfDagon the Genius of the Arcane, a legendary OpWz of Sif Muna (Zig:25)
  Khufu (Tomb:1)
  154 orbs of fire
  512 ancient liches
  469 juggernauts
  508 pandemonium lords
  451 greater mummies
  Sojobo (Crypt:3)
  3 curse toes
  205 Killer Klowns
  Vashnia (Snake:2)
  165 shard shrikes
  303 caustic shrikes
  3 golden dragons (shapeshifter)
  462 golden dragons
  A caustic shrike (shapeshifter) (Zig:26)
  143 profane servitors
  Jory (Depths:5)
  A mutant beast (WizLab)
  290 bone dragons
  96 pearl dragons
  6 iron giants (shapeshifter)
  4 doom hounds
  244 electric golems
  114 Tzitzimimeh
  207 Brimstone Fiends
  274 Hell Sentinels
  206 iron giants
  347 Ice Fiends
  283 hellephants
  265 deep elf blademasters
  305 liches
  374 tentacled monstrosities
  326 deep elf master archers
  186 Executioners
  215 quicksilver dragons
  1548 acid blobs
  628 titans
  19 quicksilver dragons (shapeshifter)
  115 tentacled starspawn
  5 acid blobs (shapeshifter)
  310 ancient champions
  12 sphinxes (shapeshifter)
  96 sphinxes
  4 eldritch tentacles
  18 thorn hunters
  Frances (Shoals:2)
  56 shadow dragons
  17 shadow dragons (shapeshifter)
  75 tengu reavers
  82 daevas
  A storm dragon (shapeshifter) (Zig:17)
  328 storm dragons
  13 fire giants (shapeshifter)
  Gastronok (D:8)
  590 azure jellies
  1081 nagarajas
  Ilsuiw (Shoals:4)
  300 revenants
  202 fire giants
  298 draconian monks
  824 ghost moths
  115 frost giants
  11 azure jellies (shapeshifter)
  An iron dragon (shapeshifter) (Zig:21)
  153 iron dragons
  179 warmongers
  78 deep elf sorcerers
  414 balrugs
  904 orc warlords
  277 draconian shifters
  59 vault wardens
  3 ghost moths (shapeshifter)
  80 juggernaut zombies
  346 draconian scorchers
  295 draconian stormcallers
  226 curse skulls
  15 frost giants (shapeshifter)
  347 draconian knights
  84 caustic shrike zombies
  59 angels
  48 ghouls
  24 deep elf elementalists
  384 draconian annihilators
  133 cacodemons
  523 emperor scorpions
  An emperor scorpion (shapeshifter) (Zig:23)
  169 vampire knights
  446 reapers
  57 ironheart preservers
  59 juggernaut skeletons
  17 stone giants (shapeshifter)
  40 ophanim
  181 war gargoyles
  212 blood saints
  163 very ugly things
  628 entropy weavers
  58 caustic shrike skeletons
  463 stone giants
  2 entropy weavers (shapeshifter)
  39 apis
  202 deep elf demonologists
  124 green draconians
  358 corrupters
  121 red draconians
  133 black draconians
  A minotaur (shapeshifter) (Zig:22)
  163 dire elephants
  158 bennus
  152 purple draconians
  258 deep elf annihilators
  160 black suns
  2 spark wasps (shapeshifter)
  124 white draconians
  A minotaur (Zig:27)
  254 spark wasps
  20 dire elephants (shapeshifter)
  98 lorocyprocas
  The ghost of Mgcat the Severer, a journeyman MiBe of Trog (Shoals:3)
  121 deep elf death magi
  150 yellow draconians
  184 eidola
  56 ettins
  75 death oozes
  339 green deaths
  186 fire dragons
  5 ettins (shapeshifter)
  407 blizzard demons
  45 crystal guardians
  17 quicksilver dragon zombies
  364 merfolk javelineers
  156 merfolk impalers
  5 fire dragons (shapeshifter)
  37 jiangshi
  297 mummy priests
  123 yaktaur captains
  285 deep elf high priests
  24 quicksilver dragon skeletons
  3 great orbs of eyes (shapeshifter)
  143 great orbs of eyes
  25 rakshasas
  14 alligator snapping turtles (shapeshifter)
  4 ice dragons (shapeshifter)
  414 hydras
  147 ice dragons
  92 hell beasts
  A hydra (shapeshifter) (Zig:23)
  193 naga warriors
  58 merfolk avatars
  15 monstrous demonspawn
  4 caustic shrike simulacra
  49 two-headed ogres
  782 merfolk aquamancers
  22 death knights
  81 satyrs
  A spectral frost giant (Zig:3)
  73 alligator snapping turtles
  3 satyrs (shapeshifter)
  56 centaur warriors
  3 juggernaut simulacra
  A spectral stone giant (Crypt:3)
  4 catoblepae (shapeshifter)
  51 alligators
  164 anacondas
  9 anacondas (shapeshifter)
  314 spriggan air magi
  204 catoblepae
  5 tengu warriors
  5 deep troll shamans
  21 death yaks
  5 queen ants (shapeshifter)
  15 two-headed ogres (shapeshifter)
  6 alligators (shapeshifter)
  19 ghost crabs
  73 ogre magi
  165 death scarabs
  A queen ant (Lair:5)
  42 hell hogs
  395 dancing weapons
  16 shock serpents (shapeshifter)
  7 deep troll earth magi
  854 orc high priests
  57 titan zombies
  222 vampire magi
  40 storm dragon zombies
  Urug (Lair:5)
  21 spriggans
  114 thrashing horrors
  3 spriggan berserkers
  443 shock serpents
  81 soul eaters
  357 naga sharpshooters
  56 titan skeletons
  282 deep elf knights
  55 iron golems
  32 sun demons
  59 hell knights
  9 fire crabs (shapeshifter)
  51 fire crabs
  208 iron trolls
  290 wretched stars
  71 sixfirhies
  10 sea snakes (shapeshifter)
  204 death drakes
  18 death drakes (shapeshifter)
  148 sea snakes
  An anaconda zombie (Tomb:2)
  65 salamander mystics
  145 skeletal warriors
  237 spriggan druids
  46 cherubim
  20 spark wasp zombies
  51 spatial maelstroms
  182 flayed ghosts
  9 iron trolls (shapeshifter)
  88 shadow wraiths
  69 golden dragon zombies
  39 storm dragon skeletons
  11 gelid demonspawn
  14 torturous demonspawn
  11 unseen horrors
  8 infernal demonspawn
  102 shadow demons
  19 deep trolls
  7 deep trolls (shapeshifter)
  8 unseen horrors (shapeshifter)
  327 deep elf archers
  56 shadow dragon zombies
  A quicksilver dragon simulacrum (Zig:21)
  9 swamp dragons (shapeshifter)
  232 swamp dragons
  10 glowing orange brains (shapeshifter)
  3 lindwurms
  282 shambling mangroves
  97 phantasmal warriors
  54 glowing orange brains
  An orange crystal statue (Zig:4)
  64 golden dragon skeletons
  A harpy (shapeshifter) (Zig:17)
  807 deep elf magi
  45 necromancers
  56 ironbrand convokers
  12 lindwurms (shapeshifter)
  448 large abominations
  335 starcursed masses
  72 tengu zombies
  255 harpies
  109 naga ritualists
  12 stone giant zombies
  42 shadow dragon skeletons
  9 mana vipers (shapeshifter)
  58 sphinx zombies
  29 wizards
  354 wolf spiders
  Pikel (D:9)
  105 mana vipers
  120 orc knights
  35 sphinx skeletons
  13 wolf spiders (shapeshifter)
  349 orc sorcerers
  120 ugly things
  108 fauns
  168 shining eyes
  649 orb spiders
  4 shining eyes (shapeshifter)
  76 salamanders
  9 manticores (shapeshifter)
  6 oklob plants
  An orb spider (shapeshifter) (Zig:12)
  117 cyclopes
  22 frost giant zombies
  A glowing shapeshifter (Zig:21)
  56 iron dragon zombies
  13 cyclopes (shapeshifter)
  28 fire giant zombies
  40 tengu skeletons
  8 fauns (shapeshifter)
  3 salamanders (shapeshifter)
  26 worldbinders
  194 elf zombies
  151 manticores
  4 stone giant skeletons
  46 iron dragon skeletons
  551 moths of wrath
  31 elephants
  119 merfolk sirens
  11 elephants (shapeshifter)
  157 apocalypse crabs
  9 guardian serpents (shapeshifter)
  155 rust devils
  346 naga magi
  88 spriggan zombies
  A molten gargoyle (Depths:3)
  61 vault sentinels
  11 frost giant skeletons
  5 titan simulacra
  Maurice (D:11)
  5 moths of wrath (shapeshifter)
  4 black mambas (shapeshifter)
  65 spriggan skeletons
  162 smoke demons
  A dire elephant zombie (Tomb:3)
  6 water nymphs (shapeshifter)
  17 fire giant skeletons
  9 eyes of devastation (shapeshifter)
  689 black mambas
  281 guardian serpents
  6 spiny frogs (shapeshifter)
  834 water nymphs
  30 gargoyles
  A shock serpent skeleton (Tomb:3)
  51 orange demons
  154 spiny frogs
  6 torpor snails (shapeshifter)
  241 hellions
  A red draconian zombie (Crypt:2)
  89 eyes of devastation
  3 rime drakes (shapeshifter)
  A kobold demonologist (Depths:4)
  66 rime drakes
  A grey draconian zombie (Crypt:2)
  3 tengu conjurers
  55 hellwings
  95 yaktaurs
  246 freezing wraiths
  574 torpor snails
  92 efreet
  3 yaktaur zombies
  581 guardian mummies
  3 yaktaurs (shapeshifter)
  An emperor scorpion zombie (Crypt:3)
  230 ice devils
  65 komodo dragons
  301 demonic crawlers
  3 spark wasp simulacra
  3 golden dragon simulacra
  9 komodo dragons (shapeshifter)
  394 tormentors
  A yaktaur skeleton (Zig:3)
  579 merfolk
  10 meliai
  84 red devils
  108 ancient zymes
  A black draconian skeleton (Crypt:2)
  A death drake zombie (Crypt:2)
  136 trolls
  7 jumping spiders (shapeshifter)
  161 elf skeletons
  4 meliai (shapeshifter)
  46 tyrant leeches
  2 tyrant leeches (shapeshifter)
  318 jumping spiders
  3 queen bees (shapeshifter)
  6 hornets (shapeshifter)
  5 silent spectres
  5 polar bears (shapeshifter)
  4 wind drakes (shapeshifter)
  11 merfolk (shapeshifter)
  4 shadow dragon simulacra
  2 tengu simulacra
  4 trolls (shapeshifter)
  4 slime creatures (shapeshifter)
  23 polar bears
  6 ettin zombies
  76 wind drakes
  504 hornets
  4 sphinx simulacra
  58 blink frogs
  47 bog bodies
  82 hippogriffs
  6 raiju (shapeshifter)
  3 ice dragon zombies (Zig:3)
  6 blink frogs (shapeshifter)
  610 slime creatures
  10 snapping turtles (shapeshifter)
  An iron dragon simulacrum (Zig:24)
  125 snapping turtles
  19 dream sheep
  4 hippogriffs (shapeshifter)
  156 raiju
  8 dream sheep (shapeshifter)
  3 frost giant simulacra
  A deep troll zombie (Zig:3)
  A stone giant simulacrum (Zig:6)
  160 air elementals
  13 redbacks (shapeshifter)
  3 ettin skeletons
  357 flying skulls
  360 redbacks
  5 spriggans (shapeshifter)
  41 shadows
  9 tarantellas (shapeshifter)
  4 vampires
  119 ynoxinuls
  A fire dragon skeleton (Zig:3)
  245 water elementals
  147 wraiths
  97 yaks
  A fire bat (shapeshifter) (Zig:16)
  361 tarantellas
  27 wyverns
  13 basilisks
  A wyvern (shapeshifter) (Depths:3)
  2 spriggan simulacra
  Eustachio (D:6)
  3 basilisks (shapeshifter)
  4 hogs (shapeshifter)
  5 humans (shapeshifter)
  5 yaks (shapeshifter)
  Grum (D:9)
  167 fire elementals
  226 ushabtiu
  8 fire bats
  89 golden eyes
  A steam dragon (shapeshifter) (Zig:12)
  40 steam dragons
  113 neqoxecs
  42 vampire mosquitoes
  4 golden eyes (shapeshifter)
  6 hogs (Shoals:4)
  170 chaos spawn
  7 spatial vortices
  15 hungry ghosts
  16 swamp worms (shapeshifter)
  114 wargs
  82 insubstantial wisps
  5 soldier ants (shapeshifter)
  2 human zombies
  283 nagas
  A two-headed ogre zombie (Crypt:3)
  A warg (shapeshifter) (Zig:23)
  2 nagas (shapeshifter)
  21 soldier ants
  2 acid dragons (shapeshifter)
  4 swamp worms (D:12)
  27 acid dragons
  A torturous demonspawn zombie (Crypt:2)
  Duvessa (D:7)
  85 floating eyes
  141 hell hounds
  83 swamp drakes
  A swamp drake (shapeshifter) (Zig:25)
  14 floating eyes (shapeshifter)
  6 porcupines
  A porcupine (shapeshifter) (Zig:16)
  122 water moccasins
  3 sky beasts
  2 human skeletons (Zig:9)
  A snapping turtle zombie (Tomb:2)
  670 orc warriors
  A sky beast (shapeshifter) (Zig:23)
  43 ice beasts
  An ice beast (shapeshifter) (Depths:2)
  7 black bears (shapeshifter)
  10 elf simulacra
  4 eyes of draining (shapeshifter)
  348 ogres
  151 eyes of draining
  33 wolves
  2 boggarts (Elf:1)
  A manticore skeleton (Tomb:2)
  5 phantoms
  A wolf (shapeshifter) (Zig:25)
  73 centaurs
  23 necrophages
  130 crocodiles
  A dream sheep skeleton (Crypt:3)
  134 small abominations
  A crocodile (shapeshifter) (Zig:25)
  A big kobold (shapeshifter) (Zig:22)
  2 big kobolds
  Blork the orc (D:5)
  3 gnoll sergeants
  16 bullfrogs
  2 glowing shapeshifter simulacra
  Dowan (D:7)
  126 earth elementals
  2 wyvern skeletons
  A scorpion (shapeshifter) (Zig:22)
  5 scorpions
  13 killer bees
  2 howler monkeys
  31 wights
  3 electric eels (Elf:3)
  11 crimson imps
  A centaur zombie (D:10)
  A bullfrog zombie (D:13)
  3 hounds
  A hound (shapeshifter) (Zig:18)
  3 gnoll shamans
  85 orc priests
  Crazy Yiuf (D:6)
  16 jellies
  98 orc wizards
  3 bullfrog skeletons
  153 iron imps
  10 centaur skeletons
  An iguana (shapeshifter) (Zig:18)
  4 hell rats
  A lightning spire (Zig:11)
  A worker ant (shapeshifter) (Depths:4)
  29 worker ants
  A porcupine skeleton (Crypt:2)
  A killer bee zombie (D:9)
  A hound zombie (D:9)
  The ghost of 4thArraOfDagon the Magician, a weakling OpWz (D:4)
  A hound skeleton (D:7)
  881 mummies
  A howler monkey zombie (D:6)
  7 adders
  29 gnolls
  A river rat (shapeshifter) (Zig:25)
  5 shadow imps
  133 white imps
  2 oozes
  4 worms
  3 dart slugs (D:1)
  4 leopard geckos
  82 orcs
  5 bats
  11 giant cockroaches
  8 goblins
  3 hobgoblins (D:2)
  14 jackals
  13 kobolds
  5 quokkas
  2 ball pythons
  7 frilled lizards
  2 jackal skeletons
  A jackal zombie (D:5)
  A leopard gecko skeleton (D:6)
  2 quokka skeletons
  5 rats
  308 blocks of ice
  2 briar patches (Zig:21)
  54 crawling corpses
  1902 fire vortices
  A fungus (Lair:6)
  16 plants
  14 starspawn tentacles
  25 withered plants (Crypt:3)
60937 creatures vanquished.

Vanquished Creatures (collateral kills)
  3 juggernauts
  7 pandemonium lords
  A greater mummy (Zig:24)
  A shard shrike (Zig:24)
  8 Killer Klowns
  4 golden dragons (Zig:17)
  8 pearl dragons
  2 Tzitzimimeh
  A bone dragon (Zig:14)
  2 iron giants
  An electric golem (Zig:21)
  2 Ice Fiends
  2 tentacled monstrosities
  A lich (Depths:4)
  4 quicksilver dragons
  A quicksilver dragon (shapeshifter) (Zig:11)
  17 acid blobs
  An Executioner (Zig:19)
  An ancient champion (Zig:18)
  3 shadow dragons (Zig:17)
  A shadow dragon (shapeshifter) (Zig:18)
  2 tengu reavers
  3 draconian monks
  2 storm dragons
  3 nagarajas
  A daeva (Zig:20)
  2 iron dragons (Zig:17)
  7 azure jellies
  An azure jelly (shapeshifter) (Zig:25)
  2 fire giants
  An emperor scorpion (Zig:10)
  5 draconian knights
  2 warmongers (Zig:27)
  A draconian scorcher (Zig:26)
  2 cacodemons (Zig:27)
  2 draconian annihilators
  2 reapers
  A draconian stormcaller (Zig:25)
  2 caustic shrike skeletons
  5 draconian shifters
  2 apis (Zig:13)
  4 stone giants
  2 blood saints
  3 very ugly things
  2 ophanim
  2 corrupters
  3 black suns
  2 black draconians
  2 green draconians
  A white draconian (Zig:19)
  2 red draconians (Zig:22)
  4 purple draconians
  2 lorocyprocas
  A spark wasp (Zig:22)
  A dire elephant (Zig:25)
  2 yellow draconians
  2 fire dragons
  2 blizzard demons
  2 death oozes (Zig:19)
  An ettin (Depths:4)
  A merfolk impaler (Zig:13)
  A green death (Zig:27)
  A great orb of eyes (Depths:1)
  A hydra (Zig:19)
  A monstrous demonspawn (Zig:22)
  2 hell beasts
  An alligator snapping turtle (shapeshifter) (Zig:25)
  A spriggan air mage (Zig:21)
  A death knight (D:15)
  A deep troll shaman (Depths:3)
  A naga sharpshooter (Snake:4)
  2 titan skeletons
  A wretched star (Zig:20)
  A storm dragon zombie (Zig:14)
  A sixfirhy (Zig:27)
  A sea snake (Snake:4)
  2 iron trolls (shapeshifter)
  A skeletal warrior (Zig:6)
  A cherub (Zig:20)
  2 golden dragon zombies
  A death drake (Zig:23)
  3 shambling mangroves
  A shadow dragon zombie (Zig:24)
  2 tengu zombies
  An orb spider (Zig:19)
  2 ugly things
  A shining eye (shapeshifter) (Zig:13)
  6 shining eyes
  A sphinx skeleton (Zig:14)
  A sphinx zombie (Zig:14)
  2 shadow dragon skeletons
  A moth of wrath (Zig:19)
  2 tengu skeletons
  A manticore (Zig:13)
  A black mamba (Snake:2)
  4 apocalypse crabs
  A frost giant skeleton (Zig:6)
  A water nymph (Zig:13)
  An orange demon (Zig:27)
  3 hellions
  A dire elephant skeleton (Tomb:1)
  3 eyes of devastation
  A torpor snail (Zig:10)
  A freezing wraith (Zig:24)
  5 elf zombies
  An elf skeleton (Zig:26)
  A guardian mummy (Zig:24)
  A demonic crawler (Zig:19)
  A silent spectre (Zig:6)
  A jumping spider (shapeshifter) (Zig:14)
  A raiju (Zig:15)
  9 slime creatures
  A dream sheep (shapeshifter) (WizLab)
  A frost giant simulacrum (Zig:9)
  A spriggan zombie (Zig:6)
  An air elemental (Zig:21)
  2 redbacks
  3 ynoxinuls
  2 wyverns (Zig:17)
  2 tarantellas (Zig:10)
  A water elemental (Depths:4)
  11 golden eyes
  6 chaos spawn
  A steam dragon (Zig:17)
  2 acid dragons
  A naga (Zig:22)
  2 floating eyes (shapeshifter)
  16 floating eyes
  A sky beast (shapeshifter) (Zig:18)
  A swamp drake (Zig:17)
  5 eyes of draining
  A centaur (Depths:1)
  A killer bee (D:8)
  A wight (Zig:14)
  6 starcursed masses
  An orc priest (Zig:18)
  An orc wizard (D:10)
  9 mummies
  2 blocks of ice
  A fire vortex (Zig:10)
328 creatures vanquished.

Vanquished Creatures (others)
  A golden dragon (Zig:23)
  2 pandemonium lords
  An Ice Fiend (Zig:14)
  A lich (Zig:25)
  2 titans (Zig:21)
  2 deep elf master archers
  3 eldritch tentacles
  A storm dragon (Zig:21)
  A deep elf sorcerer (Zig:25)
  A nagaraja (Zig:25)
  A warmonger (Zig:27)
  A draconian knight (Zig:26)
  A cacodemon (Zig:20)
  2 corrupters
  A deep elf annihilator (Zig:25)
  A blizzard demon (Zig:14)
  A deep elf high priest (Zig:25)
  A hydra (Zig:20)
  4 spriggan air magi
  A dancing weapon (Zig:25)
  5 shock serpents
  A spatial maelstrom (Zig:19)
  A tengu zombie (Zig:11)
  A sphinx zombie (Zig:26)
  An ugly thing (Zig:25)
  An orc sorcerer (Zig:24)
  A deep elf mage (Zig:14)
  3 black mambas
  A rime drake (Zig:23)
  An orange demon (Zig:27)
  A hellion (Zig:14)
  A hellwing (Zig:11)
  An ancient zyme (Zig:26)
  A jumping spider (Zig:19)
  3 raiju (Zig:21)
  A hornet (Zig:12)
  6 water elementals
  A large abomination (Zig:26)
  2 ynoxinuls (Zig:20)
  A redback (Zig:19)
  4 air elementals
  13 insubstantial wisps
  A hell hound (Zig:7)
  2 small abominations
  A swamp drake (Zig:19)
  2 mummies
  73 blocks of ice
  A briar patch (Zig:21)
  4 crawling corpses (Zig:25)
  8410 fire vortices
  22 fungi
  19 plants
  28 starspawn tentacles
8643 creatures vanquished.

Grand Total: 69908 creatures vanquished

Notes
Turn   | Place    | Note
-------+----------+-------------------------------------------
     0 | D:1      | 4thArraOfDagon the Octopode Wizard began the quest for the Orb.
     0 | D:1      | Reached XP level 1. HP: 11/11 MP: 4/4
   141 | D:1      | Reached XP level 2. HP: 1/17 MP: 3/6
   262 | D:4      | Noticed 4thArraOfDagon's ghost (weakling OpWz)
   311 | D:4      | Reached XP level 3. HP: 5/21 MP: 0/7
   316 | D:4      | Learned a level 3 spell: Conjure Flame
   320 | D:4      | Learned a level 3 spell: Mephitic Cloud
   575 | D:5      | Entered Level 5 of the Dungeon
   610 | D:5      | Reached skill level 1 in Fire Magic
   610 | D:5      | Reached XP level 4. HP: 8/27 MP: 1/8
   626 | D:5      | Found Jyasiuj's Distillery.
   643 | D:5      | Noticed a hornet
   689 | D:5      | Found an ornate altar of the Wu Jian Council.
   719 | D:5      | Noticed Blork the orc
   733 | D:5      | Killed Blork the orc
   733 | D:5      | Reached XP level 5. HP: 20/31 MP: 0/10
   847 | D:7      | Noticed Duvessa
   911 | D:7      | Learned a level 2 spell: Blink
  1013 | D:7      | Reached XP level 6. HP: 32/36 MP: 6/11
  1139 | D:7      | Noticed Dowan
  1143 | D:6      | Found a transporter.
  1147 | D:6      | Reached skill level 5 in Conjurations
  1190 | D:6      | Found a transporter.
  1196 | D:6      | Found Sietteim's General Store.
  1257 | D:4      | Noticed a phantom
  1275 | D:4      | Found a burning altar of Makhleb.
  1276 | D:4      | Found a radiant altar of Vehumet.
  1281 | D:4      | Became a worshipper of Vehumet
  1403 | D:5      | Reached XP level 7. HP: 16/41 MP: 5/12
  1957 | D:5      | Killed a hornet
  2340 | D:2      | Reached * piety under Vehumet
  2340 | D:2      | Offered knowledge of Freeze by Vehumet.
  3457 | D:3      | Reached XP level 8. HP: 20/46 MP: 14/14
  3460 | D:3      | Reached skill level 5 in Fire Magic
  3587 | D:3      | Reached ** piety under Vehumet
  3587 | D:3      | Offered knowledge of Throw Flame by Vehumet.
  3593 | D:3      | Learned a level 2 spell: Throw Flame
  4025 | D:4      | Found an ancient bone altar of Kikubaaqudgha.
  4420 | D:4      | Killed 4thArraOfDagon's ghost
  4452 | D:4      | Found a snail-covered altar of Cheibriados.
  4654 | D:6      | Reached skill level 5 in Spellcasting
  4974 | D:6      | Noticed Eustachio
  4994 | D:6      | Killed Eustachio
  4994 | D:6      | Offered knowledge of Ignite Poison by Vehumet.
  5257 | D:6      | Found a runed door.
  5261 | D:6      | Noticed Crazy Yiuf
  5264 | D:6      | Killed Crazy Yiuf
  5404 | D:7      | Killed Duvessa
  5404 | D:7      | Reached XP level 9. HP: 48/51 MP: 17/17
  5408 | D:7      | Killed Dowan
  5532 | D:7      | Found an iron altar of Okawaru.
  5600 | D:7      | Found a staircase to the Ecumenical Temple.
  5618 | D:7      | Reached *** piety under Vehumet
  5849 | D:8      | Noticed Gastronok
  5881 | D:8      | Noticed a two-headed ogre
  5983 | D:8      | Offered knowledge of Olgreb's Toxic Radiance by Vehumet.
  5993 | D:8      | Found the +7 longbow "Piercer" {penet, EV-2}
  6331 | D:9      | Noticed Grum
  6345 | D:9      | Killed Grum
  6345 | D:9      | Reached **** piety under Vehumet
  6362 | D:9      | Offered knowledge of Inner Flame by Vehumet.
  6404 | D:9      | Found a staircase to the Lair.
  6457 | D:8      | Killed Gastronok
  6457 | D:8      | Reached XP level 10. HP: 54/56 MP: 20/21
  6749 | D:8      | Killed a two-headed ogre
  6855 | D:5      | Bought a potion of heal wounds for 55 gold pieces
  6855 | D:5      | Bought a potion of heal wounds for 55 gold pieces
  6855 | D:5      | Bought a potion of heal wounds for 55 gold pieces
  6855 | D:5      | Bought a potion of haste for 110 gold pieces
  6855 | D:5      | Bought a potion of cancellation for 88 gold pieces
  6855 | D:5      | Bought 2 potions of lignification for 66 gold pieces
  7320 | D:9      | Noticed Pikel
  7341 | D:9      | Killed Pikel
  7345 | D:9      | Reached XP level 11. HP: 51/61 MP: 23/23
  7435 | D:9      | Found Uqeogupt's Antique Armour Shop.
  7644 | D:10     | Entered Level 10 of the Dungeon
  7735 | D:10     | Found Ynaaguck's Magic Scroll Emporium.
  7739 | D:10     | Bought a scroll of teleportation for 33 gold pieces
  7906 | D:10     | Found a portal to a secret trove of treasure.
  7955 | D:10     | Reached ***** piety under Vehumet
  7956 | D:10     | Offered knowledge of Force Lance by Vehumet.
  8025 | D:10     | Noticed a sea snake
  8025 | D:10     | a snapping turtle changed into a sea snake
  8037 | D:10     | a sea snake changed into a redback
  8185 | D:11     | Noticed Maurice
  8185 | D:11     | Noticed a manticore
  8207 | D:11     | Killed a manticore
  8217 | D:11     | Killed Maurice
  8452 | D:11     | Noticed a red ugly thing
  8737 | D:11     | Found Fiotsos's Assorted Antiques.
  8749 | D:11     | Bought a scroll labeled CUDGHE LIHO for 36 gold pieces
  8749 | D:11     | Bought a bubbling sapphire potion for 32 gold pieces
  8749 | D:11     | Bought a murky emerald potion for 32 gold pieces
  8749 | D:11     | Bought a fizzy purple potion for 32 gold pieces
  8751 | D:11     | Noticed a two-headed ogre
  8770 | D:11     | Killed a two-headed ogre
  9044 | D:12     | Paralysed by a hornet for 2 turns
  9127 | D:12     | Reached skill level 10 in Spellcasting
  9249 | D:12     | Reached XP level 12. HP: 51/66 MP: 6/26
  9324 | D:12     | Offered knowledge of Bolt of Magma by Vehumet.
  9338 | D:12     | Learned a level 5 spell: Bolt of Magma
  9460 | D:12     | Noticed a two-headed ogre
  9471 | D:12     | Killed a two-headed ogre
  9535 | D:12     | Noticed a two-headed ogre
  9551 | D:12     | Killed a two-headed ogre
  9872 | D:12     | Noticed a five-headed hydra
  9878 | D:12     | Killed a five-headed hydra
  9919 | D:12     | Found a staircase to the Orcish Mines.
 10035 | D:13     | Found a runed door.
 10255 | D:14     | Noticed an eight-headed hydra
 10259 | D:14     | Killed an eight-headed hydra
 10432 | D:15     | Entered Level 15 of the Dungeon
 10432 | D:15     | Noticed a two-headed ogre
 10603 | D:14     | Reached skill level 15 in Fire Magic
 10814 | D:13     | Reached XP level 13. HP: 49/71 MP: 6/27
 11151 | Orc:1    | Entered Level 1 of the Orcish Mines
 11162 | Orc:2    | Entered Level 2 of the Orcish Mines
 11332 | Orc:2    | Noticed an orc warlord
 11536 | Orc:2    | Offered knowledge of Bolt of Draining by Vehumet.
 11681 | Orc:2    | Reached skill level 10 in Conjurations
 11759 | Orc:2    | Reached skill level 1 in Fighting
 11926 | Orc:2    | Noticed an ogre mage
 11934 | Orc:2    | Found a staircase to the Elven Halls.
 12599 | Orc:2    | Killed an orc warlord
 12621 | Orc:2    | Offered knowledge of Bolt of Fire by Vehumet.
 12650 | Orc:1    | Learned a level 6 spell: Bolt of Fire
 12769 | Orc:2    | Reached XP level 14. HP: 81/81 MP: 29/29
 12793 | Orc:2    | Found Tiowiz's Jewellery Shoppe.
 13118 | Orc:2    | Found Kitonwoq's Magic Scroll Shoppe.
 13118 | Orc:2    | Found Togh's Antique Weapon Boutique.
 13119 | Orc:2    | Found Kipidoeck's Book Boutique.
 13119 | Orc:2    | Found Tiaxi's Distillery.
 13132 | Orc:2    | Bought a scroll of acquirement for 520 gold pieces
 13134 | Orc:2    | Bought a scroll of blinking for 75 gold pieces
 13134 | Orc:2    | Bought a scroll of teleportation for 30 gold pieces
 13134 | Orc:2    | Bought a scroll of teleportation for 30 gold pieces
 13136 | Orc:2    | Bought a potion of curing for 45 gold pieces
 13279 | Orc:1    | Found a roughly hewn altar of Beogh.
 13296 | Orc:1    | Noticed an orc warlord
 13542 | Orc:1    | Killed an orc warlord
 13773 | Lair:1   | Entered Level 1 of the Lair of Beasts
 14153 | Lair:2   | Learned a level 2 spell: Sublimation of Blood
 14279 | Lair:2   | Reached ****** piety under Vehumet
 14375 | Lair:3   | Found a dark tunnel.
 14382 | Lair:3   | Learned a level 5 spell: Bolt of Draining
 14389 | Volcano  | Entered a volcano
 14410 | Volcano  | Found a radiant altar of Vehumet.
 14413 | Volcano  | Noticed a red draconian
 14414 | Volcano  | Offered knowledge of Freezing Cloud by Vehumet.
 14448 | Volcano  | Killed a red draconian
 14736 | Lair:3   | Reached skill level 5 in Dodging
 14736 | Lair:3   | Reached XP level 15. HP: 59/91 MP: 15/31
 14819 | Lair:4   | Reached skill level 5 in Fighting
 14916 | Lair:5   | Noticed Urug
 14919 | Lair:5   | Killed Urug
 14940 | Lair:6   | Entered Level 6 of the Lair of Beasts
 14986 | Lair:5   | Gained mutation: You are weak. (Str -2) [potion of mutation]
 14986 | Lair:5   | Gained mutation: You are agile. (Dex +2) [potion of mutation]
 14986 | Lair:5   | Gained mutation: Your flesh is heat resistant. (rF+) [potion of mutation]
 14987 | Lair:5   | Lost mutation: You are agile. (Dex +2) [potion of mutation]
 14987 | Lair:5   | Lost mutation: Your flesh is heat resistant. (rF+) [potion of mutation]
 14987 | Lair:5   | Lost mutation: You are weak. (Str -2) [potion of mutation]
 14987 | Lair:5   | Gained mutation: You are agile. (Dex +2) [potion of mutation]
 14987 | Lair:5   | Gained mutation: Your flesh is cold resistant. (rC+) [potion of mutation]
 14987 | Lair:5   | Gained mutation: Your body sometimes deteriorates upon taking damage. [potion of mutation]
 14987 | Lair:5   | Gained mutation: You are partially covered in iridescent scales. (AC +2) [potion of mutation]
 15233 | Lair:5   | Offered knowledge of Orb of Destruction by Vehumet.
 15287 | Lair:5   | Learned a level 7 spell: Orb of Destruction
 15555 | Lair:4   | Reached XP level 16. HP: 98/98 MP: 29/32
 15697 | Lair:5   | Found a staircase to the Slime Pits.
 15793 | Lair:5   | Found the +4 arc blade {discharge, rElec}
 16036 | Lair:6   | Found a burning altar of Makhleb.
 16056 | Lair:6   | Offered knowledge of Spellforged Servitor by Vehumet.
 16532 | Lair:6   | Found a gateway to Hell.
 16540 | Lair:6   | Found the +27 Lear's hauberk
 16932 | Lair:6   | Learned a level 1 spell: Apportation
 17065 | Lair:6   | Offered knowledge of Lehudib's Crystal Spear by Vehumet.
 17065 | Lair:6   | Offered knowledge of Fire Storm by Vehumet.
 17065 | Lair:6   | Offered knowledge of Chain Lightning by Vehumet.
 17106 | Lair:6   | Learned a level 9 spell: Fire Storm
 17356 | Lair:3   | Found a staircase to the Shoals.
 17502 | Lair:3   | Found a staircase to the Snake Pit.
 17718 | Orc:2    | Bought a potion of curing for 45 gold pieces
 17718 | Orc:2    | Bought a potion of invisibility for 120 gold pieces
 17718 | Orc:2    | Bought a potion of agility for 60 gold pieces
 17718 | Orc:2    | Bought a potion of curing for 45 gold pieces
 17718 | Orc:2    | Bought a potion of agility for 60 gold pieces
 17718 | Orc:2    | Bought a potion of haste for 150 gold pieces
 17720 | Orc:2    | Bought a scroll of identify for 20 gold pieces
 17720 | Orc:2    | Bought a scroll of identify for 20 gold pieces
 17720 | Orc:2    | Bought a scroll of identify for 20 gold pieces
 17720 | Orc:2    | Bought a scroll of identify for 20 gold pieces
 17720 | Orc:2    | Bought 2 scrolls of fear for 70 gold pieces
 17749 | Elf:1    | Entered Level 1 of the Elven Halls
 17893 | Elf:1    | Found Xaimaf's Armour Emporium.
 17894 | Elf:1    | Found Dunidd's Assorted Antiques.
 17894 | Elf:1    | Found Kydyhyle's Antique Weapon Shoppe.
 18231 | Elf:3    | Entered Level 3 of the Elven Halls
 18355 | Elf:1    | Reached XP level 17. HP: 71/103 MP: 31/34
 18436 | Elf:1    | Found Kawann's Jewellery Shoppe.
 18444 | Elf:1    | Bought an uncursed ring of fire for 275 gold pieces
 18444 | Elf:1    | Bought an uncursed ring of protection from magic for 275 gold pieces
 18459 | Elf:1    | Bought a scroll of blinking for 232 gold pieces
 18999 | Elf:2    | Found a runed gate.
 18999 | Elf:2    | Found a runed gate.
 18999 | Elf:2    | Found a runed gate.
 19094 | Elf:3    | Noticed Roxanne
 19503 | Elf:3    | Noticed a deep elf blademaster
 19506 | Elf:3    | Reached skill level 15 in Conjurations
 19515 | Elf:3    | Killed a deep elf blademaster
 19524 | Elf:3    | Killed a ghostly deep elf blademaster
 19573 | Elf:3    | Noticed a deep elf master archer
 19579 | Elf:3    | Killed a deep elf master archer
 19678 | Elf:3    | Noticed a deep elf blademaster
 19689 | Elf:3    | Killed a deep elf blademaster
 19830 | Elf:3    | Noticed a deep elf master archer
 19920 | Elf:3    | Killed a deep elf master archer
 20008 | Elf:3    | Reached XP level 18. HP: 108/108 MP: 35/35
 20106 | Elf:3    | Got a vibrating graven amulet
 20115 | Elf:3    | Got a pitted mace {crush}
 20242 | Elf:3    | Got a smoking steel amulet
 20301 | Elf:3    | Identified the Tome of Shape Shifting
 20381 | Elf:1    | Identified the amulet of Rorul {Inacc Stlth+} (You found it on level 3 of the Elven Halls)
 20383 | Elf:1    | Identified the amulet "Refyoclu" {RegenMP rElec MR- Int-3 Dex+7} (You took it off a deep elf death mage on level 3 of the Elven Halls)
 20586 | Shoals:1 | Entered Level 1 of the Shoals
 20955 | Shoals:1 | Found Pianobro's Jewellery Emporium.
 21027 | Shoals:1 | Identified the +5 mace of Trial by Ordeal {crush, *Slow rPois rN+ Int+4} (You took it off a deep elf annihilator on level 3 of the Elven Halls)
 21275 | Shoals:1 | Found a runed door.
 21438 | Shoals:2 | Found Pick's Antique Weapon Boutique.
 21447 | Shoals:2 | Noticed Frances
 21695 | Shoals:2 | Killed Frances
 22512 | Shoals:4 | Entered Level 4 of the Shoals
 22512 | Shoals:4 | Noticed Kirke
 22529 | Shoals:3 | Noticed Mgcat's ghost (journeyman MiBe)
 22533 | Shoals:3 | Killed Mgcat's ghost
 22535 | Shoals:3 | rip bud
 22949 | Shoals:4 | Reached XP level 19. HP: 113/113 MP: 37/37
 23460 | Shoals:4 | Noticed Ilsuiw
 23474 | Shoals:4 | Killed Ilsuiw
 23761 | Shoals:4 | Identified the Disquisition on Moulding and Confrontation
 24047 | Shoals:4 | Got a barnacled rune of Zot
 24165 | Snake:1  | Entered Level 1 of the Snake Pit
 24598 | Snake:3  | Got a slimy shield
 24604 | Snake:3  | Identified the +0 shield of the Elven Halls {rN+ Dex+5} (You acquired it on level 3 of the Snake Pit)
 25008 | Snake:2  | Noticed Vashnia
 25040 | Snake:2  | Killed Vashnia
 25040 | Snake:2  | Reached skill level 15 in Spellcasting
 25372 | Snake:3  | Reached XP level 20. HP: 119/119 MP: 39/39
 25557 | Snake:4  | Entered Level 4 of the Snake Pit
 26303 | Snake:4  | Got a serpentine rune of Zot
 26593 | Lair:5   | Learned a level 8 spell: Controlled Blink
 26594 | Slime:1  | Entered Level 1 of the Pits of Slime
 26735 | Slime:4  | Noticed Dissolution
 26744 | Slime:4  | Killed Dissolution
 26744 | Slime:4  | Reached XP level 21. HP: 124/124 MP: 41/41
 26886 | Slime:5  | Entered Level 5 of the Pits of Slime
 26910 | Slime:5  | Noticed the Royal Jelly
 26916 | Slime:5  | Killed the Royal Jelly
 26916 | Slime:5  | Reached skill level 5 in Translocations
 27048 | Slime:5  | Got a slimy rune of Zot
 27518 | D:13     | Found a gate to the Vaults.
 27931 | D:15     | Found a staircase to the Depths.
 27957 | Depths:1 | Entered Level 1 of the Depths
 28130 | Depths:1 | Reached XP level 22. HP: 96/129 MP: 43/43
 28233 | Depths:1 | Reached skill level 10 in Translocations
 28641 | Depths:1 | Found a one-way gate to the infinite horrors of the Abyss.
 29269 | Depths:2 | Found a runed door.
 29273 | Depths:2 | Found a runed door.
 29274 | Depths:2 | Found a runed door.
 29284 | Depths:2 | Identified the Disquisition on Freezing Displacement
 29438 | Depths:3 | Reached XP level 23. HP: 125/135 MP: 45/45
 29645 | Depths:4 | Found Ywioxu's Book Boutique.
 29719 | Depths:3 | Paralysed by a floating eye for 4 turns
 29797 | Depths:3 | Found a one-way gate leading to the halls of Pandemonium.
 30040 | Depths:4 | Reached skill level 15 in Translocations
 30258 | Depths:4 | Bought a Necronomicon for 1876 gold pieces
 30280 | Depths:4 | Learned a level 8 spell: Necromutation
 30289 | Depths:4 | Learned a level 8 spell: Death's Door
 30393 | Depths:4 | Found the +8 glaive of the Guard {elec, +Rage AC+5 SInv}
 30411 | Depths:4 | Reached skill level 1 in Necromancy
 30411 | Depths:4 | Reached skill level 1 in Transmutations
 30563 | Depths:5 | Entered Level 5 of the Depths
 30563 | Depths:5 | Found a gateway to a ziggurat.
 30563 | Depths:5 | Noticed Jory
 30566 | Depths:5 | Killed Jory
 30656 | Depths:5 | Reached XP level 24. HP: 98/140 MP: 33/45
 30668 | Depths:5 | Noticed a juggernaut
 30673 | Depths:5 | Killed a juggernaut
 30823 | Depths:5 | Reached skill level 5 in Necromancy
 30823 | Depths:5 | Reached skill level 5 in Transmutations
 30832 | Depths:5 | Found a gate to the Realm of Zot.
 30909 | Depths:5 | Found a magical portal.
 30918 | WizLab   | Entered Cigotuvi's Fleshworks
 31369 | WizLab   | Got a flickering lapis lazuli ring
 31370 | WizLab   | Identified the ring "Aruis" {*Tele rF+ SInv} (You found it in a wizard's laboratory)
 31626 | WizLab   | Identified the Catalogue of Transformation
 31629 | WizLab   | Identified the Almanac of Moulding
 31714 | Depths:5 | Lost mutation: Your body sometimes deteriorates upon taking damage. [potion of mutation]
 31714 | Depths:5 | Lost mutation: You are agile. (Dex +2) [potion of mutation]
 31714 | Depths:5 | Gained mutation: Your mind is acute. (Int +2) [potion of mutation]
 31714 | Depths:5 | Gained mutation: You expend magic power (3 MP) to strengthen your wands. [potion of mutation]
 31844 | Depths:5 | Found Toicufeech's Distillery.
 31946 | Zig:1    | Entered Level 1 of a ziggurat
 31965 | Zig:2    | Entered Level 2 of a ziggurat
 31987 | Zig:3    | Entered Level 3 of a ziggurat
 32020 | Zig:4    | Entered Level 4 of a ziggurat
 32040 | Zig:5    | Entered Level 5 of a ziggurat
 32044 | Zig:5    | Noticed a Killer Klown
 32045 | Zig:5    | Noticed a Killer Klown
 32045 | Zig:5    | Noticed a Killer Klown
 32049 | Zig:5    | Killed a Killer Klown
 32049 | Zig:5    | Killed a Killer Klown
 32050 | Zig:5    | Killed a Killer Klown
 32077 | Zig:5    | Reached skill level 5 in Invocations
 32077 | Zig:5    | Reached XP level 25. HP: 137/137 MP: 46/46
 32084 | Zig:6    | Entered Level 6 of a ziggurat
 32120 | Zig:6    | Identified the ring of the Three Tales {-Tele rF++ rN+ Dex+4} (You found it on level 6 of a ziggurat)
 32126 | Zig:7    | Entered Level 7 of a ziggurat
 32164 | Zig:8    | Entered Level 8 of a ziggurat
 32176 | Zig:8    | Found the +8 Wrath of Trog {antimagic, *Rage}
 32200 | Zig:9    | Entered Level 9 of a ziggurat
 32250 | Zig:9    | Reached XP level 26. HP: 144/144 MP: 46/46
 32252 | Zig:10   | Entered Level 10 of a ziggurat
 32261 | Zig:10   | Reached XP level 27. HP: 75/148 MP: 46/46
 32340 | Zig:11   | Entered Level 11 of a ziggurat
 32352 | Zig:11   | Noticed a juggernaut
 32357 | Zig:11   | Killed a juggernaut
 32357 | Zig:11   | Reached skill level 10 in Necromancy
 32357 | Zig:11   | Reached skill level 10 in Transmutations
 32362 | Zig:11   | Found the +12 glaive of Prune {chop}
 32372 | Zig:11   | Identified the amulet of Xom's Reproof {Faith Dex+3} (You found it on level 11 of a ziggurat)
 32384 | Zig:12   | Entered Level 12 of a ziggurat
 32392 | Zig:12   | Noticed a greater mummy
 32393 | Zig:12   | Noticed a greater mummy
 32393 | Zig:12   | Noticed a greater mummy
 32394 | Zig:12   | Killed a greater mummy
 32394 | Zig:12   | Killed a greater mummy
 32395 | Zig:12   | Killed a greater mummy
 32417 | Zig:12   | Found the +3 hat of Pondering {ponderous, MR+ MP+10 Int+5}
 32419 | Zig:12   | Found the +8 mithril axe "Arga" {speed, MR+}
 32424 | Zig:12   | Got a heavily runed tin amulet
 32455 | Zig:12   | Identified the amulet of Qianecor {Gourm rElec Dex+2} (You found it on level 12 of a ziggurat)
 32461 | Zig:12   | Learned a level 3 spell: Regeneration
 32471 | Zig:12   | Learned a level 9 spell: Glaciate
 32472 | Zig:13   | Entered Level 13 of a ziggurat
 32499 | Zig:13   | Found the ring of the Mage {Wiz MR++ Int+3}
 32525 | Zig:13   | Identified the Tome of Captivating Darkness
 32556 | Zig:14   | Entered Level 14 of a ziggurat
 32605 | Zig:15   | Entered Level 15 of a ziggurat
 32656 | Zig:15   | Identified Sif Muna's Guide on Companions
 32659 | Zig:15   | Identified the cursed +0 buckler of Repulsion {rF- rC+ rN+ MR++} (You found it on level 15 of a ziggurat)
 32684 | Zig:16   | Entered Level 16 of a ziggurat
 32767 | Zig:17   | Entered Level 17 of a ziggurat
 32777 | Zig:17   | Reached skill level 1 in Charms
 32840 | Zig:18   | Entered Level 18 of a ziggurat
 32846 | Zig:18   | Noticed a juggernaut
 32848 | Zig:18   | Killed a juggernaut
 32848 | Zig:18   | Reached skill level 1 in Ice Magic
 32848 | Zig:18   | Noticed a juggernaut
 32850 | Zig:18   | Noticed a juggernaut
 32851 | Zig:18   | Noticed a juggernaut
 32851 | Zig:18   | Killed a juggernaut
 32851 | Zig:18   | Reached skill level 5 in Charms
 32853 | Zig:18   | Killed a juggernaut
 32853 | Zig:18   | Killed a juggernaut
 32855 | Zig:18   | Noticed a juggernaut
 32860 | Zig:18   | Killed a juggernaut
 32863 | Zig:18   | Noticed a juggernaut
 32864 | Zig:18   | Killed a juggernaut
 32876 | Zig:18   | Found the +3 crown of Dyrovepreva {rElec Int+2 SInv}
 32903 | Zig:18   | Identified the +0 hat "Nutuiled" {rN+++ Regen+ Str+4 Dex-4} (You acquired it on level 18 of a ziggurat)
 32912 | Zig:19   | Entered Level 19 of a ziggurat
 32924 | Zig:19   | Reached skill level 5 in Ice Magic
 32979 | Zig:19   | Found the +10 zealot's sword {holy, *Rage rN+ EV+3}
 32980 | Zig:19   | Found the ring of Robustness {AC+8}
 33013 | Zig:20   | Entered Level 20 of a ziggurat
 33028 | Zig:20   | Reached skill level 15 in Necromancy
 33053 | Zig:20   | Found the +2 ratskin cloak {+Rats rPois rN+ Str-1 Int-1 Dex+1}
 33076 | Zig:20   | Identified Luogoppede's Reference Book on Venomous Evil Magic
 33079 | Zig:20   | Identified the +0 hat of Conscience {rElec rC+ Dex-2} (You found it on level 20 of a ziggurat)
 33086 | Zig:20   | Identified Romoakk's Disquisition on the Volcanoes and Translocation
 33089 | Zig:20   | Identified the Almanac of Shape Shifting
 33095 | Zig:21   | Entered Level 21 of a ziggurat
 33101 | Zig:21   | Noticed Faru the pandemonium lord
 33101 | Zig:21   | Noticed Biaruej the pandemonium lord
 33101 | Zig:21   | Noticed Zucaoq the pandemonium lord
 33105 | Zig:21   | Killed Biaruej the pandemonium lord
 33107 | Zig:21   | Killed Faru the pandemonium lord
 33115 | Zig:21   | Killed Zucaoq the pandemonium lord
 33115 | Zig:21   | Reached skill level 10 in Charms
 33121 | Zig:21   | Noticed Myidipna the pandemonium lord
 33123 | Zig:21   | Noticed Rufuli the pandemonium lord
 33126 | Zig:21   | Killed Myidipna the pandemonium lord
 33127 | Zig:21   | Killed Tapurrat the pandemonium lord
 33128 | Zig:21   | Killed Rufuli the pandemonium lord
 33128 | Zig:21   | Reached skill level 10 in Ice Magic
 33130 | Zig:21   | Noticed Afiqenoh the pandemonium lord
 33131 | Zig:21   | Noticed Ticlimunn the pandemonium lord
 33133 | Zig:21   | Killed Afiqenoh the pandemonium lord
 33134 | Zig:21   | Killed Ticlimunn the pandemonium lord
 33136 | Zig:21   | Noticed Plog the pandemonium lord
 33137 | Zig:21   | Killed Plog the pandemonium lord
 33138 | Zig:21   | Killed Reshruty the pandemonium lord
 33140 | Zig:21   | Noticed Ihemaw the pandemonium lord
 33140 | Zig:21   | Noticed Tiux the pandemonium lord
 33140 | Zig:21   | Noticed Fouh the pandemonium lord
 33143 | Zig:21   | Killed Tiux the pandemonium lord
 33143 | Zig:21   | Killed Fouh the pandemonium lord
 33144 | Zig:21   | Killed Ihemaw the pandemonium lord
 33146 | Zig:21   | Noticed Biuhidgh the pandemonium lord
 33152 | Zig:21   | Killed Biuhidgh the pandemonium lord
 33177 | Zig:21   | Identified the ring of the Messenger {rF+ rC+ EV+3 Str+4} (You found it on level 21 of a ziggurat)
 33201 | Zig:21   | Identified the amulet "Saygu" {RegenMP *Contam +Fly Int+8 Dex-2} (You found it on level 21 of a ziggurat)
 33275 | Zig:22   | Entered Level 22 of a ziggurat
 33333 | Zig:22   | Identified Sif Muna's Volume of Good Luck
 33363 | Zig:23   | Entered Level 23 of a ziggurat
 33467 | Zig:23   | Learned a level 9 spell: Shatter
 33468 | Zig:24   | Entered Level 24 of a ziggurat
 33482 | Zig:24   | Reached skill level 1 in Earth Magic
 33482 | Zig:24   | Noticed a greater mummy
 33484 | Zig:24   | Killed a greater mummy
 33486 | Zig:24   | Noticed a greater mummy
 33487 | Zig:24   | Noticed a greater mummy
 33488 | Zig:24   | Killed a greater mummy
 33488 | Zig:24   | Killed a greater mummy
 33490 | Zig:24   | Noticed a greater mummy
 33491 | Zig:24   | Noticed a greater mummy
 33492 | Zig:24   | Killed a greater mummy
 33492 | Zig:24   | Reached skill level 5 in Earth Magic
 33492 | Zig:24   | Noticed a greater mummy
 33498 | Zig:24   | Killed a greater mummy
 33499 | Zig:24   | Killed a greater mummy
 33499 | Zig:24   | Killed a greater mummy
 33500 | Zig:24   | Noticed a greater mummy
 33502 | Zig:24   | Noticed a greater mummy
 33503 | Zig:24   | Killed a greater mummy
 33504 | Zig:24   | Noticed a greater mummy
 33505 | Zig:24   | Killed a greater mummy
 33505 | Zig:24   | Killed a greater mummy
 33505 | Zig:24   | Killed a greater mummy
 33508 | Zig:24   | Noticed a greater mummy
 33509 | Zig:24   | Noticed a greater mummy
 33509 | Zig:24   | Noticed a greater mummy
 33510 | Zig:24   | Killed a greater mummy
 33511 | Zig:24   | Killed a greater mummy
 33511 | Zig:24   | Killed a greater mummy
 33555 | Zig:24   | Identified the ring "Naigeyby" {Fire *Contam rN++ Str+8 Stlth-} (You found it on level 24 of a ziggurat)
 33560 | Zig:24   | Reached skill level 15 in Invocations
 33563 | Zig:25   | Entered Level 25 of a ziggurat
 33574 | Zig:25   | Reached skill level 10 in Earth Magic
 33620 | Zig:25   | Found the +5 scythe "Finisher" {speed, Str+3}
 33647 | Zig:25   | Identified the Grimoire of Earthen Ice
 33671 | Zig:25   | Identified the cursed +3 broad axe "Celuol" {flame, +Inv +Fly MR++ Int-4} (You found it on level 25 of a ziggurat)
 33679 | Zig:26   | Entered Level 26 of a ziggurat
 33735 | Zig:26   | Found the amulet of the Air {Inacc +Fly rElec EV+5 RMsl}
 33736 | Zig:26   | Found the +9 staff of Olgreb {rPois}
 33741 | Zig:26   | Identified the +2 buckler of Resilience {Str+4 Dex+7} (You found it on level 26 of a ziggurat)
 33777 | Zig:26   | Identified Sif Muna's Catalogue of Lucky Unholy Secrets
 33790 | Zig:27   | Entered Level 27 of a ziggurat
 33799 | Zig:27   | Reached skill level 1 in Shields
 33818 | Zig:27   | Noticed Luxzykh the pandemonium lord
 33819 | Zig:27   | Reached skill level 15 in Earth Magic
 33820 | Zig:27   | Killed Luxzykh the pandemonium lord
 33859 | Zig:27   | Identified the ring of Tyfigoeq {Wiz -Tele rElec rC++ Str+3} (You found it on level 27 of a ziggurat)
 33872 | Zig:27   | Identified the ring "Deudiu" {rPois rN+++ MR- Stlth+} (You found it on level 27 of a ziggurat)
 33878 | Zig:27   | Identified Elyac's Thorough Guide to Spellweaving
 33906 | Zig:1    | Entered Level 1 of a ziggurat
 33922 | Zig:2    | Entered Level 2 of a ziggurat
 33944 | Zig:3    | Entered Level 3 of a ziggurat
 33957 | Zig:3    | Identified the Guide on Bewitching Transmigration
 33965 | Zig:4    | Entered Level 4 of a ziggurat
 33971 | Zig:4    | Found the +4 mace of Variability {chaos}
 33987 | Zig:5    | Entered Level 5 of a ziggurat
 34014 | Zig:6    | Entered Level 6 of a ziggurat
 34039 | Zig:7    | Entered Level 7 of a ziggurat
 34072 | Zig:8    | Entered Level 8 of a ziggurat
 34080 | Zig:8    | Reached skill level 5 in Shields
 34115 | Zig:9    | Entered Level 9 of a ziggurat
 34121 | Zig:9    | Noticed a greater mummy
 34125 | Zig:9    | Noticed a greater mummy
 34126 | Zig:9    | Noticed a greater mummy
 34128 | Zig:9    | Killed a greater mummy
 34129 | Zig:9    | Killed a greater mummy
 34129 | Zig:9    | Killed a greater mummy
 34149 | Zig:10   | Entered Level 10 of a ziggurat
 34179 | Zig:10   | Identified Casoiroch's Grimoire of Dislocation
 34186 | Zig:10   | Got a shimmering granite ring
 34192 | Zig:10   | Identified the ring of Setz {rPois EV+6 Str+4 Int+3} (You found it on level 10 of a ziggurat)
 34197 | Zig:11   | Entered Level 11 of a ziggurat
 34244 | Zig:11   | Found the +2 shield of Resistance {rF+ rC+ MR+}
 34272 | Zig:12   | Entered Level 12 of a ziggurat
 34295 | Zig:12   | Noticed Guyron the pandemonium lord
 34296 | Zig:12   | Killed Guyron the pandemonium lord
 34297 | Zig:12   | Reached skill level 10 in Fighting
 34327 | Zig:13   | Entered Level 13 of a ziggurat
 34333 | Zig:13   | Noticed an ancient lich
 34336 | Zig:13   | Killed an ancient lich
 34338 | Zig:13   | Reached skill level 10 in Shields
 34370 | Zig:14   | Entered Level 14 of a ziggurat
 34385 | Zig:14   | Noticed Iwnonona the pandemonium lord
 34388 | Zig:14   | Noticed Gubonn the pandemonium lord
 34389 | Zig:14   | Noticed Ysusurr the pandemonium lord
 34389 | Zig:14   | Noticed Qoub the pandemonium lord
 34389 | Zig:14   | Noticed Gimmoaf the pandemonium lord
 34391 | Zig:14   | Noticed Xievy the pandemonium lord
 34392 | Zig:14   | Killed Gubonn the pandemonium lord
 34397 | Zig:14   | Killed Qoub the pandemonium lord
 34397 | Zig:14   | Killed Ysusurr the pandemonium lord
 34398 | Zig:14   | Killed Xievy the pandemonium lord
 34402 | Zig:14   | Killed Gimmoaf the pandemonium lord
 34404 | Zig:14   | Noticed Pelachen the pandemonium lord
 34406 | Zig:14   | Killed Iwnonona the pandemonium lord
 34406 | Zig:14   | Killed Pelachen the pandemonium lord
 34407 | Zig:14   | Noticed Ceijaz the pandemonium lord
 34410 | Zig:14   | Killed Ceijaz the pandemonium lord
 34428 | Zig:14   | Got a smoking bronze ring
 34434 | Zig:14   | Identified the ring "Biru" {rF- Dex+4 Stlth-} (You found it on level 14 of a ziggurat)
 34437 | Zig:14   | Identified the +5 shield "Viah" {rElec} (You acquired it on level 14 of a ziggurat)
 34478 | Zig:15   | Entered Level 15 of a ziggurat
 34517 | Zig:15   | Got a twitching platinum amulet
 34519 | Zig:15   | Identified the amulet "Deixtyc" {Reflect rPois rF- Dex+8 SH+2 SInv Stlth-} (You found it on level 15 of a ziggurat)
 34543 | Zig:16   | Entered Level 16 of a ziggurat
 34578 | Zig:16   | Found the +5 robe of Night {Dark MR+ SInv}
 34578 | Zig:16   | Found the +10 Black Knight's horse barding {ponderous, rPois rN+}
 34578 | Zig:16   | Found the +6 arbalest "Damnation" {damnation}
 34597 | Zig:16   | Identified the Catalogue of Destructive Evil
 34603 | Zig:17   | Entered Level 17 of a ziggurat
 34656 | Zig:17   | Identified the ring "Fiskuzeo" {rPois rC++ MR+ Str+4 Int-5} (You found it on level 17 of a ziggurat)
 34660 | Zig:17   | Identified Tulogeal's Guide on Evil Magic and Dislocation
 34671 | Zig:18   | Entered Level 18 of a ziggurat
 34693 | Zig:18   | Sapher: shift+1 works the same as deselecting all skills and selecting invo only
 34733 | Zig:18   | Got a clouded brass ring
 34754 | Zig:18   | Identified the ring of Agor {rElec rF+ MP-9 Int+2} (You found it on level 18 of a ziggurat)
 34757 | Zig:19   | Entered Level 19 of a ziggurat
 34769 | Zig:19   | Reached skill level 15 in Fighting
 34775 | Zig:19   | Reached skill level 15 in Shields
 34825 | Zig:20   | Entered Level 20 of a ziggurat
 34878 | Zig:20   | Found the +7 Kryia's mail coat {PotionHeal*2 rC+}
 34909 | Zig:21   | Entered Level 21 of a ziggurat
 34966 | Zig:21   | Found the +9 staff of Wucad Mu {channel}
 34991 | Zig:21   | Identified the cursed ring of Fun {+Fly rF- Dex-5 Slay+3} (You found it on level 21 of a ziggurat)
 34994 | Zig:21   | Identified the ring "Ponahaop" {+Inv rC+ Stlth+} (You found it on level 21 of a ziggurat)
 35004 | Zig:22   | Entered Level 22 of a ziggurat
 35022 | Zig:22   | Reached skill level 10 in Dodging
 35030 | Zig:22   | Noticed an ancient lich
 35031 | Zig:22   | Killed an ancient lich
 35031 | Zig:22   | Noticed an ancient lich
 35033 | Zig:22   | Killed an ancient lich
 35034 | Zig:22   | Noticed an ancient lich
 35036 | Zig:22   | Killed an ancient lich
 35052 | Zig:22   | Found the +10 morningstar "Eos" {elec, Halo rElec}
 35060 | Zig:22   | Identified the ring "Ujyney" {Int+10 Dex+5 Stlth+} (You found it on level 22 of a ziggurat)
 35061 | Zig:22   | first
 35068 | Zig:22   | Identified the ring "Amasy" {rF+ rN+++ Dex-5 Stlth+} (You found it on level 22 of a ziggurat)
 35071 | Zig:22   | Identified the cursed ring "Ylikhluhe" {-Tele rPois rN+ Int-2} (You found it on level 22 of a ziggurat)
 35093 | Zig:23   | Entered Level 23 of a ziggurat
 35139 | Zig:23   | Found the amulet of the Four Winds {rN+ MR+++ Clar}
 35146 | Zig:23   | Identified the ring of Opsak {+Fly rPois MR+} (You found it on level 23 of a ziggurat)
 35175 | Zig:24   | Entered Level 24 of a ziggurat
 35202 | Zig:24   | Reached skill level 15 in Dodging
 35245 | Zig:24   | Learned a level 9 spell: Tornado
 35246 | Zig:24   | Found the +15 Maxwell's patent armour {-Cast -Tele rElec MR+ rCorr}
 35283 | Zig:24   | Identified the ring "Welisuyg" {rElec rPois AC+2 Int-3 Dex+3} (You found it on level 24 of a ziggurat)
 35294 | Zig:25   | Entered Level 25 of a ziggurat
 35358 | Zig:25   | Found the +0 Maxwell's etheric cage {RegenMP+ *Contam rElec MP+4}
 35361 | Zig:25   | Found the +5 demon whip "Spellbinder" {antimagic, MR+}
 35392 | Zig:25   | Identified the cursed +0 buckler of the Distant Future {rF+ Dex+4} (You found it on level 25 of a ziggurat)
 35399 | Zig:26   | Entered Level 26 of a ziggurat
 35419 | Zig:26   | Noticed Lamat the pandemonium lord
 35420 | Zig:26   | :O
 35421 | Zig:26   | Killed Lamat the pandemonium lord
 35421 | Zig:26   | Noticed Meorag the pandemonium lord
 35423 | Zig:26   | Noticed Enipt the pandemonium lord
 35424 | Zig:26   | Killed Meorag the pandemonium lord
 35424 | Zig:26   | Noticed Xoriuri the pandemonium lord
 35425 | Zig:26   | Killed Enipt the pandemonium lord
 35426 | Zig:26   | Killed Xoriuri the pandemonium lord
 35426 | Zig:26   | Noticed Geugumu the pandemonium lord
 35427 | Zig:26   | Noticed Arapit the pandemonium lord
 35428 | Zig:26   | Noticed Tiziojuu the pandemonium lord
 35428 | Zig:26   | Noticed Qustric the pandemonium lord
 35428 | Zig:26   | Noticed Xenkullei the pandemonium lord
 35430 | Zig:26   | Noticed Sesm the pandemonium lord
 35431 | Zig:26   | Noticed Myleac the pandemonium lord
 35446 | Zig:26   | Killed Geugumu the pandemonium lord
 35448 | Zig:26   | Killed Qustric the pandemonium lord
 35448 | Zig:26   | Killed Xenkullei the pandemonium lord
 35451 | Zig:26   | Killed Sesm the pandemonium lord
 35456 | Zig:26   | Killed Arapit the pandemonium lord
 35465 | Zig:26   | Killed Tiziojuu the pandemonium lord
 35465 | Zig:26   | Killed Myleac the pandemonium lord
 35467 | Zig:26   | Noticed Sucsoid the pandemonium lord
 35468 | Zig:26   | Noticed Jugicw the pandemonium lord
 35469 | Zig:26   | Killed Jugicw the pandemonium lord
 35472 | Zig:26   | Noticed Pixae the pandemonium lord
 35472 | Zig:26   | Killed Sucsoid the pandemonium lord
 35473 | Zig:26   | Noticed Lixudog the pandemonium lord
 35474 | Zig:26   | Noticed Woqyg the pandemonium lord
 35475 | Zig:26   | Noticed Unuiwk the pandemonium lord
 35477 | Zig:26   | Noticed Orchatasa the pandemonium lord
 35478 | Zig:26   | Killed Lixudog the pandemonium lord
 35482 | Zig:26   | Killed Pixae the pandemonium lord
 35487 | Zig:26   | Noticed Itux the pandemonium lord
 35487 | Zig:26   | Noticed Eleru the pandemonium lord
 35488 | Zig:26   | Noticed Wireaf the pandemonium lord
 35488 | Zig:26   | Noticed Ewaqag the pandemonium lord
 35488 | Zig:26   | Killed Woqyg the pandemonium lord
 35488 | Zig:26   | Noticed Xereis the pandemonium lord
 35488 | Zig:26   | Noticed Ebriptirin the pandemonium lord
 35488 | Zig:26   | Noticed Emaumun the pandemonium lord
 35488 | Zig:26   | Noticed Hiogi the pandemonium lord
 35489 | Zig:26   | Noticed Keloq the pandemonium lord
 35504 | Zig:27   | Entered Level 27 of a ziggurat
 35537 | Zig:27   | Reached skill level 1 in Evocations
 35543 | Zig:27   | Reached skill level 5 in Evocations
 35563 | Zig:27   | Reached skill level 10 in Evocations
 35594 | Zig:27   | Identified the Catalogue of Helpful Dislocation
 35603 | Zig:27   | Identified the ring of Fata {rElec EV+6} (You found it on level 27 of a ziggurat)
 35609 | Zig:27   | Identified the ring "Woecod" {rC+ Str+4} (You found it on level 27 of a ziggurat)
 35619 | Zig:1    | Entered Level 1 of a ziggurat
 35636 | Zig:2    | Entered Level 2 of a ziggurat
 35656 | Zig:3    | Entered Level 3 of a ziggurat
 35675 | Zig:4    | Entered Level 4 of a ziggurat
 35710 | Zig:5    | Entered Level 5 of a ziggurat
 35744 | Zig:6    | Entered Level 6 of a ziggurat
 35808 | Zig:7    | Entered Level 7 of a ziggurat
 35812 | Zig:7    | Noticed a greater mummy
 35816 | Zig:7    | Noticed a greater mummy
 35818 | Zig:7    | Killed a greater mummy
 35819 | Zig:7    | Killed a greater mummy
 35850 | Zig:8    | Entered Level 8 of a ziggurat
 35862 | Zig:8    | Reached skill level 15 in Evocations
 35890 | Zig:9    | Entered Level 9 of a ziggurat
 35898 | Zig:9    | Noticed Soqupiz the pandemonium lord
 35902 | Zig:9    | Killed Soqupiz the pandemonium lord
 35905 | Zig:9    | Noticed Weczaaj the pandemonium lord
 35906 | Zig:9    | Killed Weczaaj the pandemonium lord
 35913 | Zig:9    | Identified the Papyrus of Lucky Heat
 35929 | Zig:10   | Entered Level 10 of a ziggurat
 35962 | Zig:10   | Found the +7 sceptre of Torment
 35968 | Zig:10   | Identified the ring of Tizibat {rPois Str+2} (You found it on level 10 of a ziggurat)
 35972 | Zig:10   | Identified the ring "Eruo" {Wiz rElec rF+ rN+ Str-4 Int+4 Stlth+} (You found it on level 10 of a ziggurat)
 35987 | Zig:11   | Entered Level 11 of a ziggurat
 36026 | Zig:11   | Identified the +2 hat of the Trilobite {Regen+} (You acquired it on level 11 of a ziggurat)
 36043 | Zig:12   | Entered Level 12 of a ziggurat
 36082 | Zig:12   | Identified the +9 eveningstar of Chagrin {protect, rPois rF+ MR+ Stlth+} (You found it on level 12 of a ziggurat)
 36095 | Zig:13   | Entered Level 13 of a ziggurat
 36149 | Zig:14   | Entered Level 14 of a ziggurat
 36180 | Zig:14   | Found the +3 sling "Punk" {acid, rCorr}
 36194 | Zig:15   | Entered Level 15 of a ziggurat
 36264 | Zig:16   | Entered Level 16 of a ziggurat
 36311 | Zig:16   | Identified the Compendium of Intoxication
 36324 | Zig:17   | Entered Level 17 of a ziggurat
 36421 | Zig:18   | Entered Level 18 of a ziggurat
 36437 | Zig:18   | Noticed Zuask the pandemonium lord
 36437 | Zig:18   | Noticed Wuenneumpi the pandemonium lord
 36439 | Zig:18   | Noticed Bothusiwn the pandemonium lord
 36441 | Zig:18   | Killed Zuask the pandemonium lord
 36442 | Zig:18   | Killed Bothusiwn the pandemonium lord
 36442 | Zig:18   | Noticed Ixtaec the pandemonium lord
 36443 | Zig:18   | Killed Ixtaec the pandemonium lord
 36444 | Zig:18   | Killed Wuenneumpi the pandemonium lord
 36444 | Zig:18   | Killed Loryhoel the pandemonium lord
 36445 | Zig:18   | Killed Widoliotus the pandemonium lord
 36447 | Zig:18   | Killed Jukloklam the pandemonium lord
 36451 | Zig:18   | Noticed Iqung the pandemonium lord
 36453 | Zig:18   | Killed Iqung the pandemonium lord
 36455 | Zig:18   | Noticed Jawno the pandemonium lord
 36456 | Zig:18   | Killed Micvecvu the pandemonium lord
 36457 | Zig:18   | Killed Yggez the pandemonium lord
 36458 | Zig:18   | Killed Xeyvug the pandemonium lord
 36460 | Zig:18   | Killed Jawno the pandemonium lord
 36465 | Zig:18   | Killed Qaghib the pandemonium lord
 36467 | Zig:18   | Killed Laidda the pandemonium lord
 36473 | Zig:18   | Noticed Fykh the pandemonium lord
 36475 | Zig:18   | Killed Fykh the pandemonium lord
 36506 | Zig:18   | Got a scorched lead ring
 36507 | Zig:18   | Identified the ring of Ticzoyc {rElec rN++ MR+ Dex+2 Slay-3} (You found it on level 18 of a ziggurat)
 36513 | Zig:19   | Entered Level 19 of a ziggurat
 36542 | Zig:19   | Reached skill level 5 in Stealth
 36555 | Zig:19   | Reached skill level 10 in Stealth
 36593 | Zig:20   | Entered Level 20 of a ziggurat
 36657 | Zig:20   | Found the +3 giant club "Skullcrusher" {speed, Str+7}
 36664 | Zig:20   | Identified the ring "Fustragia" {+Blink Int+3 Dex+3} (You found it on level 20 of a ziggurat)
 36671 | Zig:20   | Identified the amulet "Saxiwaba" {Faith Dex+3} (You found it on level 20 of a ziggurat)
 36689 | Zig:21   | Entered Level 21 of a ziggurat
 36720 | Zig:21   | Reached skill level 15 in Stealth
 36784 | Zig:22   | Entered Level 22 of a ziggurat
 36814 | Zig:22   | Noticed Aceteaw the pandemonium lord
 36817 | Zig:22   | Killed Aceteaw the pandemonium lord
 36844 | Zig:22   | Found the +4 skin of Zhor {rC+++}
 36864 | Zig:22   | Identified the ring "Diorghem" {rCorr Dex+5} (You found it on level 22 of a ziggurat)
 36875 | Zig:22   | Identified the ring "Pypi" {+Fly rF+ Int-2 Slay+2} (You found it on level 22 of a ziggurat)
 36887 | Zig:23   | Entered Level 23 of a ziggurat
 36905 | Zig:23   | Reached skill level 27 in Invocations
 36948 | Zig:23   | Found the +0 pair of fencer's gloves {+Riposte Dex+3}
 36948 | Zig:23   | Found the +0 sword of Power
 36969 | Zig:23   | Identified the ring of Balance {+Inv rC+ rN+ Int-5} (You found it on level 23 of a ziggurat)
 36974 | Zig:24   | Entered Level 24 of a ziggurat
 36995 | Zig:24   | Noticed an ancient lich
 36997 | Zig:24   | Killed an ancient lich
 37011 | Zig:24   | Reached skill level 27 in Evocations
 37019 | Zig:24   | Reached skill level 27 in Fighting
 37029 | Zig:24   | Found the +8 autumn katana {slice, Clar}
 37031 | Zig:24   | Found the brooch of Shielding {Reflect SH+8}
 37047 | Zig:24   | Identified the ring "Daur Reo" {rF- rC+ Dex+3 Slay+2} (You found it on level 24 of a ziggurat)
 37054 | Zig:24   | Reached skill level 27 in Dodging
 37054 | Zig:24   | Reached skill level 27 in Spellcasting
 37058 | Zig:24   | Identified the cursed ring of Yddyts {Str-2 Int+4} (You found it on level 24 of a ziggurat)
 37060 | Zig:25   | Entered Level 25 of a ziggurat
 37078 | Zig:25   | Noticed 4thArraOfDagon's ghost (legendary OpWz)
 37082 | Zig:25   | Killed 4thArraOfDagon's ghost
 37083 | Zig:25   | rip bud
 37111 | Zig:25   | magipi: Zig 25, wtf
 37111 | Zig:25   | magipi: nice
 37131 | Zig:25   | Found the +2 robe of Vines {NoPotionHeal Regen+7}
 37161 | Zig:25   | Identified the Guide on Earth and the Snowflakes
 37169 | Zig:26   | Entered Level 26 of a ziggurat
 37197 | Zig:26   | Noticed an ancient lich
 37199 | Zig:26   | Killed an ancient lich
 37205 | Zig:26   | Noticed an ancient lich
 37208 | Zig:26   | Killed an ancient lich
 37209 | Zig:26   | Noticed an ancient lich
 37210 | Zig:26   | Killed an ancient lich
 37246 | Zig:26   | Identified the amulet of the Villain {Gourm rElec rPois rN+ Stlth-} (You found it on level 26 of a ziggurat)
 37257 | Zig:26   | Identified Pil Goar's Compendium of Bewitchment and the Frostbite
 37266 | Zig:27   | Entered Level 27 of a ziggurat
 37293 | Zig:27   | Reached skill level 27 in Stealth
 37354 | Zig:27   | Identified the ring "Soomaw" {MP+9 Int+6} (You found it on level 27 of a ziggurat)
 37364 | Zig:27   | Identified the Guide on Ensnaring Sinister Rituals
 37391 | Depths:5 | 4thArraOfDagon: wut
 37391 | Depths:5 | 4thArraOfDagon: there is no warning
 37391 | Depths:5 | 4thArraOfDagon: I lost my zigurine
 37706 | Vaults:1 | Entered Level 1 of the Vaults
 37831 | Vaults:1 | Found Gifor's Book Shop.
 37953 | Vaults:2 | Found a staircase to the Crypt.
 37958 | Crypt:1  | Entered Level 1 of the Crypt
 38047 | Crypt:3  | Entered Level 3 of the Crypt
 38054 | Crypt:3  | Noticed Sojobo
 38056 | Crypt:3  | Killed Sojobo
 38084 | Crypt:3  | Found a staircase to the Tomb.
 38095 | Tomb:1   | Entered Level 1 of the Tomb of the Ancients
 38099 | Tomb:1   | Found the +0 mask of the Dragon {MR+ Slay+3 SInv}
 38114 | Tomb:1   | Noticed Khufu
 38116 | Tomb:1   | Noticed a greater mummy
 38117 | Tomb:1   | Noticed a greater mummy
 38117 | Tomb:1   | Noticed a greater mummy
 38118 | Tomb:1   | Killed a greater mummy
 38121 | Tomb:1   | Killed Khufu
 38121 | Tomb:1   | Killed a greater mummy
 38121 | Tomb:1   | Noticed a greater mummy
 38122 | Tomb:1   | Noticed a greater mummy
 38123 | Tomb:1   | Killed a greater mummy
 38123 | Tomb:1   | Noticed a greater mummy
 38125 | Tomb:1   | Killed a greater mummy
 38126 | Tomb:1   | Killed a greater mummy
 38126 | Tomb:1   | Noticed a greater mummy
 38127 | Tomb:1   | Noticed a greater mummy
 38128 | Tomb:1   | Killed a greater mummy
 38130 | Tomb:1   | Killed a greater mummy
 38131 | Tomb:1   | Killed a greater mummy
 38133 | Tomb:1   | Noticed a greater mummy
 38142 | Tomb:1   | Killed a greater mummy
 38155 | Tomb:1   | Noticed a greater mummy
 38155 | Tomb:1   | Noticed a greater mummy
 38158 | Tomb:1   | Noticed a greater mummy
 38159 | Tomb:1   | Killed a greater mummy
 38164 | Tomb:1   | Noticed a greater mummy
 38272 | Tomb:1   | Noticed a greater mummy
 38273 | Tomb:1   | Killed a greater mummy
 38273 | Tomb:1   | Reached skill level 27 in Shields
 38274 | Tomb:1   | Killed a greater mummy
 38274 | Tomb:1   | Noticed a greater mummy
 38275 | Tomb:1   | Noticed a greater mummy
 38275 | Tomb:1   | Noticed a greater mummy
 38275 | Tomb:1   | Noticed a greater mummy
 38279 | Tomb:1   | Killed a greater mummy
 38279 | Tomb:1   | Killed a greater mummy
 38279 | Tomb:1   | Killed a greater mummy
 38281 | Tomb:1   | Killed a greater mummy
 38281 | Tomb:1   | Killed a greater mummy
 38304 | Tomb:1   | Noticed a greater mummy
 38307 | Tomb:1   | Killed a greater mummy
 38308 | Tomb:1   | Killed a greater mummy
 38325 | Tomb:1   | Noticed a greater mummy
 38327 | Tomb:1   | Killed a greater mummy
 38336 | Tomb:1   | Noticed a greater mummy
 38340 | Tomb:1   | Killed a greater mummy
 38374 | Tomb:2   | Noticed a greater mummy
 38377 | Tomb:2   | Noticed a greater mummy
 38379 | Tomb:2   | Killed a greater mummy
 38380 | Tomb:2   | Killed a greater mummy
 38386 | Tomb:2   | Noticed a greater mummy
 38391 | Tomb:2   | Killed a greater mummy
 38421 | Tomb:2   | Noticed a greater mummy
 38424 | Tomb:2   | Killed a greater mummy
 38479 | Tomb:3   | Entered Level 3 of the Tomb of the Ancients
 38495 | Tomb:3   | Noticed a greater mummy
 38497 | Tomb:3   | Noticed a greater mummy
 38497 | Tomb:3   | Noticed a greater mummy
 38498 | Tomb:3   | Noticed a greater mummy
 38500 | Tomb:3   | Noticed a greater mummy
 38501 | Tomb:3   | Killed a greater mummy
 38501 | Tomb:3   | Noticed a greater mummy
 38501 | Tomb:3   | Noticed a greater mummy
 38501 | Tomb:3   | Noticed a greater mummy
 38502 | Tomb:3   | Noticed a greater mummy
 38503 | Tomb:3   | Killed a greater mummy
 38503 | Tomb:3   | Killed a greater mummy
 38503 | Tomb:3   | Killed a greater mummy
 38504 | Tomb:3   | Killed a greater mummy
 38505 | Tomb:3   | Killed a greater mummy
 38505 | Tomb:3   | Killed a greater mummy
 38506 | Tomb:3   | Killed a greater mummy
 38506 | Tomb:3   | Killed a greater mummy
 38522 | Tomb:3   | Got a golden rune of Zot
 38560 | Tomb:3   | Identified the ring "Jusacarch" {Ice SInv} (You found it on level 3 of the Tomb of the Ancients)
 38566 | Tomb:3   | Identified the ring "Bepui" {rN+ MP+9 SInv} (You found it on level 3 of the Tomb of the Ancients)
 38587 | Zig:1    | Entered Level 1 of a ziggurat
 38606 | Zig:2    | Entered Level 2 of a ziggurat
 38630 | Zig:3    | Entered Level 3 of a ziggurat
 38657 | Zig:4    | Entered Level 4 of a ziggurat
 38673 | Zig:4    | Got a warped ruby amulet
 38674 | Zig:4    | Identified the amulet "Tautism" {RegenMP rF- MR+ Str+2 Int+3} (You found it on level 4 of a ziggurat)
 38687 | Zig:5    | Entered Level 5 of a ziggurat
 38690 | Zig:5    | Noticed Wastuor the pandemonium lord
 38692 | Zig:5    | Killed Wastuor the pandemonium lord
 38725 | Zig:6    | Entered Level 6 of a ziggurat
 38759 | Zig:7    | Entered Level 7 of a ziggurat
 38764 | Zig:7    | Reached skill level 27 in Conjurations
 38765 | Zig:7    | Reached skill level 1 in Air Magic
 38771 | Zig:7    | Reached skill level 5 in Air Magic
 38803 | Zig:8    | Entered Level 8 of a ziggurat
 38831 | Zig:8    | Identified the +1 morningstar of Xom's Wrath {drain, +Fly} (You found it on level 8 of a ziggurat)
 38840 | Zig:9    | Entered Level 9 of a ziggurat
 38845 | Zig:9    | Noticed Homor the pandemonium lord
 38846 | Zig:9    | Noticed Hitixoack the pandemonium lord
 38846 | Zig:9    | Noticed Macruy the pandemonium lord
 38847 | Zig:9    | Killed Homor the pandemonium lord
 38848 | Zig:9    | Noticed Lonn the pandemonium lord
 38848 | Zig:9    | Reached skill level 10 in Air Magic
 38848 | Zig:9    | Killed Hitixoack the pandemonium lord
 38848 | Zig:9    | Killed Sefyf the pandemonium lord
 38849 | Zig:9    | Killed Unexto the pandemonium lord
 38850 | Zig:9    | Killed Lonn the pandemonium lord
 38850 | Zig:9    | Killed Macruy the pandemonium lord
 38851 | Zig:9    | Noticed Paammenk the pandemonium lord
 38851 | Zig:9    | Noticed Haokhlexe the pandemonium lord
 38852 | Zig:9    | Killed Paammenk the pandemonium lord
 38852 | Zig:9    | Noticed Jaotu the pandemonium lord
 38852 | Zig:9    | Noticed Laqe the pandemonium lord
 38853 | Zig:9    | Killed Jaotu the pandemonium lord
 38854 | Zig:9    | Killed Laqe the pandemonium lord
 38855 | Zig:9    | Killed Haokhlexe the pandemonium lord
 38870 | Zig:9    | Reached skill level 15 in Air Magic
 38872 | Zig:9    | Identified the Papyrus of Ensnaring Creation
 38879 | Zig:10   | Entered Level 10 of a ziggurat
 38907 | Zig:10   | Got a heavily runed brass ring
 38917 | Zig:10   | Identified the ring "Jam Efok" {Ice rElec MR++} (You found it on level 10 of a ziggurat)
 38919 | Zig:10   | Identified the ring "Rioseysu" {Str+4 Int+3} (You found it on level 10 of a ziggurat)
 38922 | Zig:10   | Identified the Almanac of Shifting Execration
 38929 | Zig:11   | Entered Level 11 of a ziggurat
 38933 | Zig:11   | Noticed a juggernaut
 38936 | Zig:11   | Killed a juggernaut
 38964 | Zig:11   | Got a steaming pewter ring
 38965 | Zig:11   | Identified the ring of Apsir {*Tele rN++ Str+4 Int-4} (You found it on level 11 of a ziggurat)
 38974 | Zig:12   | Entered Level 12 of a ziggurat
 38999 | Zig:12   | Identified the ring of Vokune Ere {AC+5 Dex+10} (You found it on level 12 of a ziggurat)
 39010 | Zig:12   | Identified the Compendium of Dislocation
 39025 | Zig:12   | Lost mutation: You are partially covered in iridescent scales. (AC +2) [potion of mutation]
 39025 | Zig:12   | Lost mutation: Your mind is acute. (Int +2) [potion of mutation]
 39025 | Zig:12   | Gained mutation: You have very sharp teeth. [potion of mutation]
 39025 | Zig:12   | Gained mutation: You are partially covered in iridescent scales. (AC +2) [potion of mutation]
 39025 | Zig:12   | Gained mutation: You have supernaturally acute eyesight. (SInv) [potion of mutation]
 39026 | Zig:12   | Lost mutation: You expend magic power (3 MP) to strengthen your wands. [potion of mutation]
 39026 | Zig:12   | Lost mutation: Your flesh is cold resistant. (rC+) [potion of mutation]
 39026 | Zig:12   | Lost mutation: You have supernaturally acute eyesight. (SInv) [potion of mutation]
 39026 | Zig:12   | Gained mutation: Your flesh is heat resistant. (rF+) [potion of mutation]
 39026 | Zig:12   | Gained mutation: You passively map a small area around you. [potion of mutation]
 39026 | Zig:12   | Gained mutation: You passively map the area around you. [potion of mutation]
 39026 | Zig:12   | Gained mutation: Your muscles are strong. (Str +2) [potion of mutation]
 39027 | Zig:12   | Lost mutation: Your muscles are strong. (Str +2) [potion of mutation]
 39027 | Zig:12   | Gained mutation: You are partially covered in slimy green scales. (AC +2) [potion of mutation]
 39028 | Zig:12   | Lost mutation: Your flesh is heat resistant. (rF+) [potion of mutation]
 39028 | Zig:12   | Lost mutation: You passively map the area around you. [potion of mutation]
 39028 | Zig:12   | Lost mutation: You passively map a small area around you. [potion of mutation]
 39028 | Zig:12   | Gained mutation: Your flesh is heat resistant. (rF+) [potion of mutation]
 39028 | Zig:12   | Lost mutation: Your flesh is heat resistant. (rF+) [potion of mutation]
 39028 | Zig:12   | Gained mutation: You are agile. (Dex +2) [potion of mutation]
 39029 | Zig:12   | Lost mutation: You are partially covered in iridescent scales. (AC +2) [potion of mutation]
 39029 | Zig:12   | Lost mutation: You are partially covered in slimy green scales. (AC +2) [potion of mutation]
 39029 | Zig:12   | Gained mutation: Your mind is acute. (Int +2) [potion of mutation]
 39029 | Zig:12   | Lost mutation: Your mind is acute. (Int +2) [potion of mutation]
 39029 | Zig:12   | Gained mutation: Your mind is acute. (Int +2) [potion of mutation]
 39029 | Zig:12   | Gained mutation: Your spells are a little harder to cast, but a little more powerful. [potion of mutation]
 39035 | Zig:13   | Entered Level 13 of a ziggurat
 39080 | Zig:13   | Identified the ring of Zuwoc {rC+ rN+} (You found it on level 13 of a ziggurat)
 39083 | Zig:13   | Identified the Volume of Flamy Good Luck
 39096 | Zig:14   | Entered Level 14 of a ziggurat
 39101 | Zig:14   | Noticed an ancient lich
 39104 | Zig:14   | Killed an ancient lich
 39104 | Zig:14   | Noticed an ancient lich
 39105 | Zig:14   | Killed an ancient lich
 39106 | Zig:14   | Noticed an ancient lich
 39107 | Zig:14   | Killed an ancient lich
 39110 | Zig:14   | Noticed an ancient lich
 39110 | Zig:14   | Noticed an ancient lich
 39111 | Zig:14   | Noticed an ancient lich
 39112 | Zig:14   | Killed an ancient lich
 39112 | Zig:14   | Killed an ancient lich
 39113 | Zig:14   | Killed an ancient lich
 39113 | Zig:14   | Reached skill level 27 in Fire Magic
 39141 | Zig:14   | Identified the Incunabulum of the Ensnaring Mountains
 39146 | Zig:14   | Identified the amulet of the Tortoise {Inacc rElec Str+4} (You found it on level 14 of a ziggurat)
 39149 | Zig:14   | Identified the ring "Osotyor" {+Fly rF- rN++ Dex+5} (You found it on level 14 of a ziggurat)
 39158 | Zig:14   | Identified the cursed +1 hand axe of Causality {vamp, rF+} (You found it on level 14 of a ziggurat)
 39162 | Zig:15   | Entered Level 15 of a ziggurat
 39168 | Zig:15   | Noticed an ancient lich
 39169 | Zig:15   | Noticed an ancient lich
 39170 | Zig:15   | Noticed an ancient lich
 39171 | Zig:15   | Killed an ancient lich
 39171 | Zig:15   | Killed an ancient lich
 39172 | Zig:15   | Killed an ancient lich
 39173 | Zig:15   | Noticed an ancient lich
 39175 | Zig:15   | Killed an ancient lich
 39186 | Zig:15   | Noticed an ancient lich
 39198 | Zig:15   | Killed an ancient lich
 39215 | Zig:15   | Found the +3 Elemental Staff {rElec rF++ rC++ MR++ AC+5}
 39235 | Zig:15   | Identified the +10 war axe "Nineut" {vamp, rF+ Str+2} (You found it on level 15 of a ziggurat)
 39238 | Zig:16   | Entered Level 16 of a ziggurat
 39296 | Zig:16   | Identified the +8 falchion "Tuekli Mosa" {slice, rPois MP+9 Int+3 Stlth+} (You found it on level 16 of a ziggurat)
 39300 | Zig:17   | Entered Level 17 of a ziggurat
 39314 | Zig:17   | Noticed Gumnaniepp the pandemonium lord
 39318 | Zig:17   | Killed Gumnaniepp the pandemonium lord
 39355 | Zig:17   | Identified the Grimoire of the Snowflakes
 39366 | Zig:17   | Identified the Reference Book on Darkness
 39386 | Zig:18   | Entered Level 18 of a ziggurat
 39391 | Zig:18   | Noticed an orb of fire
 39394 | Zig:18   | Noticed an orb of fire
 39394 | Zig:18   | Noticed an orb of fire
 39395 | Zig:18   | Noticed an orb of fire
 39396 | Zig:18   | Noticed an orb of fire
 39397 | Zig:18   | Noticed an orb of fire
 39398 | Zig:18   | Killed an orb of fire
 39398 | Zig:18   | Killed an orb of fire
 39398 | Zig:18   | Killed an orb of fire
 39398 | Zig:18   | Noticed an orb of fire
 39398 | Zig:18   | Noticed an orb of fire
 39399 | Zig:18   | Killed an orb of fire
 39399 | Zig:18   | Noticed an orb of fire
 39400 | Zig:18   | Killed an orb of fire
 39401 | Zig:18   | Killed an orb of fire
 39402 | Zig:18   | Noticed an orb of fire
 39402 | Zig:18   | Killed an orb of fire
 39402 | Zig:18   | Killed an orb of fire
 39402 | Zig:18   | Killed an orb of fire
 39403 | Zig:18   | Lost mutation: Your mind is acute. (Int +2) [an orb of fire]
 39405 | Zig:18   | Noticed an orb of fire
 39406 | Zig:18   | Killed an orb of fire
 39408 | Zig:18   | Killed an orb of fire
 39431 | Zig:18   | Identified the ring of Xom's Ringing Laughter {AC+5 Dex+4} (You found it on level 18 of a ziggurat)
 39441 | Zig:18   | Identified the ring "Muhotsack" {-Tele Str+8 SInv} (You found it on level 18 of a ziggurat)
 39446 | Zig:18   | Identified the ring of Broken Luck {rCorr *Drain Str+7} (You found it on level 18 of a ziggurat)
 39457 | Zig:19   | Entered Level 19 of a ziggurat
 39502 | Zig:19   | Identified the ring "Hocvewn" {*Tele Int+2} (You found it on level 19 of a ziggurat)
 39519 | Zig:20   | Entered Level 20 of a ziggurat
 39584 | Zig:20   | Identified Ganyerpho's Reference Book on Damaging Transformation
 39592 | Zig:20   | Identified the +7 hand axe "Fibi Laps" {chop, rC++ MR++ Int-2} (You found it on level 20 of a ziggurat)
 39595 | Zig:20   | Identified the Handbook of Supportive Clay
 39644 | Zig:21   | Entered Level 21 of a ziggurat
 39707 | Zig:21   | Identified the amulet "Xoffodeid" {+Rage rF+ rN+ Int+3 SInv} (You found it on level 21 of a ziggurat)
 39718 | Zig:21   | Identified the ring of Rafic {rElec rN+} (You found it on level 21 of a ziggurat)
 39722 | Zig:21   | Identified the Catalogue of the Voyage and Malediction
 39724 | Zig:21   | Identified the ring "Sypnuf" {*Tele rF- Str+10 Int+2} (You found it on level 21 of a ziggurat)
 39734 | Zig:22   | Entered Level 22 of a ziggurat
 39795 | Zig:22   | Identified the ring "Okedwuz" {+Blink MR+} (You found it on level 22 of a ziggurat)
 39798 | Zig:22   | Identified the ring "Sorew" {Ice Dex+2} (You found it on level 22 of a ziggurat)
 39801 | Zig:22   | Identified the amulet of Kelenn {Gourm rN+} (You found it on level 22 of a ziggurat)
 39806 | Zig:22   | Identified the +0 large shield of the Republic {Str+4 Int+5 Dex-4} (You acquired it on level 22 of a ziggurat)
 39825 | Zig:22   | Identified the ring of Ysus {rF+ MP+9 Dex+4} (You found it on level 22 of a ziggurat)
 39831 | Zig:22   | Identified the ring of Heolop {rElec rF+ rC+ rN+ SInv} (You found it on level 22 of a ziggurat)
 39841 | Zig:23   | Entered Level 23 of a ziggurat
 39852 | Zig:23   | Reached skill level 27 in Earth Magic
 39855 | Zig:23   | Reached skill level 27 in Air Magic
 39855 | Zig:23   | Reached skill level 1 in Unarmed Combat
 39855 | Zig:23   | Reached skill level 5 in Unarmed Combat
 39865 | Zig:23   | Reached skill level 10 in Unarmed Combat
 39866 | Zig:23   | Reached skill level 15 in Ice Magic
 39917 | Zig:23   | Identified the +3 war axe of Calculation {chop, rElec Str-2 Int+2 Dex+7} (You found it on level 23 of a ziggurat)
 39924 | Zig:23   | Identified the +4 hand axe "Cupaif" {chop, Int+9} (You found it on level 23 of a ziggurat)
 39937 | Zig:23   | Learned a level 8 spell: Ignition
 39944 | Zig:24   | Entered Level 24 of a ziggurat
 39998 | Zig:24   | Reached skill level 15 in Unarmed Combat
 40005 | Zig:24   | Identified the amulet "Buulo" {Gourm *Contam rPois rC+ Dex+4} (You found it on level 24 of a ziggurat)
 40015 | Zig:24   | Identified the cursed +0 buckler of Poor Excuses {rF+ rC- Slay+3 SInv} (You found it on level 24 of a ziggurat)
 40033 | Zig:24   | Identified the ring "Leki" {+Blink EV+1 SInv} (You found it on level 24 of a ziggurat)
 40036 | Zig:25   | Entered Level 25 of a ziggurat
 40090 | Zig:25   | Found the +9 sword of Zonguldrok {reap}
 40126 | Zig:25   | Identified the +9 broad axe "Zaff" {drain, rF+ rN+} (You found it on level 25 of a ziggurat)
 40129 | Zig:26   | Entered Level 26 of a ziggurat
 40205 | Zig:26   | Identified the +8 large shield of Parts Unknown {Dex+8} (You acquired it on level 26 of a ziggurat)
 40208 | Zig:26   | Identified the +1 hat "Funut" {Slay+3} (You acquired it on level 26 of a ziggurat)
 40222 | Zig:26   | Got a smoking war axe
 40223 | Zig:26   | Identified the +6 war axe of Conservatism {flame, *Contam rF+ MP+9 Dex+4} (You found it on level 26 of a ziggurat)
 40232 | Zig:27   | Entered Level 27 of a ziggurat
 40288 | Zig:27   | Found the +7 captain's cutlass {speed, disarm}
 40289 | Zig:27   | Found the +2 Maxwell's thermic engine {flame, freeze, rF- rC-}
 40314 | Zig:27   | Got a shimmering ruby amulet
 40337 | Zig:1    | Entered Level 1 of a ziggurat
 40338 | Zig:1    | Reached skill level 1 in Throwing
 40351 | Zig:2    | Entered Level 2 of a ziggurat
 40366 | Zig:3    | Entered Level 3 of a ziggurat
 40367 | Zig:3    | magipi: what is the plan? more, more, more zigs?
 40396 | Zig:3    | 4thArraOfDagon: tank max int
 40396 | Zig:3    | 4thArraOfDagon: :)
 40396 | Zig:3    | 4thArraOfDagon: or max mp
 40396 | Zig:3    | 4thArraOfDagon: idk yet
 40397 | Zig:4    | Entered Level 4 of a ziggurat
 40400 | Zig:4    | Reached skill level 5 in Throwing
 40403 | Zig:4    | magipi: is there max int?
 40414 | Zig:4    | Identified the amulet "Wojom" {+Rage rC+ Dex+3} (You found it on level 27 of a ziggurat)
 40421 | Zig:4    | 4thArraOfDagon: !lg * max=int -log
 40422 | Zig:5    | Entered Level 5 of a ziggurat
 40425 | Zig:5    | XtahuaRules: 8911352. araganzar, XL27 OpWz, T:124772: http://crawl.berotato.org/crawl/morgue/araganzar/morgue-araganzar-20161221-152649.txt
 40457 | Zig:6    | Entered Level 6 of a ziggurat
 40464 | Zig:6    | Found the +8 trident of the Octopus King {venom, rElec rPois MR+}
 40465 | Zig:6    | Noticed an ancient lich
 40467 | Zig:6    | Killed an ancient lich
 40489 | Zig:6    | Found the +10 large shield of Ignorance {rN+ Int-4}
 40498 | Zig:6    | 4thArraOfDagon: just got one +10int
 40498 | Zig:6    | 4thArraOfDagon: have to collect all :)
 40498 | Zig:6    | magipi: :D
 40499 | Zig:7    | Entered Level 7 of a ziggurat
 40505 | Zig:7    | Reached skill level 10 in Throwing
 40532 | Zig:7    | Identified the +8 morningstar of Beludab {protect, rPois} (You found it on level 7 of a ziggurat)
 40536 | Zig:8    | Entered Level 8 of a ziggurat
 40578 | Zig:9    | Entered Level 9 of a ziggurat
 40590 | Zig:9    | Noticed an ancient lich
 40593 | Zig:9    | Killed an ancient lich
 40625 | Zig:10   | Entered Level 10 of a ziggurat
 40671 | Zig:10   | Identified the ring of Usive {rN+ Str+5} (You found it on level 10 of a ziggurat)
 40695 | Zig:11   | Entered Level 11 of a ziggurat
 40696 | Zig:11   | magipi: you should pick uő Int rings, no?
 40709 | Zig:11   | 4thArraOfDagon: yep, but I need nice ones
 40709 | Zig:11   | Noticed an ancient lich
 40711 | Zig:11   | Killed an ancient lich
 40714 | Zig:11   | Reached skill level 15 in Throwing
 40715 | Zig:11   | magipi: only artefact, yeah!
 40755 | Zig:12   | Entered Level 12 of a ziggurat
 40759 | Zig:12   | Noticed a juggernaut
 40763 | Zig:12   | Killed a juggernaut
 40767 | Zig:12   | Noticed a juggernaut
 40770 | Zig:12   | Killed a juggernaut
 40784 | Zig:12   | Found the +8 storm bow {elec}
 40803 | Zig:13   | Entered Level 13 of a ziggurat
 40822 | Zig:13   | Noticed Tucion the pandemonium lord
 40823 | Zig:13   | Noticed Hieg the pandemonium lord
 40824 | Zig:13   | Killed Hieg the pandemonium lord
 40825 | Zig:13   | Reached skill level 27 in Unarmed Combat
 40825 | Zig:13   | Killed Tucion the pandemonium lord
 40825 | Zig:13   | Noticed Foraudi the pandemonium lord
 40825 | Zig:13   | Noticed Hajefiv the pandemonium lord
 40826 | Zig:13   | Killed Foraudi the pandemonium lord
 40826 | Zig:13   | Killed Docamul the pandemonium lord
 40828 | Zig:13   | Killed Hajefiv the pandemonium lord
 40830 | Zig:13   | Killed Wiatieh the pandemonium lord
 40830 | Zig:13   | Noticed Bagais the pandemonium lord
 40831 | Zig:13   | Killed Bagais the pandemonium lord
 40832 | Zig:13   | Noticed Hacohym the pandemonium lord
 40833 | Zig:13   | Killed Hacohym the pandemonium lord
 40835 | Zig:13   | Killed Pepni the pandemonium lord
 40835 | Zig:13   | Killed Qiossi the pandemonium lord
 40838 | Zig:13   | Noticed Xioxu the pandemonium lord
 40839 | Zig:13   | Killed Xioxu the pandemonium lord
 40842 | Zig:13   | Killed Gufraj the pandemonium lord
 40846 | Zig:13   | Noticed Lyqeureh the pandemonium lord
 40847 | Zig:13   | Killed Lyqeureh the pandemonium lord
 40861 | Zig:13   | Identified the ring of Untruth {+Fly rF+ Int+5 Dex+2} (You found it on level 13 of a ziggurat)
 40885 | Zig:14   | Entered Level 14 of a ziggurat
 40897 | Zig:14   | Reached skill level 1 in Axes
 40899 | Zig:14   | magipi: how comes that you have invocations with Vehumet? you had another god before?
 40904 | Zig:14   | 4thArraOfDagon: no, just tanked exp pots into invo ;)
 40909 | Zig:14   | Reached skill level 5 in Axes
 40911 | Zig:14   | 4thArraOfDagon: it usually reaches 27 after like 2-3zigurats
 40915 | Zig:14   | magipi: you are the best :D
 40929 | Zig:14   | Got a bound silver ring
 40946 | Zig:15   | Entered Level 15 of a ziggurat
 41033 | Zig:15   | Identified the ring "Wimatewa" {rC++ MP+9 Str+2} (You found it on level 14 of a ziggurat)
 41034 | Zig:15   | magipi: looking good
 41041 | Zig:16   | Entered Level 16 of a ziggurat
 41051 | Zig:16   | Noticed a juggernaut
 41052 | Zig:16   | Noticed a juggernaut
 41052 | Zig:16   | Noticed a juggernaut
 41053 | Zig:16   | Killed a juggernaut
 41053 | Zig:16   | Noticed a juggernaut
 41054 | Zig:16   | Killed a juggernaut
 41055 | Zig:16   | Killed a juggernaut
 41055 | Zig:16   | Killed a juggernaut
 41055 | Zig:16   | magipi: before the next zig, throw away useless stuff like amnesia
 41057 | Zig:16   | Noticed a juggernaut
 41059 | Zig:16   | Killed a juggernaut
 41059 | Zig:16   | Noticed a juggernaut
 41059 | Zig:16   | Noticed a juggernaut
 41061 | Zig:16   | Killed a juggernaut
 41062 | Zig:16   | Killed a juggernaut
 41065 | Zig:16   | Reached skill level 10 in Axes
 41072 | Zig:16   | 4thArraOfDagon: do you now how to turn off autopickup on sacks, mirrors etc?
 41094 | Zig:16   | Identified the ring of the Priest {rPois rN+} (You found it on level 16 of a ziggurat)
 41102 | Zig:17   | Entered Level 17 of a ziggurat
 41124 | Zig:17   | magipi: I know nothing about nothing!
 41181 | Zig:17   | Got a slimy diamond amulet
 41188 | Zig:18   | Entered Level 18 of a ziggurat
 41209 | Zig:18   | Noticed an ancient lich
 41210 | Zig:18   | Killed an ancient lich
 41213 | Zig:18   | Noticed an ancient lich
 41214 | Zig:18   | Killed an ancient lich
 41215 | Zig:18   | Noticed an ancient lich
 41215 | Zig:18   | Noticed an ancient lich
 41216 | Zig:18   | Killed an ancient lich
 41217 | Zig:18   | Killed an ancient lich
 41217 | Zig:18   | Noticed an ancient lich
 41218 | Zig:18   | Killed an ancient lich
 41223 | Zig:18   | Noticed an ancient lich
 41224 | Zig:18   | Killed an ancient lich
 41235 | Zig:18   | Found the +3 robe of Clouds {+Fly rElec}
 41249 | Zig:18   | Got a smoking brass ring
 41251 | Zig:18   | Identified the ring of Foolhardiness {*Drain rElec rC+ Dex+2 Slay+4} (You found it on level 18 of a ziggurat)
 41261 | Zig:18   | Identified the amulet "Ceop" {*Drain +Fly rPois rN+ Regen+ Dex+2} (You found it on level 17 of a ziggurat)
 41275 | Zig:19   | Entered Level 19 of a ziggurat
 41284 | Zig:19   | Noticed an ancient lich
 41286 | Zig:19   | Killed an ancient lich
 41286 | Zig:19   | Noticed an ancient lich
 41287 | Zig:19   | Noticed an ancient lich
 41288 | Zig:19   | Killed an ancient lich
 41288 | Zig:19   | Noticed an ancient lich
 41289 | Zig:19   | Killed an ancient lich
 41289 | Zig:19   | Killed an ancient lich
 41289 | Zig:19   | Noticed an ancient lich
 41291 | Zig:19   | Killed an ancient lich
 41291 | Zig:19   | Noticed an ancient lich
 41292 | Zig:19   | Killed an ancient lich
 41292 | Zig:19   | Reached skill level 15 in Axes
 41293 | Zig:19   | Noticed an ancient lich
 41294 | Zig:19   | Noticed an ancient lich
 41296 | Zig:19   | Killed an ancient lich
 41296 | Zig:19   | Killed an ancient lich
 41296 | Zig:19   | Noticed an ancient lich
 41298 | Zig:19   | Killed an ancient lich
 41298 | Zig:19   | Noticed an ancient lich
 41300 | Zig:19   | Killed an ancient lich
 41300 | Zig:19   | Noticed an ancient lich
 41301 | Zig:19   | Noticed an ancient lich
 41302 | Zig:19   | Reached skill level 27 in Ice Magic
 41302 | Zig:19   | Killed an ancient lich
 41302 | Zig:19   | Noticed an ancient lich
 41302 | Zig:19   | Noticed an ancient lich
 41303 | Zig:19   | Killed an ancient lich
 41304 | Zig:19   | Killed an ancient lich
 41304 | Zig:19   | Killed an ancient lich
 41307 | Zig:19   | Noticed an ancient lich
 41308 | Zig:19   | Killed an ancient lich
 41310 | Zig:19   | Reached skill level 27 in Throwing
 41350 | Zig:19   | Identified the ring "Liniseth" {Fire rPois Slay-4 SInv Stlth-} (You found it on level 19 of a ziggurat)
 41366 | Zig:20   | Entered Level 20 of a ziggurat
 41428 | Zig:20   | Found the +2 hat of the Bear Spirit {Spirit, +Rage rN+ MR++}
 41430 | Zig:20   | Found the +6 shillelagh "Devastator" {shatter}
 41435 | Zig:20   | Got a twitching brass ring
 41443 | Zig:20   | Identified the amulet of Yhopn {Harm *Drain rElec rC+} (You found it on level 20 of a ziggurat)
 41448 | Zig:20   | Identified Mym Kuk's Spellcraft Continued
 41468 | Zig:20   | Identified the ring of Duef {*Corrode rPois Str+3 Dex+4} (You found it on level 20 of a ziggurat)
 41471 | Zig:21   | Entered Level 21 of a ziggurat
 41481 | Zig:21   | Noticed an orb of fire
 41483 | Zig:21   | Noticed an orb of fire
 41486 | Zig:21   | Killed an orb of fire
 41487 | Zig:21   | Noticed an orb of fire
 41488 | Zig:21   | Noticed an orb of fire
 41489 | Zig:21   | Noticed an orb of fire
 41490 | Zig:21   | Killed an orb of fire
 41490 | Zig:21   | Killed an orb of fire
 41491 | Zig:21   | Killed an orb of fire
 41493 | Zig:21   | Noticed an orb of fire
 41494 | Zig:21   | Killed an orb of fire
 41495 | Zig:21   | Noticed an orb of fire
 41496 | Zig:21   | Noticed an orb of fire
 41497 | Zig:21   | Noticed an orb of fire
 41498 | Zig:21   | Noticed an orb of fire
 41498 | Zig:21   | Noticed an orb of fire
 41498 | Zig:21   | Noticed an orb of fire
 41498 | Zig:21   | Noticed an orb of fire
 41499 | Zig:21   | Killed an orb of fire
 41499 | Zig:21   | Killed an orb of fire
 41499 | Zig:21   | Killed an orb of fire
 41499 | Zig:21   | Gained mutation: Your magical capacity is low. (-10% MP) [an orb of fire]
 41499 | Zig:21   | Noticed an orb of fire
 41499 | Zig:21   | Noticed an orb of fire
 41500 | Zig:21   | Killed an orb of fire
 41500 | Zig:21   | Noticed an orb of fire
 41500 | Zig:21   | Gained mutation: You tend to lose your temper in combat. [an orb of fire]
 41501 | Zig:21   | Noticed an orb of fire
 41501 | Zig:21   | Killed an orb of fire
 41501 | Zig:21   | Killed an orb of fire
 41501 | Zig:21   | Noticed an orb of fire
 41502 | Zig:21   | Killed an orb of fire
 41502 | Zig:21   | Noticed an orb of fire
 41503 | Zig:21   | Killed an orb of fire
 41503 | Zig:21   | Killed an orb of fire
 41503 | Zig:21   | Killed an orb of fire
 41503 | Zig:21   | Killed an orb of fire
 41504 | Zig:21   | Killed an orb of fire
 41505 | Zig:21   | Killed an orb of fire
 41506 | Zig:21   | Killed an orb of fire
 41506 | Zig:21   | Noticed an orb of fire
 41511 | Zig:21   | Killed an orb of fire
 41514 | Zig:21   | magipi: holy shit, these orb of fire floors are scary
 41571 | Zig:21   | Lost mutation: You tend to lose your temper in combat. [potion of mutation]
 41571 | Zig:21   | Lost mutation: You are agile. (Dex +2) [potion of mutation]
 41571 | Zig:21   | Gained mutation: Your mind is acute. (Int +2) [potion of mutation]
 41571 | Zig:21   | Gained mutation: You are partially covered in iridescent scales. (AC +2) [potion of mutation]
 41571 | Zig:21   | Gained mutation: You expend magic power (3 MP) to strengthen your wands. [potion of mutation]
 41571 | Zig:21   | Gained mutation: You are resistant to hostile enchantments. (MR+) [potion of mutation]
 41578 | Zig:22   | Entered Level 22 of a ziggurat
 41598 | Zig:22   | Reached skill level 27 in Axes
 41643 | Zig:22   | Reached skill level 15 in Charms
 41683 | Zig:22   | Got a steaming platinum ring
 41686 | Zig:22   | Identified the ring "Ekuecur" {rElec rN+ MR+ Dex+5 Stlth+} (You found it on level 22 of a ziggurat)
 41689 | Zig:22   | Identified the +4 large shield of the King of the Hill {Str+5 Dex+4 Stlth+} (You acquired it on level 22 of a ziggurat)
 41696 | Zig:23   | Entered Level 23 of a ziggurat
 41722 | Zig:23   | Noticed Tasafut the pandemonium lord
 41722 | Zig:23   | Noticed Ciraan the pandemonium lord
 41730 | Zig:23   | Noticed Cogitack the pandemonium lord
 41732 | Zig:23   | Noticed Sir Inak the pandemonium lord
 41733 | Zig:23   | Killed Sir Inak the pandemonium lord
 41733 | Zig:23   | Killed Ciraan the pandemonium lord
 41734 | Zig:23   | Killed Cogitack the pandemonium lord
 41734 | Zig:23   | Noticed Hiyddur the pandemonium lord
 41735 | Zig:23   | Noticed Funit the pandemonium lord
 41736 | Zig:23   | Killed Nas Touh Yto the pandemonium lord
 41737 | Zig:23   | Killed Morogei the pandemonium lord
 41737 | Zig:23   | Noticed Xeacawudgh the pandemonium lord
 41737 | Zig:23   | Noticed Garox the pandemonium lord
 41738 | Zig:23   | Killed Funit the pandemonium lord
 41738 | Zig:23   | Killed Hiyddur the pandemonium lord
 41738 | Zig:23   | Killed Garox the pandemonium lord
 41738 | Zig:23   | Killed Xeacawudgh the pandemonium lord
 41739 | Zig:23   | Noticed Unounank the pandemonium lord
 41740 | Zig:23   | Killed Bemai the pandemonium lord
 41740 | Zig:23   | Reached skill level 15 in Transmutations
 41741 | Zig:23   | Noticed Rabifayk the pandemonium lord
 41741 | Zig:23   | Noticed Evos the pandemonium lord
 41741 | Zig:23   | Noticed Halif the pandemonium lord
 41743 | Zig:23   | Killed Halif the pandemonium lord
 41743 | Zig:23   | Noticed Caehohamn the pandemonium lord
 41744 | Zig:23   | Noticed Ituis the pandemonium lord
 41745 | Zig:23   | Killed Unounank the pandemonium lord
 41745 | Zig:23   | Killed Bubajid the pandemonium lord
 41745 | Zig:23   | Killed Caehohamn the pandemonium lord
 41745 | Zig:23   | Killed Tasafut the pandemonium lord
 41745 | Zig:23   | Noticed Cywukoluabb the pandemonium lord
 41745 | Zig:23   | Noticed Cucujoih the pandemonium lord
 41746 | Zig:23   | Noticed Gomaokof the pandemonium lord
 41747 | Zig:23   | Killed Cywukoluabb the pandemonium lord
 41747 | Zig:23   | Killed Evos the pandemonium lord
 41748 | Zig:23   | Killed Cucujoih the pandemonium lord
 41749 | Zig:23   | Killed Rabifayk the pandemonium lord
 41749 | Zig:23   | Noticed Uqexety the pandemonium lord
 41749 | Zig:23   | Noticed Ahyarag the pandemonium lord
 41750 | Zig:23   | Killed Gomaokof the pandemonium lord
 41750 | Zig:23   | Killed Ahyarag the pandemonium lord
 41751 | Zig:23   | Killed Uqexety the pandemonium lord
 41752 | Zig:23   | Killed Oliriusa the pandemonium lord
 41752 | Zig:23   | Killed Otuvur the pandemonium lord
 41753 | Zig:23   | Killed Ituis the pandemonium lord
 41753 | Zig:23   | Killed Ulasak the pandemonium lord
 41753 | Zig:23   | Killed Dawnouk the pandemonium lord
 41754 | Zig:23   | Noticed Googevor the pandemonium lord
 41754 | Zig:23   | Noticed Ceuw the pandemonium lord
 41755 | Zig:23   | Killed Ceuw the pandemonium lord
 41755 | Zig:23   | Noticed Leosch the pandemonium lord
 41757 | Zig:23   | Killed Leosch the pandemonium lord
 41757 | Zig:23   | Killed Googevor the pandemonium lord
 41759 | Zig:23   | Killed Noucapti the pandemonium lord
 41760 | Zig:23   | Killed Feqocum the pandemonium lord
 41760 | Zig:23   | Killed Katupe the pandemonium lord
 41762 | Zig:23   | Killed Naoc the pandemonium lord
 41762 | Zig:23   | Killed Will the pandemonium lord
 41764 | Zig:23   | Noticed Exzoj the pandemonium lord
 41767 | Zig:23   | Killed Exzoj the pandemonium lord
 41770 | Zig:23   | Noticed Gumutatam the pandemonium lord
 41771 | Zig:23   | Killed Gumutatam the pandemonium lord
 41772 | Zig:23   | Noticed Irphis the pandemonium lord
 41774 | Zig:23   | Killed Irphis the pandemonium lord
 41780 | Zig:23   | Found the +2 cloak of the Thief {+Fog Slay-2 SInv Stlth+}
 41786 | Zig:23   | magipi: insane
 41790 | Zig:23   | Got a bound copper amulet
 41791 | Zig:23   | Identified the amulet "Mer Rei" {RegenMP *Slow +Fly rElec Str+5} (You found it on level 23 of a ziggurat)
 41807 | Zig:23   | Identified the Volume of Evil and Cold
 41811 | Zig:23   | Got a bound pewter ring
 41813 | Zig:23   | Identified the ring of Greater Demons {*Corrode rElec Int-4 Dex+9 Stlth+} (You found it on level 23 of a ziggurat)
 41817 | Zig:23   | Identified the Guide on the Snowflakes and Black Arts
 41819 | Zig:23   | Identified the Reference Book on the Displaced Oath
 41827 | Zig:24   | Entered Level 24 of a ziggurat
 41908 | Zig:24   | Found the +4 robe of Augmentation {Str+4 Int+4 Dex+4}
 41908 | Zig:24   | Found the amulet of Vitality {Regen+ HP+15}
 41910 | Zig:24   | Found the +6 Majin-Bo {vamp, Archmagi MP+6 Int+6}
 41910 | Zig:24   | Found the +18 shield of the Gong {rElec rN+ MR+ EV-5}
 41911 | Zig:24   | Found the ring of Phasing {EV+8}
 41915 | Zig:24   | Identified Liecunwa's Collected Works on Air
 41937 | Zig:24   | Identified the ring of Divine Intervention {Wiz Stlth+} (You found it on level 24 of a ziggurat)
 41951 | Zig:24   | ptoang
 41951 | Zig:24   | Identified the Compendium of Ashen Flight
 41965 | Zig:25   | Entered Level 25 of a ziggurat
 41986 | Zig:25   | Noticed an ancient lich
 41987 | Zig:25   | Killed an ancient lich
 41989 | Zig:25   | Noticed an ancient lich
 41991 | Zig:25   | Killed an ancient lich
 41992 | Zig:25   | Noticed an ancient lich
 41992 | Zig:25   | Noticed an ancient lich
 41994 | Zig:25   | Killed an ancient lich
 41994 | Zig:25   | Killed an ancient lich
 41997 | Zig:25   | Noticed an ancient lich
 41999 | Zig:25   | Killed an ancient lich
 42002 | Zig:25   | Noticed an ancient lich
 42004 | Zig:25   | Killed an ancient lich
 42005 | Zig:25   | Noticed an ancient lich
 42007 | Zig:25   | Killed an ancient lich
 42009 | Zig:25   | Noticed an ancient lich
 42011 | Zig:25   | Killed an ancient lich
 42049 | Zig:25   | Got a scorched jade ring
 42050 | Zig:25   | Identified the Papyrus of the Frostbite and the Entourage
 42053 | Zig:25   | Identified the amulet "Agylio" {Acrobat rF+ MR+ Str-4} (You found it on level 25 of a ziggurat)
 42067 | Zig:25   | Identified the ring "Lugag" {Wiz +Inv rPois rN+ Str-2} (You found it on level 25 of a ziggurat)
 42068 | Zig:25   | Identified the Papyrus of Damage Dealing and the Blaze
 42071 | Zig:25   | Identified the ring of Obsession {rPois rC+ Str+3} (You found it on level 25 of a ziggurat)
 42074 | Zig:26   | Entered Level 26 of a ziggurat
 42158 | Zig:26   | Found the +8 demon blade "Bloodbane" {slice, *Rage +Rage Stlth-}
 42164 | Zig:26   | Found the +3 pair of gauntlets of War {Slay+5}
 42196 | Zig:27   | Entered Level 27 of a ziggurat
 42208 | Zig:27   | 4thArraOfDagon: gtg
 42208 | Zig:27   | 4thArraOfDagon: bbl
 42208 | Zig:27   | Upgraded the game from 0.22-a0-433-gd2a9cce to 0.22-a0-439-gac93bac
 42286 | Zig:27   | Identified the amulet of Vebbief {Spirit Int+5} (You found it on level 27 of a ziggurat)
 42291 | Zig:27   | Identified the Handbook of the Mutagenic Frostbite
 42293 | Zig:27   | Identified the ring of the Coward {rPois Int+2 Stlth-} (You found it on level 27 of a ziggurat)
 42312 | Zig:27   | Identified the ring "Cailump" {rPois Dex+5} (You found it on level 27 of a ziggurat)
 42314 | Zig:27   | Got a scorched glass ring
 42318 | Zig:27   | Identified the ring "Seecav" {rF+ Str+3 Dex+4} (You found it on level 27 of a ziggurat)
 42321 | Zig:27   | Got a bound granite ring
 42322 | Zig:27   | Identified the ring of Incredulity {rC+ SInv} (You found it on level 27 of a ziggurat)
 42332 | Zig:27   | Identified the Reference Book on the Escort and the Birds
 42352 | Zig:1    | Entered Level 1 of a ziggurat
 42371 | Zig:2    | Entered Level 2 of a ziggurat
 42398 | Zig:3    | Entered Level 3 of a ziggurat
 42424 | Zig:4    | Entered Level 4 of a ziggurat
 42449 | Zig:4    | Got a fine marble ring
 42452 | Zig:4    | Identified the ring of Leur Das {rCorr Stlth+} (You found it on level 4 of a ziggurat)
 42455 | Zig:5    | Entered Level 5 of a ziggurat
 42461 | Zig:5    | Noticed Ofrocig the pandemonium lord
 42461 | Zig:5    | Noticed Haag the pandemonium lord
 42461 | Zig:5    | Noticed Xuahin the pandemonium lord
 42462 | Zig:5    | Noticed Guecynt the pandemonium lord
 42463 | Zig:5    | Killed Ofrocig the pandemonium lord
 42464 | Zig:5    | Killed Haag the pandemonium lord
 42464 | Zig:5    | Killed Xuahin the pandemonium lord
 42465 | Zig:5    | Noticed Bedinixt the pandemonium lord
 42466 | Zig:5    | Killed Bedinixt the pandemonium lord
 42466 | Zig:5    | Killed Guecynt the pandemonium lord
 42466 | Zig:5    | Noticed Koitixac the pandemonium lord
 42468 | Zig:5    | Killed Koitixac the pandemonium lord
 42487 | Zig:6    | Entered Level 6 of a ziggurat
 42487 | Zig:6    | Noticed a greater mummy
 42489 | Zig:6    | Noticed a greater mummy
 42490 | Zig:6    | Killed a greater mummy
 42490 | Zig:6    | Noticed a greater mummy
 42491 | Zig:6    | Killed a greater mummy
 42491 | Zig:6    | Killed a greater mummy
 42495 | Zig:6    | Noticed a greater mummy
 42496 | Zig:6    | Noticed a greater mummy
 42498 | Zig:6    | Killed a greater mummy
 42500 | Zig:6    | Killed a greater mummy
 42526 | Zig:7    | Entered Level 7 of a ziggurat
 42544 | Zig:7    | Found the +10 dark maul {crush}
 42573 | Zig:8    | Entered Level 8 of a ziggurat
 42603 | Zig:9    | Entered Level 9 of a ziggurat
 42637 | Zig:9    | Got a shimmering golden ring
 42661 | Zig:9    | Identified the ring "Ufoogram" {rC++ Str+5} (You found it on level 9 of a ziggurat)
 42666 | Zig:10   | Entered Level 10 of a ziggurat
 42706 | Zig:10   | ReniFell: can u #
 42713 | Zig:10   | ReniFell: ty
 42713 | Zig:10   | 4thArraOfDagon: there
 42714 | Zig:11   | Entered Level 11 of a ziggurat
 42717 | Zig:11   | Noticed Wufe the pandemonium lord
 42722 | Zig:11   | Killed Wufe the pandemonium lord
 42723 | Zig:11   | Noticed Kiti Moy the pandemonium lord
 42724 | Zig:11   | Noticed Toleuqus the pandemonium lord
 42725 | Zig:11   | Noticed Ones the pandemonium lord
 42726 | Zig:11   | Noticed Covva the pandemonium lord
 42726 | Zig:11   | Killed Ones the pandemonium lord
 42726 | Zig:11   | Killed Toleuqus the pandemonium lord
 42726 | Zig:11   | Killed Kiti Moy the pandemonium lord
 42727 | Zig:11   | Noticed Curph the pandemonium lord
 42727 | Zig:11   | Noticed Qemonn the pandemonium lord
 42728 | Zig:11   | Killed Covva the pandemonium lord
 42728 | Zig:11   | Killed Curph the pandemonium lord
 42728 | Zig:11   | Noticed Zeghos the pandemonium lord
 42728 | Zig:11   | Noticed Qaoxynan the pandemonium lord
 42729 | Zig:11   | Killed Qaoxynan the pandemonium lord
 42729 | Zig:11   | Noticed Saasudel the pandemonium lord
 42730 | Zig:11   | Killed Qemonn the pandemonium lord
 42730 | Zig:11   | Killed Saasudel the pandemonium lord
 42731 | Zig:11   | Killed Zeghos the pandemonium lord
 42731 | Zig:11   | Noticed Roas the pandemonium lord
 42733 | Zig:11   | Noticed Coawnine the pandemonium lord
 42734 | Zig:11   | Killed Coawnine the pandemonium lord
 42734 | Zig:11   | Killed Roas the pandemonium lord
 42734 | Zig:11   | Killed Nupn the pandemonium lord
 42735 | Zig:11   | Noticed Licrogg the pandemonium lord
 42738 | Zig:11   | Killed Licrogg the pandemonium lord
 42739 | Zig:11   | Noticed Raf Uff the pandemonium lord
 42741 | Zig:11   | Killed Raf Uff the pandemonium lord
 42785 | Zig:12   | Entered Level 12 of a ziggurat
 42833 | Zig:13   | Entered Level 13 of a ziggurat
 42848 | Zig:13   | Killed a starcursed mass
 42871 | Zig:13   | Found the +8 demon blade "Leech" {vamp, rN+ AC-3 EV-3}
 42897 | Zig:13   | Reached skill level 27 in Translocations
 42900 | Zig:14   | Entered Level 14 of a ziggurat
 42911 | Zig:14   | Reached skill level 27 in Necromancy
 42920 | Zig:14   | Reached skill level 1 in Staves
 42923 | Zig:14   | Reached skill level 27 in Charms
 42932 | Zig:14   | Found the +11 plutonium sword {*Contam Stlth-}
 42933 | Zig:14   | Found the cursed +14 obsidian axe {chop, +Fly SInv *Curse}
 42939 | Zig:14   | Got a clouded amber ring
 42950 | Zig:14   | Got a flickering sapphire amulet
 42964 | Zig:14   | Identified the ring "Jomig" {rCorr *Drain Str+10 Int+3} (You found it on level 14 of a ziggurat)
 42966 | Zig:14   | Identified the amulet "Koypt" {Reflect +Blink +Fly Str+2 SH+4} (You found it on level 14 of a ziggurat)
 42971 | Zig:15   | Entered Level 15 of a ziggurat
 42971 | Zig:15   | Noticed a greater mummy
 42971 | Zig:15   | Noticed a greater mummy
 42971 | Zig:15   | Noticed a greater mummy
 42972 | Zig:15   | Noticed a greater mummy
 42973 | Zig:15   | Noticed a greater mummy
 42974 | Zig:15   | Killed a greater mummy
 42974 | Zig:15   | Killed a greater mummy
 42974 | Zig:15   | Noticed a greater mummy
 42974 | Zig:15   | Noticed a greater mummy
 42975 | Zig:15   | Killed a greater mummy
 42975 | Zig:15   | Killed a greater mummy
 42975 | Zig:15   | Reached skill level 5 in Staves
 42976 | Zig:15   | Killed a greater mummy
 42976 | Zig:15   | Killed a greater mummy
 42976 | Zig:15   | Noticed a greater mummy
 42976 | Zig:15   | Noticed a greater mummy
 42977 | Zig:15   | Noticed a greater mummy
 42978 | Zig:15   | Killed a greater mummy
 42978 | Zig:15   | Reached skill level 27 in Transmutations
 42978 | Zig:15   | Noticed a greater mummy
 42979 | Zig:15   | Killed a greater mummy
 42979 | Zig:15   | Killed a greater mummy
 42979 | Zig:15   | Noticed a greater mummy
 42979 | Zig:15   | Noticed a greater mummy
 42980 | Zig:15   | Killed a greater mummy
 42981 | Zig:15   | Noticed a greater mummy
 42982 | Zig:15   | Killed a greater mummy
 42982 | Zig:15   | Killed a greater mummy
 42982 | Zig:15   | Killed a greater mummy
 42982 | Zig:15   | Reached skill level 10 in Staves
 42982 | Zig:15   | Noticed a greater mummy
 42983 | Zig:15   | Noticed a greater mummy
 42985 | Zig:15   | Killed a greater mummy
 42985 | Zig:15   | Killed a greater mummy
 42985 | Zig:15   | Killed a greater mummy
 42986 | Zig:15   | Noticed a greater mummy
 42986 | Zig:15   | Noticed a greater mummy
 42987 | Zig:15   | Noticed a greater mummy
 42988 | Zig:15   | Killed a greater mummy
 42988 | Zig:15   | Noticed a greater mummy
 42990 | Zig:15   | Killed a greater mummy
 42990 | Zig:15   | Killed a greater mummy
 42990 | Zig:15   | Killed a greater mummy
 42992 | Zig:15   | Noticed a greater mummy
 42993 | Zig:15   | Noticed a greater mummy
 42994 | Zig:15   | Killed a greater mummy
 42996 | Zig:15   | Killed a greater mummy
 43022 | Zig:15   | Got a wavering bronze ring
 43024 | Zig:15   | Identified the cursed -7 buckler "Edutomn" {+Inv rC+ Stlth-} (You found it on level 15 of a ziggurat)
 43037 | Zig:15   | Identified the ring "Vouhiost" {*Tele rElec Int+2} (You found it on level 15 of a ziggurat)
 43041 | Zig:16   | Entered Level 16 of a ziggurat
 43045 | Zig:16   | Reached skill level 15 in Staves
 43077 | Zig:16   | Got a scintillating copper ring
 43089 | Zig:16   | Identified the ring of Toalooda {rCorr rF+} (You found it on level 16 of a ziggurat)
 43093 | Zig:17   | Entered Level 17 of a ziggurat
 43147 | Zig:17   | Got a vibrating lead ring
 43153 | Zig:17   | Identified the Compendium of Scorching Calling
 43164 | Zig:17   | Identified the ring of the Blue Skies {+Inv rF+ rC+ Dex+4} (You found it on level 17 of a ziggurat)
 43168 | Zig:18   | Entered Level 18 of a ziggurat
 43176 | Zig:18   | Noticed an ancient lich
 43176 | Zig:18   | Noticed an ancient lich
 43177 | Zig:18   | Killed an ancient lich
 43178 | Zig:18   | Killed an ancient lich
 43181 | Zig:18   | Noticed an ancient lich
 43181 | Zig:18   | Noticed an ancient lich
 43182 | Zig:18   | Killed an ancient lich
 43183 | Zig:18   | Killed an ancient lich
 43184 | Zig:18   | Noticed an ancient lich
 43185 | Zig:18   | Killed an ancient lich
 43185 | Zig:18   | Noticed an ancient lich
 43186 | Zig:18   | Noticed an ancient lich
 43187 | Zig:18   | Killed an ancient lich
 43187 | Zig:18   | Killed an ancient lich
 43187 | Zig:18   | Noticed an ancient lich
 43188 | Zig:18   | Killed an ancient lich
 43193 | Zig:18   | Noticed an ancient lich
 43194 | Zig:18   | Killed an ancient lich
 43226 | Zig:18   | Identified the cursed +0 shield of a bazaar {MR+ Int+2 SInv} (You found it on level 18 of a ziggurat)
 43230 | Zig:18   | Identified the cursed +1 eveningstar "Piopluynn" {antimagic, *Slow rF+ rC+ MR+} (You found it on level 18 of a ziggurat)
 43234 | Zig:18   | Identified Sif Muna's Guide on Flying Arcane Weapons
 43239 | Zig:19   | Entered Level 19 of a ziggurat
 43272 | Zig:19   | Reached skill level 27 in Staves
 43286 | Zig:19   | Noticed Naatawiys the pandemonium lord
 43289 | Zig:19   | Killed Naatawiys the pandemonium lord
 43320 | Zig:19   | Got a smoking glass ring
 43321 | Zig:19   | Identified the ring of Wiux {rC++ MR+} (You found it on level 19 of a ziggurat)
 43329 | Zig:19   | Got a slimy steel ring
 43330 | Zig:19   | Identified the ring of Circularity {rPois Str+2} (You found it on level 19 of a ziggurat)
 43336 | Zig:19   | Got a scorched platinum amulet
 43337 | Zig:19   | Identified the amulet "Esepis" {Spirit MR+ Int+7} (You found it on level 19 of a ziggurat)
 43381 | Zig:20   | Entered Level 20 of a ziggurat
 43388 | Zig:20   | Noticed an ancient lich
 43389 | Zig:20   | Noticed an ancient lich
 43389 | Zig:20   | Noticed an ancient lich
 43390 | Zig:20   | Killed an ancient lich
 43390 | Zig:20   | Killed an ancient lich
 43391 | Zig:20   | Killed an ancient lich
 43391 | Zig:20   | Noticed an ancient lich
 43392 | Zig:20   | Noticed an ancient lich
 43393 | Zig:20   | Killed an ancient lich
 43393 | Zig:20   | Killed an ancient lich
 43394 | Zig:20   | Noticed an ancient lich
 43396 | Zig:20   | Killed an ancient lich
 43396 | Zig:20   | Noticed an ancient lich
 43397 | Zig:20   | Noticed an ancient lich
 43398 | Zig:20   | Killed an ancient lich
 43398 | Zig:20   | Noticed an ancient lich
 43399 | Zig:20   | Killed an ancient lich
 43399 | Zig:20   | Killed an ancient lich
 43400 | Zig:20   | Noticed an ancient lich
 43401 | Zig:20   | Killed an ancient lich
 43404 | Zig:20   | Noticed an ancient lich
 43406 | Zig:20   | Killed an ancient lich
 43407 | Zig:20   | Noticed an ancient lich
 43409 | Zig:20   | Killed an ancient lich
 43429 | Zig:20   | Found the +3 salamander hide armour {+Rage rF++}
 43438 | Zig:20   | Got a warped pewter amulet
 43453 | Zig:20   | Reached skill level 5 in Bows
 43457 | Zig:20   | Identified the amulet of Lucidity {MR+ Regen+ Str+6 Int-5} (You found it on level 20 of a ziggurat)
 43462 | Zig:21   | Entered Level 21 of a ziggurat
 43514 | Zig:21   | Found the +4 Vampire's Tooth {vamp}
 43526 | Zig:21   | Identified the Papyrus of Blistering Earth
 43536 | Zig:21   | Identified Ulauts's Incunabulum of Intoxication and the Rocks
 43540 | Zig:22   | Entered Level 22 of a ziggurat
 43553 | Zig:22   | Noticed an ancient lich
 43554 | Zig:22   | Noticed an ancient lich
 43555 | Zig:22   | Noticed an ancient lich
 43556 | Zig:22   | Killed an ancient lich
 43556 | Zig:22   | Killed an ancient lich
 43557 | Zig:22   | Killed an ancient lich
 43559 | Zig:22   | Noticed an ancient lich
 43561 | Zig:22   | Killed an ancient lich
 43561 | Zig:22   | Noticed an ancient lich
 43562 | Zig:22   | Noticed an ancient lich
 43562 | Zig:22   | Noticed an ancient lich
 43563 | Zig:22   | Killed an ancient lich
 43563 | Zig:22   | Killed an ancient lich
 43563 | Zig:22   | Noticed an ancient lich
 43564 | Zig:22   | Killed an ancient lich
 43564 | Zig:22   | Killed an ancient lich
 43564 | Zig:22   | Noticed an ancient lich
 43564 | Zig:22   | Noticed an ancient lich
 43566 | Zig:22   | Killed an ancient lich
 43566 | Zig:22   | Killed an ancient lich
 43566 | Zig:22   | Noticed an ancient lich
 43567 | Zig:22   | Killed an ancient lich
 43574 | Zig:22   | Noticed an ancient lich
 43576 | Zig:22   | Killed an ancient lich
 43584 | Zig:22   | Found the +7 great mace "Undeadhunter" {disrupt, rN+}
 43590 | Zig:22   | Got a pitted glass ring
 43604 | Zig:22   | Identified the ring of Kigub {EV+2 Dex+2 SInv} (You found it on level 22 of a ziggurat)
 43608 | Zig:23   | Entered Level 23 of a ziggurat
 43676 | Zig:23   | Got a crude wooden ring
 43687 | Zig:23   | Identified the +0 large shield of the Storm King {rPois} (You acquired it on level 23 of a ziggurat)
 43688 | Zig:23   | Identified the +3 hat of the Princeling {Dex+4} (You acquired it on level 23 of a ziggurat)
 43691 | Zig:23   | Got a vibrating amethyst amulet
 43696 | Zig:23   | Identified the amulet "Put-Me-On" {Inacc *Corrode Int+4 Dex+5} (You found it on level 23 of a ziggurat)
 43701 | Zig:23   | Got a clouded amethyst amulet
 43702 | Zig:23   | Identified the Guide on the Mutagenic Glacier
 43705 | Zig:24   | Entered Level 24 of a ziggurat
 43706 | Zig:24   | Noticed a greater mummy
 43706 | Zig:24   | Noticed a greater mummy
 43706 | Zig:24   | Noticed a greater mummy
 43710 | Zig:24   | Noticed a greater mummy
 43711 | Zig:24   | Killed a greater mummy
 43711 | Zig:24   | Noticed a greater mummy
 43712 | Zig:24   | Killed a greater mummy
 43712 | Zig:24   | Killed a greater mummy
 43713 | Zig:24   | Noticed a greater mummy
 43714 | Zig:24   | Killed a greater mummy
 43714 | Zig:24   | Noticed a greater mummy
 43714 | Zig:24   | Noticed a greater mummy
 43714 | Zig:24   | Noticed a greater mummy
 43716 | Zig:24   | Killed a greater mummy
 43716 | Zig:24   | Killed a greater mummy
 43717 | Zig:24   | Killed a greater mummy
 43717 | Zig:24   | Killed a greater mummy
 43717 | Zig:24   | Killed a greater mummy
 43718 | Zig:24   | Noticed a greater mummy
 43718 | Zig:24   | Noticed a greater mummy
 43719 | Zig:24   | Noticed a greater mummy
 43719 | Zig:24   | Noticed a greater mummy
 43719 | Zig:24   | Noticed a greater mummy
 43720 | Zig:24   | Noticed a greater mummy
 43720 | Zig:24   | Noticed a greater mummy
 43721 | Zig:24   | Killed a greater mummy
 43721 | Zig:24   | Killed a greater mummy
 43721 | Zig:24   | Killed a greater mummy
 43722 | Zig:24   | Killed a greater mummy
 43722 | Zig:24   | Killed a greater mummy
 43722 | Zig:24   | Killed a greater mummy
 43722 | Zig:24   | Killed a greater mummy
 43722 | Zig:24   | Noticed a greater mummy
 43722 | Zig:24   | Noticed a greater mummy
 43724 | Zig:24   | Noticed a greater mummy
 43724 | Zig:24   | Noticed a greater mummy
 43724 | Zig:24   | Noticed a greater mummy
 43725 | Zig:24   | Killed a greater mummy
 43725 | Zig:24   | Killed a greater mummy
 43725 | Zig:24   | Noticed a greater mummy
 43726 | Zig:24   | Killed a greater mummy
 43726 | Zig:24   | Killed a greater mummy
 43726 | Zig:24   | Noticed a greater mummy
 43727 | Zig:24   | Killed a greater mummy
 43727 | Zig:24   | Noticed a greater mummy
 43729 | Zig:24   | Killed a greater mummy
 43729 | Zig:24   | Noticed a greater mummy
 43729 | Zig:24   | Noticed a greater mummy
 43730 | Zig:24   | Killed a greater mummy
 43730 | Zig:24   | Noticed a greater mummy
 43730 | Zig:24   | Noticed a greater mummy
 43731 | Zig:24   | Killed a greater mummy
 43731 | Zig:24   | Noticed a greater mummy
 43731 | Zig:24   | Noticed a greater mummy
 43731 | Zig:24   | Noticed a greater mummy
 43732 | Zig:24   | Killed a greater mummy
 43732 | Zig:24   | Killed a greater mummy
 43732 | Zig:24   | Killed a greater mummy
 43733 | Zig:24   | Killed a greater mummy
 43733 | Zig:24   | Killed a greater mummy
 43733 | Zig:24   | Killed a greater mummy
 43733 | Zig:24   | Killed a greater mummy
 43734 | Zig:24   | Noticed a greater mummy
 43734 | Zig:24   | Noticed a greater mummy
 43735 | Zig:24   | Noticed a greater mummy
 43736 | Zig:24   | Killed a greater mummy
 43737 | Zig:24   | Killed a greater mummy
 43737 | Zig:24   | Killed a greater mummy
 43737 | Zig:24   | Noticed a greater mummy
 43740 | Zig:24   | Killed a greater mummy
 43744 | Zig:24   | Noticed a greater mummy
 43745 | Zig:24   | Noticed a greater mummy
 43746 | Zig:24   | Killed a greater mummy
 43748 | Zig:24   | Killed a greater mummy
 43750 | Zig:24   | Noticed a greater mummy
 43752 | Zig:24   | Killed a greater mummy
 43776 | Zig:24   | Found the +8 lance "Wyrmbane" {slay drac, rPois rF+ rC+ AC+3}
 43783 | Zig:24   | Got a scorched marble ring
 43790 | Zig:24   | Identified the amulet "Abehad" {RegenMP Int+3} (You found it on level 23 of a ziggurat)
 43803 | Zig:24   | Got a coiled tin ring
 43807 | Zig:24   | Identified the ring of Tuosiu {rElec rPois MR+ Int+2 Dex+4} (You found it on level 24 of a ziggurat)
 43844 | Zig:25   | Entered Level 25 of a ziggurat
 43849 | Zig:25   | Noticed an orb of fire
 43849 | Zig:25   | Noticed an orb of fire
 43849 | Zig:25   | Noticed an orb of fire
 43851 | Zig:25   | Noticed an orb of fire
 43861 | Zig:25   | Killed an orb of fire
 43862 | Zig:25   | Noticed an orb of fire
 43862 | Zig:25   | Noticed an orb of fire
 43862 | Zig:25   | Noticed an orb of fire
 43863 | Zig:25   | Killed an orb of fire
 43863 | Zig:25   | Gained mutation: Scrolls take you a little longer to read. [an orb of fire]
 43866 | Zig:25   | Killed an orb of fire
 43867 | Zig:25   | Killed an orb of fire
 43868 | Zig:25   | Killed an orb of fire
 43868 | Zig:25   | Killed an orb of fire
 43873 | Zig:25   | Noticed an orb of fire
 43873 | Zig:25   | Killed an orb of fire
 43874 | Zig:25   | Noticed an orb of fire
 43874 | Zig:25   | Noticed an orb of fire
 43875 | Zig:25   | Noticed an orb of fire
 43876 | Zig:25   | Killed an orb of fire
 43876 | Zig:25   | Killed an orb of fire
 43877 | Zig:25   | Killed an orb of fire
 43877 | Zig:25   | Gained mutation: You occasionally shout uncontrollably at your foes. [an orb of fire]
 43877 | Zig:25   | Noticed an orb of fire
 43879 | Zig:25   | Killed an orb of fire
 43879 | Zig:25   | Noticed an orb of fire
 43880 | Zig:25   | Killed an orb of fire
 43881 | Zig:25   | Noticed an orb of fire
 43881 | Zig:25   | Noticed an orb of fire
 43883 | Zig:25   | Noticed an orb of fire
 43883 | Zig:25   | Killed an orb of fire
 43884 | Zig:25   | Killed an orb of fire
 43884 | Zig:25   | Killed an orb of fire
 43884 | Zig:25   | Killed an orb of fire
 43884 | Zig:25   | Killed an orb of fire
 43885 | Zig:25   | Killed an orb of fire
 43885 | Zig:25   | Noticed an orb of fire
 43887 | Zig:25   | Noticed an orb of fire
 43889 | Zig:25   | Noticed an orb of fire
 43889 | Zig:25   | Noticed an orb of fire
 43889 | Zig:25   | Gained mutation: Scrolls take you longer to read. [an orb of fire]
 43890 | Zig:25   | Noticed an orb of fire
 43892 | Zig:25   | Killed an orb of fire
 43892 | Zig:25   | Killed an orb of fire
 43893 | Zig:25   | Noticed an orb of fire
 43893 | Zig:25   | Noticed an orb of fire
 43894 | Zig:25   | Killed an orb of fire
 43896 | Zig:25   | Killed an orb of fire
 43897 | Zig:25   | Killed an orb of fire
 43897 | Zig:25   | Killed an orb of fire
 43899 | Zig:25   | Killed an orb of fire
 43900 | Zig:25   | Noticed an orb of fire
 43903 | Zig:25   | Noticed an orb of fire
 43905 | Zig:25   | Killed an orb of fire
 43906 | Zig:25   | Killed an orb of fire
 43910 | Zig:25   | Killed an orb of fire
 43914 | Zig:25   | Noticed an orb of fire
 43919 | Zig:25   | Killed an orb of fire
 43953 | Zig:25   | Found the +7 Spriggan's Knife {MR+ EV+4 Dex+4 Stlth+}
 43966 | Zig:25   | Got a twitching granite ring
 43973 | Zig:25   | Identified the Grimoire of Execration and Contamination
 43981 | Zig:25   | Identified the ring of Vanity {+Fly rC+ rN+} (You found it on level 25 of a ziggurat)
 43983 | Zig:25   | Lost mutation: You expend magic power (3 MP) to strengthen your wands. [potion of mutation]
 43983 | Zig:25   | Lost mutation: Your magical capacity is low. (-10% MP) [potion of mutation]
 43983 | Zig:25   | Lost mutation: Your mind is acute. (Int +2) [potion of mutation]
 43983 | Zig:25   | Gained mutation: You do not regenerate when monsters are visible. [potion of mutation]
 43983 | Zig:25   | Gained mutation: Your muscles are strong. (Str +2) [potion of mutation]
 43984 | Zig:25   | Lost mutation: Your muscles are strong. (Str +2) [potion of mutation]
 43984 | Zig:25   | Lost mutation: Scrolls take you longer to read. [potion of mutation]
 43984 | Zig:25   | Lost mutation: You are resistant to hostile enchantments. (MR+) [potion of mutation]
 43984 | Zig:25   | Gained mutation: You are resistant to hostile enchantments. (MR+) [potion of mutation]
 43984 | Zig:25   | Gained mutation: You are partially covered in molten scales. (AC +2) [potion of mutation]
 43985 | Zig:25   | Lost mutation: You are resistant to hostile enchantments. (MR+) [potion of mutation]
 43985 | Zig:25   | Lost mutation: Your spells are a little harder to cast, but a little more powerful. [potion of mutation]
 43985 | Zig:25   | Gained mutation: Your mind is acute. (Int +2) [potion of mutation]
 43985 | Zig:25   | Gained mutation: You evolve. [potion of mutation]
 43986 | Zig:25   | Lost mutation: You do not regenerate when monsters are visible. [potion of mutation]
 43986 | Zig:25   | Lost mutation: You occasionally shout uncontrollably at your foes. [potion of mutation]
 43986 | Zig:25   | Lost mutation: Your mind is acute. (Int +2) [potion of mutation]
 43986 | Zig:25   | Gained mutation: You are robust. (+10% HP) [potion of mutation]
 43987 | Zig:25   | Lost mutation: Scrolls take you a little longer to read. [potion of mutation]
 43987 | Zig:25   | Lost mutation: You are partially covered in iridescent scales. (AC +2) [potion of mutation]
 43987 | Zig:25   | Lost mutation: You evolve. [potion of mutation]
 43987 | Zig:25   | Gained mutation: You have a pair of small antennae on your head. [potion of mutation]
 43987 | Zig:25   | Gained mutation: Your spells are a little harder to cast, but a little more powerful. [potion of mutation]
 44016 | Zig:26   | Entered Level 26 of a ziggurat
 44083 | Zig:26   | Found the +3 warlock's mirror {reflect}
 44101 | Zig:26   | Got a wavering bronze ring
 44132 | Zig:27   | Entered Level 27 of a ziggurat
 44137 | Zig:27   | Noticed a juggernaut
 44139 | Zig:27   | Noticed a juggernaut
 44141 | Zig:27   | Killed a juggernaut
 44141 | Zig:27   | Noticed a juggernaut
 44141 | Zig:27   | Noticed a juggernaut
 44142 | Zig:27   | Noticed a juggernaut
 44142 | Zig:27   | Killed a juggernaut
 44142 | Zig:27   | Noticed a juggernaut
 44142 | Zig:27   | Noticed a juggernaut
 44143 | Zig:27   | Killed a juggernaut
 44143 | Zig:27   | Noticed a juggernaut
 44144 | Zig:27   | Killed a juggernaut
 44144 | Zig:27   | Killed a juggernaut
 44144 | Zig:27   | Killed a juggernaut
 44144 | Zig:27   | Noticed a juggernaut
 44144 | Zig:27   | Noticed a juggernaut
 44145 | Zig:27   | Killed a juggernaut
 44145 | Zig:27   | Noticed a juggernaut
 44146 | Zig:27   | Killed a juggernaut
 44146 | Zig:27   | Killed a juggernaut
 44146 | Zig:27   | Killed a juggernaut
 44146 | Zig:27   | Noticed a juggernaut
 44147 | Zig:27   | Killed a juggernaut
 44147 | Zig:27   | Noticed a juggernaut
 44148 | Zig:27   | Killed a juggernaut
 44148 | Zig:27   | Noticed a juggernaut
 44150 | Zig:27   | Noticed a juggernaut
 44150 | Zig:27   | Killed a juggernaut
 44151 | Zig:27   | Killed a juggernaut
 44152 | Zig:27   | Noticed a juggernaut
 44152 | Zig:27   | Killed a juggernaut
 44153 | Zig:27   | Noticed a juggernaut
 44154 | Zig:27   | Killed a juggernaut
 44154 | Zig:27   | Noticed a juggernaut
 44155 | Zig:27   | Noticed a juggernaut
 44156 | Zig:27   | Killed a juggernaut
 44156 | Zig:27   | Killed a juggernaut
 44156 | Zig:27   | Noticed a juggernaut
 44157 | Zig:27   | Killed a juggernaut
 44160 | Zig:27   | Killed a juggernaut
 44228 | Zig:27   | Identified the ring "Waemufi" {*Contam +Fly rElec MR+ Int+2} (You found it on level 26 of a ziggurat)
 44233 | Zig:27   | Got a vibrating bone ring
 44245 | Zig:27   | Identified the cursed ring "Etageof" {rPois EV-5 Int+3} (You found it on level 27 of a ziggurat)
 44249 | Zig:27   | Identified the ring "Xoempyha" {Wiz Dex+6} (You found it on level 23 of a ziggurat)
 44252 | Zig:27   | Identified the ring "Forrai" {MP+9 Str-3 Int+7 Stlth-} (You found it on level 24 of a ziggurat)
 44268 | Zig:1    | Entered Level 1 of a ziggurat
 44285 | Zig:2    | Entered Level 2 of a ziggurat
 44307 | Zig:3    | Entered Level 3 of a ziggurat
 44331 | Zig:4    | Entered Level 4 of a ziggurat
 44364 | Zig:5    | Entered Level 5 of a ziggurat
 44410 | Zig:6    | Entered Level 6 of a ziggurat
 44451 | Zig:7    | Entered Level 7 of a ziggurat
 44487 | Zig:8    | Entered Level 8 of a ziggurat
 44492 | Zig:8    | Noticed an ancient lich
 44494 | Zig:8    | Killed an ancient lich
 44503 | Zig:8    | Found the -2 hat of the Alchemist {rElec rPois rF+ rC+ rN+ MR+ rMut rCorr}
 44515 | Zig:9    | Entered Level 9 of a ziggurat
 44561 | Zig:9    | Got a brightly glowing silver ring
 44563 | Zig:9    | Identified the ring "Moeleg" {rN+ Str+3 Int-4 Dex+4 Stlth+} (You found it on level 9 of a ziggurat)
 44567 | Zig:10   | Entered Level 10 of a ziggurat
 44597 | Zig:10   | Found the +6 lightning scales {run, rElec}
 44607 | Zig:10   | Identified the cursed +0 large shield "Mukhoj" {Str+4 Slay+2} (You found it on level 10 of a ziggurat)
 44611 | Zig:10   | Reached skill level 15 in Short Blades
 44619 | Zig:11   | Entered Level 11 of a ziggurat
 44684 | Zig:12   | Entered Level 12 of a ziggurat
 44684 | Zig:12   | Noticed a greater mummy
 44684 | Zig:12   | Noticed a greater mummy
 44684 | Zig:12   | Noticed a greater mummy
 44686 | Zig:12   | Noticed a greater mummy
 44688 | Zig:12   | Killed a greater mummy
 44689 | Zig:12   | Killed a greater mummy
 44689 | Zig:12   | Noticed a greater mummy
 44690 | Zig:12   | Killed a greater mummy
 44690 | Zig:12   | Killed a greater mummy
 44691 | Zig:12   | Noticed a greater mummy
 44692 | Zig:12   | Killed a greater mummy
 44693 | Zig:12   | Noticed a greater mummy
 44694 | Zig:12   | Killed a greater mummy
 44694 | Zig:12   | Noticed a greater mummy
 44696 | Zig:12   | Killed a greater mummy
 44696 | Zig:12   | Noticed a greater mummy
 44697 | Zig:12   | Noticed a greater mummy
 44697 | Zig:12   | Noticed a greater mummy
 44698 | Zig:12   | Killed a greater mummy
 44698 | Zig:12   | Noticed a greater mummy
 44699 | Zig:12   | Killed a greater mummy
 44700 | Zig:12   | Killed a greater mummy
 44700 | Zig:12   | Killed a greater mummy
 44701 | Zig:12   | Killed a greater mummy
 44701 | Zig:12   | Noticed a greater mummy
 44703 | Zig:12   | Killed a greater mummy
 44705 | Zig:12   | Noticed a greater mummy
 44705 | Zig:12   | Noticed a greater mummy
 44709 | Zig:12   | Killed a greater mummy
 44709 | Zig:12   | Killed a greater mummy
 44712 | Zig:12   | Noticed a greater mummy
 44714 | Zig:12   | Killed a greater mummy
 44746 | Zig:12   | Got a clouded bronze ring
 44747 | Zig:12   | Identified the ring of Seraetwe {rC+ MP+9 Slay+2} (You found it on level 12 of a ziggurat)
 44755 | Zig:13   | Entered Level 13 of a ziggurat
 44793 | Zig:13   | Identified Zutal's Compendium of Freezing Good Luck
 44798 | Zig:13   | Got a scorched golden amulet
 44799 | Zig:13   | Identified the amulet "Qeuhampu" {Reflect MR+ Slay+6 SH+3 SInv} (You found it on level 13 of a ziggurat)
 44806 | Zig:14   | Entered Level 14 of a ziggurat
 44810 | Zig:14   | Noticed Byfemm the pandemonium lord
 44810 | Zig:14   | Noticed Laiwunyn the pandemonium lord
 44817 | Zig:14   | Killed Fiwk the pandemonium lord
 44819 | Zig:14   | Noticed Voeveta the pandemonium lord
 44820 | Zig:14   | Killed Voeveta the pandemonium lord
 44820 | Zig:14   | Killed Cyduw the pandemonium lord
 44821 | Zig:14   | Killed Byfemm the pandemonium lord
 44822 | Zig:14   | Killed Ekicusof the pandemonium lord
 44822 | Zig:14   | Killed Puneick the pandemonium lord
 44822 | Zig:14   | Killed Laiwunyn the pandemonium lord
 44823 | Zig:14   | Noticed Okapoory the pandemonium lord
 44826 | Zig:14   | Noticed Tofiex Sue the pandemonium lord
 44827 | Zig:14   | Killed Okapoory the pandemonium lord
 44827 | Zig:14   | Noticed Fiorarph the pandemonium lord
 44828 | Zig:14   | Killed Fiorarph the pandemonium lord
 44828 | Zig:14   | Killed Rechoch the pandemonium lord
 44829 | Zig:14   | Killed Tofiex Sue the pandemonium lord
 44830 | Zig:14   | Noticed Qidas the pandemonium lord
 44831 | Zig:14   | Killed Qidas the pandemonium lord
 44837 | Zig:14   | Killed Olotiubb the pandemonium lord
 44838 | Zig:14   | Noticed Monefit the pandemonium lord
 44839 | Zig:14   | Killed Monefit the pandemonium lord
 44840 | Zig:14   | Noticed Cyfuweur the pandemonium lord
 44840 | Zig:14   | Noticed Peisuy the pandemonium lord
 44841 | Zig:14   | Killed Peisuy the pandemonium lord
 44842 | Zig:14   | Killed Cyfuweur the pandemonium lord
 44842 | Zig:14   | Killed Itriqem the pandemonium lord
 44842 | Zig:14   | Killed Coan the pandemonium lord
 44844 | Zig:14   | Noticed Cearosurph the pandemonium lord
 44847 | Zig:14   | Killed Baxum the pandemonium lord
 44848 | Zig:14   | Killed Misiug the pandemonium lord
 44851 | Zig:14   | Killed Cearosurph the pandemonium lord
 44862 | Zig:14   | Found the macabre finger necklace {rN+}
 44870 | Zig:14   | Got a pitted copper ring
 44893 | Zig:14   | Identified the cursed ring of Oceix Uco {+Fly rN+ Str+4 Dex-3} (You found it on level 14 of a ziggurat)
 44895 | Zig:14   | Identified the Reference Book on Bewitching Companions
 44905 | Zig:14   | Identified the ring "Xehaeppilo" {*Corrode rPois rC++ Slay+5 Stlth-} (You found it on level 14 of a ziggurat)
 44914 | Zig:15   | Entered Level 15 of a ziggurat
 44961 | Zig:15   | Found the +7 lajatang of Order {silver, rMut}
 44977 | Zig:16   | Entered Level 16 of a ziggurat
 45011 | Zig:16   | Found the +8 longbow "Zephyr" {speed, Dex+3 SInv}
 45044 | Zig:17   | Entered Level 17 of a ziggurat
 45092 | Zig:17   | Identified the ring of Jealousy {rF++ MR+ Dex-4 Slay+2 Stlth+} (You found it on level 17 of a ziggurat)
 45107 | Zig:18   | Entered Level 18 of a ziggurat
 45113 | Zig:18   | Reached skill level 27 in Bows
 45132 | Zig:18   | Found the ring of Shadows {Umbra +Inv Stlth+}
 45142 | Zig:18   | Identified the amulet "Beaqotusk" {RegenMP rElec Stlth+} (You found it on level 18 of a ziggurat)
 45164 | Zig:18   | Identified the ring "Tujim" {Wiz MR+} (You found it on level 18 of a ziggurat)
 45167 | Zig:19   | Entered Level 19 of a ziggurat
 45177 | Zig:19   | Lost mutation: You are robust. (+10% HP) [a neqoxec]
 45229 | Zig:19   | Found the +3 robe of Folly {Archmagi, MR-- Int+5}
 45250 | Zig:19   | Reached skill level 27 in Short Blades
 45252 | Zig:19   | Identified the cursed ring of Wuuc {rPois rN+ AC-3 Dex+3} (You found it on level 19 of a ziggurat)
 45261 | Zig:20   | Entered Level 20 of a ziggurat
 45318 | Zig:20   | Got a translucent turquoise ring
 45321 | Zig:20   | Identified the Papyrus of Poisonous Calling
 45339 | Zig:20   | Identified the ring of Heresy {rPois MP+9 Stlth+} (You found it on level 20 of a ziggurat)
 45347 | Zig:21   | Entered Level 21 of a ziggurat
 45408 | Zig:21   | Found the +4 moon troll leather armour {Spirit, Regen++ MP+5}
 45437 | Zig:21   | Got a fine ivory ring
 45439 | Zig:21   | Identified the cursed ring "Buto" {rF+ rC+ AC-4 Str-3 Dex+2} (You found it on level 21 of a ziggurat)
 45456 | Zig:22   | Entered Level 22 of a ziggurat
 45484 | Zig:22   | Noticed Qokhladoy the pandemonium lord
 45487 | Zig:22   | Killed Qokhladoy the pandemonium lord
 45547 | Zig:22   | Found the +8 frozen axe "Frostbite" {freezing cloud, *Noise +Fly rC+}
 45552 | Zig:22   | Found the +5 pair of quick blades "Gyre" and "Gimble" {pierce, Dex-3}
 45582 | Zig:22   | Identified the ring "Qobustrapu" {*Slow rPois Slay+4} (You found it on level 22 of a ziggurat)
 45592 | Zig:23   | Entered Level 23 of a ziggurat
 45602 | Zig:23   | Noticed an ancient lich
 45602 | Zig:23   | Noticed an ancient lich
 45602 | Zig:23   | Noticed an ancient lich
 45603 | Zig:23   | Killed an ancient lich
 45603 | Zig:23   | Killed an ancient lich
 45604 | Zig:23   | Killed an ancient lich
 45604 | Zig:23   | Noticed an ancient lich
 45604 | Zig:23   | Noticed an ancient lich
 45605 | Zig:23   | Killed an ancient lich
 45605 | Zig:23   | Noticed an ancient lich
 45605 | Zig:23   | Noticed an ancient lich
 45606 | Zig:23   | Noticed an ancient lich
 45606 | Zig:23   | Killed an ancient lich
 45606 | Zig:23   | Killed an ancient lich
 45606 | Zig:23   | Killed an ancient lich
 45606 | Zig:23   | Noticed an ancient lich
 45606 | Zig:23   | Noticed an ancient lich
 45607 | Zig:23   | Killed an ancient lich
 45607 | Zig:23   | Noticed an ancient lich
 45608 | Zig:23   | Noticed an ancient lich
 45608 | Zig:23   | Killed an ancient lich
 45608 | Zig:23   | Killed an ancient lich
 45609 | Zig:23   | Killed an ancient lich
 45609 | Zig:23   | Killed an ancient lich
 45609 | Zig:23   | Noticed an ancient lich
 45610 | Zig:23   | Noticed an ancient lich
 45611 | Zig:23   | Killed an ancient lich
 45611 | Zig:23   | Noticed an ancient lich
 45612 | Zig:23   | Killed an ancient lich
 45613 | Zig:23   | Killed an ancient lich
 45613 | Zig:23   | Noticed an ancient lich
 45614 | Zig:23   | Killed an ancient lich
 45615 | Zig:23   | Noticed an ancient lich
 45616 | Zig:23   | Killed an ancient lich
 45618 | Zig:23   | Noticed an ancient lich
 45618 | Zig:23   | Noticed an ancient lich
 45620 | Zig:23   | Killed an ancient lich
 45620 | Zig:23   | Killed an ancient lich
 45643 | Zig:23   | Found the brightly glowing robe
 45647 | Zig:23   | Reached skill level 27 in Maces & Flails
 45647 | Zig:23   | Reached skill level 27 in Polearms
 45647 | Zig:23   | Reached skill level 27 in Slings
 45647 | Zig:23   | Reached skill level 27 in Crossbows
 45649 | Zig:23   | Found the +8 whip "Snakebite" {curare, rPois}
 45658 | Zig:23   | Identified the Grimoire of the Mountains and Arcane Weapons
 45663 | Zig:23   | Identified the Catalogue of Captivating Earth
 45676 | Zig:23   | Identified the Volume of Attacks
 45691 | Zig:24   | Entered Level 24 of a ziggurat
 45692 | Zig:24   | Noticed a juggernaut
 45692 | Zig:24   | Noticed a juggernaut
 45692 | Zig:24   | Noticed a juggernaut
 45697 | Zig:24   | Noticed a juggernaut
 45697 | Zig:24   | Noticed a juggernaut
 45698 | Zig:24   | Killed a juggernaut
 45698 | Zig:24   | Killed a juggernaut
 45698 | Zig:24   | Noticed a juggernaut
 45699 | Zig:24   | Killed a juggernaut
 45699 | Zig:24   | Noticed a juggernaut
 45700 | Zig:24   | Killed a juggernaut
 45700 | Zig:24   | Killed a juggernaut
 45700 | Zig:24   | Killed a juggernaut
 45701 | Zig:24   | Killed a juggernaut
 45705 | Zig:24   | Noticed a juggernaut
 45706 | Zig:24   | Noticed a juggernaut
 45708 | Zig:24   | Killed a juggernaut
 45708 | Zig:24   | Killed a juggernaut
 45708 | Zig:24   | Noticed a juggernaut
 45708 | Zig:24   | Noticed a juggernaut
 45711 | Zig:24   | Killed a juggernaut
 45711 | Zig:24   | Killed a juggernaut
 45711 | Zig:24   | Noticed a juggernaut
 45711 | Zig:24   | Noticed a juggernaut
 45711 | Zig:24   | Noticed a juggernaut
 45712 | Zig:24   | Noticed a juggernaut
 45712 | Zig:24   | Noticed a juggernaut
 45713 | Zig:24   | Killed a juggernaut
 45713 | Zig:24   | Killed a juggernaut
 45713 | Zig:24   | Killed a juggernaut
 45714 | Zig:24   | Killed a juggernaut
 45714 | Zig:24   | Noticed a juggernaut
 45715 | Zig:24   | Killed a juggernaut
 45716 | Zig:24   | Killed a juggernaut
 45716 | Zig:24   | Noticed a juggernaut
 45718 | Zig:24   | Noticed a juggernaut
 45719 | Zig:24   | Killed a juggernaut
 45721 | Zig:24   | Killed a juggernaut
 45723 | Zig:24   | Noticed a juggernaut
 45726 | Zig:24   | Killed a juggernaut
 45789 | Zig:24   | Identified the ring "Matustup" {rPois rF+ MR+ SInv} (You found it on level 24 of a ziggurat)
 45792 | Zig:24   | Identified the ring of Elyvilon's Delight {rPois Int+4 Dex+5 Stlth+} (You found it on level 24 of a ziggurat)
 45798 | Zig:24   | Identified the ring of Miracles {rF+ rN++ MR+} (You found it on level 24 of a ziggurat)
 45815 | Zig:25   | Entered Level 25 of a ziggurat
 45819 | Zig:25   | Noticed an ancient lich
 45820 | Zig:25   | Killed an ancient lich
 45822 | Zig:25   | Reached skill level 27 in Poison Magic
 45822 | Zig:25   | Noticed an ancient lich
 45823 | Zig:25   | Noticed an ancient lich
 45825 | Zig:25   | Noticed an ancient lich
 45825 | Zig:25   | Killed an ancient lich
 45826 | Zig:25   | Killed an ancient lich
 45826 | Zig:25   | Killed an ancient lich
 45828 | Zig:25   | Noticed an ancient lich
 45830 | Zig:25   | Killed an ancient lich
 45831 | Zig:25   | Noticed an ancient lich
 45833 | Zig:25   | Killed an ancient lich
 45835 | Zig:25   | Noticed an ancient lich
 45835 | Zig:25   | Noticed an ancient lich
 45836 | Zig:25   | Killed an ancient lich
 45836 | Zig:25   | Noticed an ancient lich
 45837 | Zig:25   | Killed an ancient lich
 45837 | Zig:25   | Killed an ancient lich
 45839 | Zig:25   | Noticed an ancient lich
 45839 | Zig:25   | Noticed an ancient lich
 45840 | Zig:25   | Noticed an ancient lich
 45841 | Zig:25   | Killed an ancient lich
 45841 | Zig:25   | Killed an ancient lich
 45842 | Zig:25   | Killed an ancient lich
 45846 | Zig:25   | Noticed an ancient lich
 45846 | Zig:25   | Killed an ancient lich
 45891 | Zig:26   | Entered Level 26 of a ziggurat
 45891 | Zig:26   | Noticed a greater mummy
 45891 | Zig:26   | Noticed a greater mummy
 45891 | Zig:26   | Noticed a greater mummy
 45891 | Zig:26   | Noticed a greater mummy
 45891 | Zig:26   | Noticed a greater mummy
 45895 | Zig:26   | Killed a greater mummy
 45896 | Zig:26   | Killed a greater mummy
 45896 | Zig:26   | Killed a greater mummy
 45896 | Zig:26   | Killed a greater mummy
 45896 | Zig:26   | Killed a greater mummy
 45896 | Zig:26   | Noticed a greater mummy
 45899 | Zig:26   | Killed a greater mummy
 45899 | Zig:26   | Noticed a greater mummy
 45899 | Zig:26   | Noticed a greater mummy
 45899 | Zig:26   | Noticed a greater mummy
 45900 | Zig:26   | Noticed a greater mummy
 45901 | Zig:26   | Noticed a greater mummy
 45903 | Zig:26   | Killed a greater mummy
 45903 | Zig:26   | Killed a greater mummy
 45903 | Zig:26   | Killed a greater mummy
 45904 | Zig:26   | Noticed a greater mummy
 45905 | Zig:26   | Killed a greater mummy
 45905 | Zig:26   | Killed a greater mummy
 45905 | Zig:26   | Noticed a greater mummy
 45906 | Zig:26   | Noticed a greater mummy
 45907 | Zig:26   | Killed a greater mummy
 45907 | Zig:26   | Noticed a greater mummy
 45907 | Zig:26   | Noticed a greater mummy
 45907 | Zig:26   | Noticed a greater mummy
 45909 | Zig:26   | Killed a greater mummy
 45910 | Zig:26   | Killed a greater mummy
 45910 | Zig:26   | Killed a greater mummy
 45910 | Zig:26   | Noticed a greater mummy
 45911 | Zig:26   | Killed a greater mummy
 45911 | Zig:26   | Noticed a greater mummy
 45911 | Zig:26   | Noticed a greater mummy
 45912 | Zig:26   | Noticed a greater mummy
 45912 | Zig:26   | Noticed a greater mummy
 45913 | Zig:26   | Killed a greater mummy
 45913 | Zig:26   | Killed a greater mummy
 45914 | Zig:26   | Killed a greater mummy
 45914 | Zig:26   | Killed a greater mummy
 45914 | Zig:26   | Noticed a greater mummy
 45915 | Zig:26   | Noticed a greater mummy
 45916 | Zig:26   | Killed a greater mummy
 45916 | Zig:26   | Killed a greater mummy
 45918 | Zig:26   | Killed a greater mummy
 45918 | Zig:26   | Noticed a greater mummy
 45919 | Zig:26   | Noticed a greater mummy
 45920 | Zig:26   | Killed a greater mummy
 45921 | Zig:26   | Killed a greater mummy
 45921 | Zig:26   | Noticed a greater mummy
 45922 | Zig:26   | Noticed a greater mummy
 45922 | Zig:26   | Noticed a greater mummy
 45922 | Zig:26   | Noticed a greater mummy
 45923 | Zig:26   | Noticed a greater mummy
 45926 | Zig:26   | Noticed a greater mummy
 45926 | Zig:26   | Noticed a greater mummy
 45926 | Zig:26   | Noticed a greater mummy
 45926 | Zig:26   | Noticed a greater mummy
 45926 | Zig:26   | Noticed a greater mummy
 45926 | Zig:26   | Noticed a greater mummy
 45926 | Zig:26   | Noticed a greater mummy
 45927 | Zig:26   | Noticed a greater mummy
 45927 | Zig:26   | Noticed a greater mummy
 45927 | Zig:26   | Noticed a greater mummy
 45927 | Zig:26   | Noticed a greater mummy
 45927 | Zig:26   | Noticed a greater mummy
 45927 | Zig:26   | Noticed a greater mummy
 45927 | Zig:26   | Noticed a greater mummy
 45927 | Zig:26   | Noticed a greater mummy
 45927 | Zig:26   | Noticed a greater mummy
 45927 | Zig:26   | Noticed a greater mummy
 45929 | Zig:26   | Killed a greater mummy
 45929 | Zig:26   | Killed a greater mummy
 45929 | Zig:26   | Killed a greater mummy
 45929 | Zig:26   | Killed a greater mummy
 45929 | Zig:26   | Killed a greater mummy
 45929 | Zig:26   | Killed a greater mummy
 45929 | Zig:26   | Killed a greater mummy
 45929 | Zig:26   | Killed a greater mummy
 45929 | Zig:26   | Killed a greater mummy
 45929 | Zig:26   | Killed a greater mummy
 45929 | Zig:26   | Killed a greater mummy
 45929 | Zig:26   | Killed a greater mummy
 45929 | Zig:26   | Killed a greater mummy
 45929 | Zig:26   | Killed a greater mummy
 45929 | Zig:26   | Killed a greater mummy
 45929 | Zig:26   | Killed a greater mummy
 45929 | Zig:26   | Killed a greater mummy
 45929 | Zig:26   | Killed a greater mummy
 45929 | Zig:26   | Killed a greater mummy
 45929 | Zig:26   | Noticed a greater mummy
 45930 | Zig:26   | Killed a greater mummy
 45930 | Zig:26   | Killed a greater mummy
 45930 | Zig:26   | Killed a greater mummy
 45930 | Zig:26   | Killed a greater mummy
 45930 | Zig:26   | Killed a greater mummy
 45932 | Zig:26   | Noticed a greater mummy
 45934 | Zig:26   | Killed a greater mummy
 45934 | Zig:26   | Noticed a greater mummy
 45936 | Zig:26   | Killed a greater mummy
 45983 | Zig:26   | Identified the amulet "Jianaaq" {Acrobat Dex+3} (You found it on level 26 of a ziggurat)
 45990 | Zig:26   | Reached skill level 27 in Long Blades
 45990 | Zig:26   | Reached skill level 27 in Summonings
 45994 | Zig:26   | Identified the ring "Coiwnim" {MR+ Int+5} (You found it on level 26 of a ziggurat)
 46059 | Zig:27   | Entered Level 27 of a ziggurat
 46061 | Zig:27   | Noticed a juggernaut
 46061 | Zig:27   | Noticed a juggernaut
 46062 | Zig:27   | Noticed a juggernaut
 46063 | Zig:27   | Noticed a juggernaut
 46064 | Zig:27   | Killed a juggernaut
 46064 | Zig:27   | Killed a juggernaut
 46064 | Zig:27   | Noticed a juggernaut
 46065 | Zig:27   | Killed a juggernaut
 46065 | Zig:27   | Killed a juggernaut
 46065 | Zig:27   | Noticed a juggernaut
 46065 | Zig:27   | Noticed a juggernaut
 46065 | Zig:27   | Noticed a juggernaut
 46066 | Zig:27   | Killed a juggernaut
 46066 | Zig:27   | Noticed a juggernaut
 46067 | Zig:27   | Killed a juggernaut
 46068 | Zig:27   | Killed a juggernaut
 46068 | Zig:27   | Killed a juggernaut
 46068 | Zig:27   | Killed a juggernaut
 46077 | Zig:27   | Noticed a juggernaut
 46078 | Zig:27   | Noticed a juggernaut
 46081 | Zig:27   | Killed a juggernaut
 46084 | Zig:27   | Killed a juggernaut
 46085 | Zig:27   | Noticed a juggernaut
 46086 | Zig:27   | Noticed a juggernaut
 46086 | Zig:27   | Noticed a juggernaut
 46087 | Zig:27   | Killed a juggernaut
 46087 | Zig:27   | Noticed a juggernaut
 46087 | Zig:27   | Noticed a juggernaut
 46088 | Zig:27   | Killed a juggernaut
 46088 | Zig:27   | Killed a juggernaut
 46088 | Zig:27   | Noticed a juggernaut
 46090 | Zig:27   | Killed a juggernaut
 46090 | Zig:27   | Noticed a juggernaut
 46091 | Zig:27   | Killed a juggernaut
 46091 | Zig:27   | Killed a juggernaut
 46092 | Zig:27   | Noticed a juggernaut
 46092 | Zig:27   | Noticed a juggernaut
 46093 | Zig:27   | Killed a juggernaut
 46093 | Zig:27   | Noticed a juggernaut
 46094 | Zig:27   | Killed a juggernaut
 46095 | Zig:27   | Killed a juggernaut
 46095 | Zig:27   | Killed a juggernaut
 46096 | Zig:27   | Noticed a juggernaut
 46098 | Zig:27   | Killed a juggernaut
 46156 | Zig:27   | Identified the amulet "Loryshu" {Harm *Drain MP+9 Int+5 Stlth-} (You found it on level 27 of a ziggurat)
 46166 | Zig:27   | Reached skill level 27 in Hexes
 46174 | Zig:27   | Identified Vehumet's Incunabulum of Toxic Conjuration
 46187 | Zig:1    | Entered Level 1 of a ziggurat
 46205 | Zig:2    | Entered Level 2 of a ziggurat
 46214 | Zig:2    | Found the +9 heavy crossbow "Sniper" {velocity, Acc+∞ SInv}
 46225 | Zig:2    | 4thArraOfDagon: ??harm
 46225 | Zig:2    | XtahuaRules: amulet of harm[1/1]: Increases damage done by the wearer by 30% and to the wearer by 20%. Applied after AC. It applies to damage from melee, ranged, spells, abilities, evocations, clouds, falling down stairs, etc. Drains you on removal.
 46229 | Zig:3    | Entered Level 3 of a ziggurat
 46251 | Zig:4    | Entered Level 4 of a ziggurat
 46277 | Zig:5    | Entered Level 5 of a ziggurat
 46302 | Zig:6    | Entered Level 6 of a ziggurat
 46306 | Zig:6    | Noticed an ancient lich
 46307 | Zig:6    | Noticed an ancient lich
 46308 | Zig:6    | Killed an ancient lich
 46308 | Zig:6    | Killed an ancient lich
 46338 | Zig:6    | Identified the Papyrus of Noxious Shape Shifting
 46343 | Zig:7    | Entered Level 7 of a ziggurat
 46386 | Zig:8    | Entered Level 8 of a ziggurat
 46438 | Zig:9    | Entered Level 9 of a ziggurat
 46479 | Zig:9    | Identified the +7 morningstar of Destiny {freeze, -Tele Int+5} (You found it on level 9 of a ziggurat)
 46546 | Zig:10   | Entered Level 10 of a ziggurat
 46581 | Zig:10   | Found the cursed necklace of Bloodlust {*Rage +Rage MR++ Int-3 Slay+6 *Curse}
 46602 | Zig:10   | Got a transparent turquoise ring
 46606 | Zig:10   | Identified the ring of Anteho {+Fly rN+ Dex-4 Stlth+} (You found it on level 10 of a ziggurat)
 46610 | Zig:11   | Entered Level 11 of a ziggurat
 46659 | Zig:11   | Got a wavering brass ring
 46660 | Zig:11   | Identified the ring "Isisk" {Wiz *Slow rElec rF+ Dex+3} (You found it on level 11 of a ziggurat)
 46675 | Zig:11   | Got a twitching brass ring
 46676 | Zig:11   | Identified the ring "Xoxkelu" {MR- EV+3 Str+3} (You found it on level 11 of a ziggurat)
 46680 | Zig:11   | Identified the Grimoire of the Hot Ocelot
 46691 | Zig:12   | Entered Level 12 of a ziggurat
 46692 | Zig:12   | Noticed Arimysso the pandemonium lord
 46694 | Zig:12   | Noticed Ciockeuq the pandemonium lord
 46695 | Zig:12   | Noticed Fueroug the pandemonium lord
 46698 | Zig:12   | Killed Arimysso the pandemonium lord
 46699 | Zig:12   | Killed Ciockeuq the pandemonium lord
 46699 | Zig:12   | Noticed Kificzow the pandemonium lord
 46700 | Zig:12   | Noticed Femepp the pandemonium lord
 46701 | Zig:12   | Noticed Nolly the pandemonium lord
 46702 | Zig:12   | Killed Fueroug the pandemonium lord
 46702 | Zig:12   | Killed Kificzow the pandemonium lord
 46702 | Zig:12   | Noticed Mequim the pandemonium lord
 46703 | Zig:12   | Killed Nolly the pandemonium lord
 46703 | Zig:12   | Noticed Gicweca the pandemonium lord
 46704 | Zig:12   | Killed Bufakol the pandemonium lord
 46705 | Zig:12   | Paralysed by you for 5 turns
 46709 | Zig:12   | Noticed Heonia the pandemonium lord
 46710 | Zig:12   | Noticed Ditauv the pandemonium lord
 46711 | Zig:12   | Noticed Aqojoz the pandemonium lord
 46711 | Zig:12   | Noticed Tocvioxi the pandemonium lord
 46711 | Zig:12   | Noticed Zyack the pandemonium lord
 46711 | Zig:12   | Noticed Otifi the pandemonium lord
 46711 | Zig:12   | Noticed Ostraj the pandemonium lord
 46711 | Zig:12   | Noticed Xyaf the pandemonium lord
 46711 | Zig:12   | Noticed Beitint the pandemonium lord
 46711 | Zig:12   | Noticed Icicw the pandemonium lord
 46713 | Zig:12   | Killed Mequim the pandemonium lord
 46713 | Zig:12   | Killed Beitint the pandemonium lord
 46713 | Zig:12   | Noticed Biot the pandemonium lord
 46714 | Zig:12   | Killed Ditauv the pandemonium lord
 46714 | Zig:12   | Killed Heonia the pandemonium lord
 46714 | Zig:12   | Killed Gicweca the pandemonium lord
 46714 | Zig:12   | Killed Ostraj the pandemonium lord
 46714 | Zig:12   | Killed Femepp the pandemonium lord
 46715 | Zig:12   | Killed Zyack the pandemonium lord
 46715 | Zig:12   | Killed Xyaf the pandemonium lord
 46715 | Zig:12   | Killed Tocvioxi the pandemonium lord
 46715 | Zig:12   | Noticed Tiutelas the pandemonium lord
 46716 | Zig:12   | Killed Icicw the pandemonium lord
 46717 | Zig:12   | Killed Otifi the pandemonium lord
 46717 | Zig:12   | Killed Tiutelas the pandemonium lord
 46717 | Zig:12   | Killed Aqojoz the pandemonium lord
 46719 | Zig:12   | Killed Biot the pandemonium lord
 46747 | Zig:12   | Identified the ring "Buggina" {rN+ Stlth+} (You found it on level 12 of a ziggurat)
 46830 | Zig:13   | Entered Level 13 of a ziggurat
 46861 | Zig:13   | Found the +7 great mace "Firestarter" {inner flame, rF++}
 46872 | Zig:13   | Identified the ring of Fallacy {Fire Dex+3 Slay-3} (You found it on level 13 of a ziggurat)
 46892 | Zig:13   | Identified the ring "Faczing" {+Inv rPois Slay+3} (You found it on level 13 of a ziggurat)
 46897 | Zig:14   | Entered Level 14 of a ziggurat
 46897 | Zig:14   | Noticed a juggernaut
 46897 | Zig:14   | Noticed a juggernaut
 46898 | Zig:14   | Noticed a juggernaut
 46898 | Zig:14   | Noticed a juggernaut
 46899 | Zig:14   | Killed a juggernaut
 46900 | Zig:14   | Killed a juggernaut
 46900 | Zig:14   | Killed a juggernaut
 46900 | Zig:14   | Killed a juggernaut
 46901 | Zig:14   | Noticed a juggernaut
 46903 | Zig:14   | Killed a juggernaut
 46906 | Zig:14   | Noticed a juggernaut
 46907 | Zig:14   | Noticed a juggernaut
 46908 | Zig:14   | Killed a juggernaut
 46908 | Zig:14   | Noticed a juggernaut
 46909 | Zig:14   | Killed a juggernaut
 46911 | Zig:14   | Killed a juggernaut
 46913 | Zig:14   | Noticed a juggernaut
 46913 | Zig:14   | Noticed a juggernaut
 46915 | Zig:14   | Killed a juggernaut
 46915 | Zig:14   | Killed a juggernaut
 46915 | Zig:14   | Noticed a juggernaut
 46917 | Zig:14   | Killed a juggernaut
 46934 | Zig:14   | Found the +9 scales of the Dragon King {rPois rF+ rC+ MR+}
 46942 | Zig:14   | Identified the ring "Haetao" {rF+ MR- Str+5 Int+5 Dex+2} (You found it on level 14 of a ziggurat)
 46954 | Zig:14   | Identified the +0 buckler of Midwinter {rElec} (You found it on level 14 of a ziggurat)
 46958 | Zig:15   | Entered Level 15 of a ziggurat
 47006 | Zig:15   | Identified the ring "Reaghesi" {Dex+5 Slay-5 SInv} (You found it on level 15 of a ziggurat)
 47012 | Zig:15   | Identified the ring "Taym" {rElec rF+ rC++ EV+3} (You found it on level 15 of a ziggurat)
 47015 | Zig:15   | Identified the ring "Rusop" {rF+ MR+} (You found it on level 15 of a ziggurat)
 47024 | Zig:16   | Entered Level 16 of a ziggurat
 47026 | Zig:16   | Noticed Geugoona the pandemonium lord
 47026 | Zig:16   | Noticed Fesucwej the pandemonium lord
 47026 | Zig:16   | Noticed Nenoreb the pandemonium lord
 47026 | Zig:16   | Noticed Beitt the pandemonium lord
 47026 | Zig:16   | Noticed Pyokhiapn the pandemonium lord
 47026 | Zig:16   | Noticed Roozof the pandemonium lord
 47027 | Zig:16   | Noticed Minuec the pandemonium lord
 47028 | Zig:16   | Noticed Rueppeih the pandemonium lord
 47029 | Zig:16   | Killed Nenoreb the pandemonium lord
 47029 | Zig:16   | Killed Geugoona the pandemonium lord
 47030 | Zig:16   | Noticed Cukhepp the pandemonium lord
 47030 | Zig:16   | Noticed Zoag the pandemonium lord
 47030 | Zig:16   | Noticed Metum the pandemonium lord
 47031 | Zig:16   | Killed Minuec the pandemonium lord
 47031 | Zig:16   | Killed Pyokhiapn the pandemonium lord
 47031 | Zig:16   | Noticed Hibiem the pandemonium lord
 47032 | Zig:16   | Noticed Hashat the pandemonium lord
 47032 | Zig:16   | Noticed Xepowueg the pandemonium lord
 47033 | Zig:16   | Killed Beitt the pandemonium lord
 47035 | Zig:16   | Killed Metum the pandemonium lord
 47036 | Zig:16   | Killed Roozof the pandemonium lord
 47037 | Zig:16   | Killed Rueppeih the pandemonium lord
 47038 | Zig:16   | Killed Zoag the pandemonium lord
 47038 | Zig:16   | Killed Cukhepp the pandemonium lord
 47040 | Zig:16   | Killed Hibiem the pandemonium lord
 47040 | Zig:16   | Killed Xepowueg the pandemonium lord
 47040 | Zig:16   | Noticed Decepry the pandemonium lord
 47040 | Zig:16   | Noticed Ubemed the pandemonium lord
 47040 | Zig:16   | Noticed Zeceklurch the pandemonium lord
 47040 | Zig:16   | Noticed Teunlaj the pandemonium lord
 47042 | Zig:16   | Killed Hashat the pandemonium lord
 47042 | Zig:16   | Killed Ubemed the pandemonium lord
 47043 | Zig:16   | Noticed Zikliem the pandemonium lord
 47044 | Zig:16   | Killed Decepry the pandemonium lord
 47044 | Zig:16   | Noticed Bucuokurgh the pandemonium lord
 47045 | Zig:16   | Killed Bucuokurgh the pandemonium lord
 47045 | Zig:16   | Killed Uniasoicw the pandemonium lord
 47045 | Zig:16   | Killed Zeceklurch the pandemonium lord
 47045 | Zig:16   | Killed Fesucwej the pandemonium lord
 47045 | Zig:16   | Noticed Rysykkiv the pandemonium lord
 47045 | Zig:16   | Noticed Ulenlelu the pandemonium lord
 47047 | Zig:16   | Killed Ulenlelu the pandemonium lord
 47047 | Zig:16   | Killed Teunlaj the pandemonium lord
 47047 | Zig:16   | Noticed Zifa the pandemonium lord
 47047 | Zig:16   | Noticed Kinazuip the pandemonium lord
 47048 | Zig:16   | Killed Zikliem the pandemonium lord
 47048 | Zig:16   | Killed Rysykkiv the pandemonium lord
 47048 | Zig:16   | Noticed Biduanann the pandemonium lord
 47049 | Zig:16   | Killed Zifa the pandemonium lord
 47050 | Zig:16   | Killed Biduanann the pandemonium lord
 47050 | Zig:16   | Killed Kinazuip the pandemonium lord
 47054 | Zig:16   | Killed Wytz the pandemonium lord
 47055 | Zig:16   | Killed Effiaxal the pandemonium lord
 47057 | Zig:16   | Killed Qubrisow the pandemonium lord
 47060 | Zig:16   | Killed Heristrae the pandemonium lord
 47060 | Zig:16   | Noticed Plog the pandemonium lord
 47061 | Zig:16   | Killed Waggeyneng the pandemonium lord
 47061 | Zig:16   | Noticed Vuarojoc the pandemonium lord
 47062 | Zig:16   | Killed Huhigu the pandemonium lord
 47062 | Zig:16   | Killed Plog the pandemonium lord
 47062 | Zig:16   | Killed Cichaw the pandemonium lord
 47062 | Zig:16   | Killed Hudoak the pandemonium lord
 47063 | Zig:16   | Killed Vuarojoc the pandemonium lord
 47065 | Zig:16   | Killed Amovikh the pandemonium lord
 47065 | Zig:16   | Noticed Reseu the pandemonium lord
 47066 | Zig:16   | Killed Voobue the pandemonium lord
 47067 | Zig:16   | Killed Reseu the pandemonium lord
 47072 | Zig:16   | Killed Matinam the pandemonium lord
 47074 | Zig:16   | Noticed Seaxy the pandemonium lord
 47076 | Zig:16   | Killed Seaxy the pandemonium lord
 47079 | Zig:16   | Killed Veugay the pandemonium lord
 47082 | Zig:16   | Killed Peleh the pandemonium lord
 47094 | Zig:16   | Found the +1 cloak of Starlight {rElec rC+ EV+4 Stlth--}
 47104 | Zig:16   | Identified the Tome of Fiery Intoxication
 47106 | Zig:16   | Identified the cursed ring "Edeg" {Str+4 Int-5 Dex+8 Slay-3} (You found it on level 16 of a ziggurat)
 47110 | Zig:16   | Got a pitted marble ring
 47115 | Zig:16   | Identified the Guide on Confrontation
 47119 | Zig:16   | Identified the ring of Propriety {MR+ Str+4} (You found it on level 16 of a ziggurat)
 47123 | Zig:16   | Got a sparkling bronze amulet
 47139 | Zig:17   | Entered Level 17 of a ziggurat
 47141 | Zig:17   | Noticed Xaeclatu the pandemonium lord
 47141 | Zig:17   | Noticed Jodoinue the pandemonium lord
 47141 | Zig:17   | Noticed Dunomepp the pandemonium lord
 47141 | Zig:17   | Noticed Gigoegg the pandemonium lord
 47142 | Zig:17   | Noticed Laur the pandemonium lord
 47143 | Zig:17   | Noticed Ruimu the pandemonium lord
 47145 | Zig:17   | Killed Gigoegg the pandemonium lord
 47146 | Zig:17   | Killed Xaeclatu the pandemonium lord
 47147 | Zig:17   | Killed Jodoinue the pandemonium lord
 47149 | Zig:17   | Killed Ruimu the pandemonium lord
 47150 | Zig:17   | Killed Dunomepp the pandemonium lord
 47150 | Zig:17   | Noticed Satetin the pandemonium lord
 47153 | Zig:17   | Killed Satetin the pandemonium lord
 47154 | Zig:17   | Killed Douleps the pandemonium lord
 47155 | Zig:17   | Killed Acoimnol the pandemonium lord
 47155 | Zig:17   | Noticed Haoledgh the pandemonium lord
 47155 | Zig:17   | Noticed Goer the pandemonium lord
 47156 | Zig:17   | Killed Sogh the pandemonium lord
 47156 | Zig:17   | Killed Arayz the pandemonium lord
 47157 | Zig:17   | Killed Goer the pandemonium lord
 47157 | Zig:17   | Killed Laur the pandemonium lord
 47157 | Zig:17   | Killed Haoledgh the pandemonium lord
 47158 | Zig:17   | Noticed Mezei the pandemonium lord
 47159 | Zig:17   | Killed Xiagoepa the pandemonium lord
 47160 | Zig:17   | Noticed Laat the pandemonium lord
 47161 | Zig:17   | Killed Woudwet the pandemonium lord
 47161 | Zig:17   | Killed Laat the pandemonium lord
 47162 | Zig:17   | Noticed Edept the pandemonium lord
 47163 | Zig:17   | Killed Ciorac the pandemonium lord
 47163 | Zig:17   | Killed Mezei the pandemonium lord
 47164 | Zig:17   | Killed Edept the pandemonium lord
 47164 | Zig:17   | Killed Geqom the pandemonium lord
 47164 | Zig:17   | Noticed Dad Lai the pandemonium lord
 47164 | Zig:17   | Noticed Qynuvin the pandemonium lord
 47165 | Zig:17   | Killed Dad Lai the pandemonium lord
 47165 | Zig:17   | Noticed Gaucyso the pandemonium lord
 47166 | Zig:17   | Killed Wiseshy the pandemonium lord
 47168 | Zig:17   | Killed Igeddub the pandemonium lord
 47168 | Zig:17   | Killed Gaucyso the pandemonium lord
 47168 | Zig:17   | Noticed Cayf Ruifoiw the pandemonium lord
 47168 | Zig:17   | Noticed Lihoir the pandemonium lord
 47169 | Zig:17   | Killed Cayf Ruifoiw the pandemonium lord
 47169 | Zig:17   | Killed Qynuvin the pandemonium lord
 47170 | Zig:17   | Killed Lihoir the pandemonium lord
 47170 | Zig:17   | Noticed Xoighise the pandemonium lord
 47172 | Zig:17   | Killed Xoighise the pandemonium lord
 47172 | Zig:17   | Killed Uxif the pandemonium lord
 47174 | Zig:17   | Killed Buatoefe the pandemonium lord
 47174 | Zig:17   | Noticed Xirem the pandemonium lord
 47174 | Zig:17   | Noticed Geostr Wuoriz the pandemonium lord
 47175 | Zig:17   | Killed Xirem the pandemonium lord
 47175 | Zig:17   | Killed Qacoant the pandemonium lord
 47175 | Zig:17   | Noticed Tuumnar the pandemonium lord
 47176 | Zig:17   | Killed Jojawi the pandemonium lord
 47176 | Zig:17   | Killed Geostr Wuoriz the pandemonium lord
 47177 | Zig:17   | Killed Olutol the pandemonium lord
 47177 | Zig:17   | Killed Tuumnar the pandemonium lord
 47178 | Zig:17   | Killed Izurch the pandemonium lord
 47178 | Zig:17   | Noticed Siridghe the pandemonium lord
 47180 | Zig:17   | Killed Siridghe the pandemonium lord
 47180 | Zig:17   | Noticed Iqostafe the pandemonium lord
 47182 | Zig:17   | Killed Iqostafe the pandemonium lord
 47182 | Zig:17   | Killed Qajipiy the pandemonium lord
 47182 | Zig:17   | Killed Giasy the pandemonium lord
 47182 | Zig:17   | Noticed Edibufymyd the pandemonium lord
 47183 | Zig:17   | Killed Kuvemef the pandemonium lord
 47185 | Zig:17   | Killed Nuucin the pandemonium lord
 47186 | Zig:17   | Noticed Woebb the pandemonium lord
 47187 | Zig:17   | Noticed Wunou the pandemonium lord
 47187 | Zig:17   | Noticed Fikuxafu the pandemonium lord
 47188 | Zig:17   | Killed Weni the pandemonium lord
 47190 | Zig:17   | Noticed Usaadwe the pandemonium lord
 47190 | Zig:17   | Noticed Madotrin the pandemonium lord
 47195 | Zig:17   | Noticed Iryvy the pandemonium lord
 47196 | Zig:17   | Killed Woebb the pandemonium lord
 47196 | Zig:17   | Killed Edibufymyd the pandemonium lord
 47203 | Zig:17   | Noticed Fowow the pandemonium lord
 47204 | Zig:17   | Noticed Onic the pandemonium lord
 47204 | Zig:17   | Killed Wunou the pandemonium lord
 47204 | Zig:17   | Killed Usaadwe the pandemonium lord
 47207 | Zig:17   | Noticed Siruodel the pandemonium lord
 47208 | Zig:17   | Killed Madotrin the pandemonium lord
 47211 | Zig:17   | Killed Fowow the pandemonium lord
 47213 | Zig:17   | Killed Siruodel the pandemonium lord
 47215 | Zig:17   | Killed Fikuxafu the pandemonium lord
 47217 | Zig:17   | Killed Iryvy the pandemonium lord
 47217 | Zig:17   | Killed Onic the pandemonium lord
 47262 | Zig:17   | Identified Sif Muna's Almanac of Lucky Heat
 47268 | Zig:17   | Identified the amulet "Jirap" {Gourm rF- rC+ Slay+6 Stlth+} (You found it on level 17 of a ziggurat)
 47272 | Zig:17   | Got a flickering lapis lazuli ring
 47274 | Zig:17   | Identified the ring of Spite {rCorr +Blink} (You found it on level 17 of a ziggurat)
 47287 | Zig:17   | Identified the Tome of Boosting Conjuration
 47305 | Zig:18   | Entered Level 18 of a ziggurat
 47305 | Zig:18   | Noticed a juggernaut
 47305 | Zig:18   | Noticed a juggernaut
 47305 | Zig:18   | Noticed a juggernaut
 47305 | Zig:18   | Noticed a juggernaut
 47305 | Zig:18   | Noticed a juggernaut
 47306 | Zig:18   | Noticed a juggernaut
 47307 | Zig:18   | Killed a juggernaut
 47307 | Zig:18   | Killed a juggernaut
 47307 | Zig:18   | Killed a juggernaut
 47307 | Zig:18   | Killed a juggernaut
 47307 | Zig:18   | Noticed a juggernaut
 47307 | Zig:18   | Noticed a juggernaut
 47308 | Zig:18   | Killed a juggernaut
 47308 | Zig:18   | Killed a juggernaut
 47308 | Zig:18   | Noticed a juggernaut
 47308 | Zig:18   | Noticed a juggernaut
 47309 | Zig:18   | Killed a juggernaut
 47309 | Zig:18   | Killed a juggernaut
 47309 | Zig:18   | Noticed a juggernaut
 47310 | Zig:18   | Killed a juggernaut
 47310 | Zig:18   | Killed a juggernaut
 47310 | Zig:18   | Noticed a juggernaut
 47311 | Zig:18   | Killed a juggernaut
 47311 | Zig:18   | Noticed a juggernaut
 47312 | Zig:18   | Killed a juggernaut
 47312 | Zig:18   | Noticed a juggernaut
 47312 | Zig:18   | Noticed a juggernaut
 47313 | Zig:18   | Killed a juggernaut
 47313 | Zig:18   | Noticed a juggernaut
 47314 | Zig:18   | Killed a juggernaut
 47314 | Zig:18   | Killed a juggernaut
 47315 | Zig:18   | Killed a juggernaut
 47316 | Zig:18   | Noticed a juggernaut
 47318 | Zig:18   | Noticed a juggernaut
 47319 | Zig:18   | Noticed a juggernaut
 47320 | Zig:18   | Killed a juggernaut
 47320 | Zig:18   | Killed a juggernaut
 47320 | Zig:18   | Killed a juggernaut
 47323 | Zig:18   | Noticed a juggernaut
 47325 | Zig:18   | Killed a juggernaut
 47360 | Zig:18   | Got a scintillating golden ring
 47370 | Zig:18   | Identified the ring of Eternal Harmony {rPois rF+ rC- rN+++ Int-5} (You found it on level 18 of a ziggurat)
 47373 | Zig:18   | Got a vibrating bone ring
 47374 | Zig:18   | Identified the ring of Egalitarianism {Wiz rC+ rN+ MR+ Dex+4} (You found it on level 18 of a ziggurat)
 47384 | Zig:18   | Identified the amulet "Lutaobru" {Faith rF+ Int+3} (You found it on level 16 of a ziggurat)
 47394 | Zig:18   | Got a faintly glowing golden ring
 47395 | Zig:18   | Identified the ring "Betuwy" {Fire Int+3 Stlth+} (You found it on level 18 of a ziggurat)
 47403 | Zig:19   | Entered Level 19 of a ziggurat
 47466 | Zig:19   | Found the +2 pair of boots of the Assassin {Detection Stab+ Stlth++}
 47487 | Zig:19   | Identified the Incunabulum of Lucky Ice
 47494 | Zig:19   | Identified the +1 shield "Facuoss" {rPois} (You acquired it on level 19 of a ziggurat)
 47499 | Zig:20   | Entered Level 20 of a ziggurat
 47499 | Zig:20   | Noticed a juggernaut
 47499 | Zig:20   | Noticed a juggernaut
 47499 | Zig:20   | Noticed a juggernaut
 47501 | Zig:20   | Killed a juggernaut
 47501 | Zig:20   | Killed a juggernaut
 47502 | Zig:20   | Killed a juggernaut
 47502 | Zig:20   | Noticed a juggernaut
 47505 | Zig:20   | Noticed a juggernaut
 47505 | Zig:20   | Noticed a juggernaut
 47506 | Zig:20   | Killed a juggernaut
 47506 | Zig:20   | Killed a juggernaut
 47506 | Zig:20   | Noticed a juggernaut
 47506 | Zig:20   | Noticed a juggernaut
 47506 | Zig:20   | Noticed a juggernaut
 47506 | Zig:20   | Noticed a juggernaut
 47507 | Zig:20   | Killed a juggernaut
 47507 | Zig:20   | Noticed a juggernaut
 47507 | Zig:20   | Noticed a juggernaut
 47508 | Zig:20   | Killed a juggernaut
 47508 | Zig:20   | Killed a juggernaut
 47508 | Zig:20   | Killed a juggernaut
 47509 | Zig:20   | Killed a juggernaut
 47509 | Zig:20   | Killed a juggernaut
 47510 | Zig:20   | Killed a juggernaut
 47510 | Zig:20   | Noticed a juggernaut
 47511 | Zig:20   | Noticed a juggernaut
 47512 | Zig:20   | Killed a juggernaut
 47512 | Zig:20   | Noticed a juggernaut
 47513 | Zig:20   | Killed a juggernaut
 47514 | Zig:20   | Killed a juggernaut
 47514 | Zig:20   | Noticed a juggernaut
 47515 | Zig:20   | Noticed a juggernaut
 47516 | Zig:20   | Killed a juggernaut
 47516 | Zig:20   | Noticed a juggernaut
 47518 | Zig:20   | Killed a juggernaut
 47518 | Zig:20   | Killed a juggernaut
 47518 | Zig:20   | Noticed a juggernaut
 47520 | Zig:20   | Noticed a juggernaut
 47521 | Zig:20   | Killed a juggernaut
 47522 | Zig:20   | Killed a juggernaut
 47525 | Zig:20   | Noticed a juggernaut
 47526 | Zig:20   | Killed a juggernaut
 47564 | Zig:20   | Identified the ring "Ehifal" {rElec AC+4 Str+7} (You found it on level 20 of a ziggurat)
 47573 | Zig:20   | Got a distressingly furry hat
 47576 | Zig:20   | Identified the -2 hat of the Eternal Void {rF+ Slay+2} (You acquired it on level 20 of a ziggurat)
 47584 | Zig:20   | Identified the amulet of Jator {Harm *Drain Slay+3} (You found it on level 20 of a ziggurat)
 47607 | Zig:21   | Entered Level 21 of a ziggurat
 47610 | Zig:21   | Noticed an ancient lich
 47611 | Zig:21   | Noticed an ancient lich
 47611 | Zig:21   | Noticed an ancient lich
 47611 | Zig:21   | Noticed an ancient lich
 47613 | Zig:21   | Noticed an ancient lich
 47613 | Zig:21   | Noticed an ancient lich
 47613 | Zig:21   | Noticed an ancient lich
 47614 | Zig:21   | Killed an ancient lich
 47614 | Zig:21   | Killed an ancient lich
 47614 | Zig:21   | Killed an ancient lich
 47614 | Zig:21   | Killed an ancient lich
 47614 | Zig:21   | Killed an ancient lich
 47615 | Zig:21   | Killed an ancient lich
 47615 | Zig:21   | Killed an ancient lich
 47616 | Zig:21   | Noticed an ancient lich
 47617 | Zig:21   | Killed an ancient lich
 47617 | Zig:21   | Noticed an ancient lich
 47617 | Zig:21   | Noticed an ancient lich
 47618 | Zig:21   | Killed an ancient lich
 47619 | Zig:21   | Killed an ancient lich
 47619 | Zig:21   | Noticed an ancient lich
 47619 | Zig:21   | Noticed an ancient lich
 47619 | Zig:21   | Noticed an ancient lich
 47620 | Zig:21   | Killed an ancient lich
 47620 | Zig:21   | Killed an ancient lich
 47620 | Zig:21   | Killed an ancient lich
 47622 | Zig:21   | Noticed an ancient lich
 47623 | Zig:21   | Killed an ancient lich
 47623 | Zig:21   | Noticed an ancient lich
 47623 | Zig:21   | Noticed an ancient lich
 47624 | Zig:21   | Killed an ancient lich
 47624 | Zig:21   | Killed an ancient lich
 47626 | Zig:21   | Noticed an ancient lich
 47627 | Zig:21   | Killed an ancient lich
 47629 | Zig:21   | Noticed an ancient lich
 47630 | Zig:21   | Killed an ancient lich
 47630 | Zig:21   | Noticed an ancient lich
 47631 | Zig:21   | Killed an ancient lich
 47639 | Zig:21   | Noticed an ancient lich
 47639 | Zig:21   | Noticed an ancient lich
 47640 | Zig:21   | Killed an ancient lich
 47640 | Zig:21   | Killed an ancient lich
 47661 | Zig:21   | Identified the ring of Altruism {*Contam rN+ Int+3 Slay+4 Stlth+} (You found it on level 21 of a ziggurat)
 47693 | Zig:22   | Entered Level 22 of a ziggurat
 47697 | Zig:22   | Noticed an ancient lich
 47697 | Zig:22   | Noticed an ancient lich
 47698 | Zig:22   | Killed an ancient lich
 47698 | Zig:22   | Noticed an ancient lich
 47699 | Zig:22   | Noticed an ancient lich
 47699 | Zig:22   | Killed an ancient lich
 47700 | Zig:22   | Killed an ancient lich
 47700 | Zig:22   | Killed an ancient lich
 47701 | Zig:22   | Noticed an ancient lich
 47702 | Zig:22   | Noticed an ancient lich
 47702 | Zig:22   | Killed an ancient lich
 47702 | Zig:22   | Killed an ancient lich
 47702 | Zig:22   | Noticed an ancient lich
 47703 | Zig:22   | Noticed an ancient lich
 47703 | Zig:22   | Noticed an ancient lich
 47703 | Zig:22   | Noticed an ancient lich
 47704 | Zig:22   | Killed an ancient lich
 47704 | Zig:22   | Noticed an ancient lich
 47705 | Zig:22   | Killed an ancient lich
 47705 | Zig:22   | Killed an ancient lich
 47705 | Zig:22   | Killed an ancient lich
 47705 | Zig:22   | Noticed an ancient lich
 47706 | Zig:22   | Killed an ancient lich
 47707 | Zig:22   | Killed an ancient lich
 47707 | Zig:22   | Noticed an ancient lich
 47708 | Zig:22   | Killed an ancient lich
 47708 | Zig:22   | Noticed an ancient lich
 47709 | Zig:22   | Killed an ancient lich
 47712 | Zig:22   | Noticed an ancient lich
 47713 | Zig:22   | Noticed an ancient lich
 47714 | Zig:22   | Killed an ancient lich
 47714 | Zig:22   | Noticed an ancient lich
 47714 | Zig:22   | Noticed an ancient lich
 47715 | Zig:22   | Killed an ancient lich
 47716 | Zig:22   | Killed an ancient lich
 47716 | Zig:22   | Killed an ancient lich
 47718 | Zig:22   | Noticed an ancient lich
 47719 | Zig:22   | Killed an ancient lich
 47719 | Zig:22   | Noticed an ancient lich
 47719 | Zig:22   | Noticed an ancient lich
 47720 | Zig:22   | Killed an ancient lich
 47721 | Zig:22   | Killed an ancient lich
 47726 | Zig:22   | Noticed an ancient lich
 47728 | Zig:22   | Killed an ancient lich
 47728 | Zig:22   | Noticed an ancient lich
 47730 | Zig:22   | Killed an ancient lich
 47749 | Zig:22   | Found the ring of the Octopus King
 47754 | Zig:22   | Identified the amulet of Ygeckoul {Harm *Drain rC+} (You found it on level 22 of a ziggurat)
 47757 | Zig:22   | Got a warped granite ring
 47760 | Zig:22   | Identified the cursed ring "Jomunati" {rF+ AC-3} (You found it on level 22 of a ziggurat)
 47772 | Zig:22   | Got a ring of the Octopus King
 47776 | Zig:22   | Identified a ring of the Octopus King {AC+1 EV+1 Str+1 Int+1 Dex+1 SInv} (You found it on level 22 of a ziggurat)
 47793 | Zig:23   | Entered Level 23 of a ziggurat
 47831 | Zig:23   | Noticed Iteteu the pandemonium lord
 47833 | Zig:23   | Killed Iteteu the pandemonium lord
 47906 | Zig:23   | Got a faintly glowing turquoise ring
 47923 | Zig:23   | Identified the ring of Quurph {AC+4 Str+3} (You found it on level 23 of a ziggurat)
 47926 | Zig:23   | Got a scorched diamond amulet
 47936 | Zig:24   | Entered Level 24 of a ziggurat
 47988 | Zig:24   | Found the +8 orange crystal plate armour {Archmagi, Int+3 Clar}
 48008 | Zig:24   | Identified the amulet of Uliul {Harm *Drain rElec Dex+4} (You found it on level 23 of a ziggurat)
 48012 | Zig:24   | Got a scintillating marble ring
 48036 | Zig:24   | Identified the ring "Busig" {rC+ MR- Int+3 Dex+3} (You found it on level 24 of a ziggurat)
 48039 | Zig:24   | Got a coiled iron ring
 48040 | Zig:24   | Identified the ring of Riem {Wiz *Corrode rC+ Str+3 Int+4} (You found it on level 24 of a ziggurat)
 48048 | Zig:25   | Entered Level 25 of a ziggurat
 48113 | Zig:25   | Got a warped lead ring
 48114 | Zig:25   | Identified the Papyrus of Helpful Transmutation
 48118 | Zig:25   | Identified the Guide on Sinister Magic
 48125 | Zig:25   | Identified the Papyrus of Assistive Toxins
 48134 | Zig:25   | Identified the ring of Vyumiasy {+Inv AC+4 Str+4 Int-3 Slay+2} (You found it on level 25 of a ziggurat)
 48138 | Zig:25   | Got a brightly glowing iron amulet
 48147 | Zig:26   | Entered Level 26 of a ziggurat
 48258 | Zig:27   | Entered Level 27 of a ziggurat
 48259 | Zig:27   | Noticed a juggernaut
 48259 | Zig:27   | Noticed a juggernaut
 48260 | Zig:27   | Noticed a juggernaut
 48260 | Zig:27   | Noticed a juggernaut
 48261 | Zig:27   | Noticed a juggernaut
 48261 | Zig:27   | Noticed a juggernaut
 48262 | Zig:27   | Noticed a juggernaut
 48262 | Zig:27   | Killed a juggernaut
 48262 | Zig:27   | Noticed a juggernaut
 48262 | Zig:27   | Noticed a juggernaut
 48263 | Zig:27   | Killed a juggernaut
 48263 | Zig:27   | Killed a juggernaut
 48263 | Zig:27   | Killed a juggernaut
 48263 | Zig:27   | Killed a juggernaut
 48263 | Zig:27   | Killed a juggernaut
 48264 | Zig:27   | Killed a juggernaut
 48264 | Zig:27   | Killed a juggernaut
 48264 | Zig:27   | Killed a juggernaut
 48264 | Zig:27   | Noticed a juggernaut
 48265 | Zig:27   | Noticed a juggernaut
 48265 | Zig:27   | Noticed a juggernaut
 48265 | Zig:27   | Noticed a juggernaut
 48266 | Zig:27   | Killed a juggernaut
 48266 | Zig:27   | Noticed a juggernaut
 48267 | Zig:27   | Killed a juggernaut
 48267 | Zig:27   | Killed a juggernaut
 48267 | Zig:27   | Noticed a juggernaut
 48268 | Zig:27   | Killed a juggernaut
 48268 | Zig:27   | Killed a juggernaut
 48268 | Zig:27   | Noticed a juggernaut
 48269 | Zig:27   | Killed a juggernaut
 48269 | Zig:27   | Noticed a juggernaut
 48270 | Zig:27   | Killed a juggernaut
 48271 | Zig:27   | Noticed a juggernaut
 48272 | Zig:27   | Killed a juggernaut
 48272 | Zig:27   | Noticed a juggernaut
 48272 | Zig:27   | Noticed a juggernaut
 48273 | Zig:27   | Noticed a juggernaut
 48274 | Zig:27   | Killed a juggernaut
 48274 | Zig:27   | Killed a juggernaut
 48274 | Zig:27   | Killed a juggernaut
 48274 | Zig:27   | 4thArraOfDagon: ??ziggurat
 48274 | Zig:27   | XtahuaRules: ziggurat[1/7]: A one-entry-only portal branch in which the player must battle their way through a series of (up to 27; leave after any floor) rooms for loot. The size of each room, difficulty of the randomly-selected monster set, and size of the loot pile increases with each level. One Zig is guaranteed in Depths. You need 2 runes to enter.
 48274 | Zig:27   | 4thArraOfDagon: ??ziggurat[2
 48274 | Zig:27   | XtahuaRules: ziggurat[2/7]: New in 0.16, every ziggurat you complete (from floor 27) will make all future ziggurats have more and harder monsters - effectively capping after 13 completed zigs. Are you up to the challenge?
 48274 | Zig:27   | Noticed a juggernaut
 48275 | Zig:27   | Noticed a juggernaut
 48276 | Zig:27   | Killed a juggernaut
 48277 | Zig:27   | Killed a juggernaut
 48277 | Zig:27   | Killed a juggernaut
 48282 | Zig:27   | Noticed a juggernaut
 48282 | Zig:27   | Noticed a juggernaut
 48283 | Zig:27   | Noticed a juggernaut
 48284 | Zig:27   | Killed a juggernaut
 48284 | Zig:27   | Killed a juggernaut
 48284 | Zig:27   | Noticed a juggernaut
 48285 | Zig:27   | Killed a juggernaut
 48285 | Zig:27   | Noticed a juggernaut
 48285 | Zig:27   | Noticed a juggernaut
 48286 | Zig:27   | Killed a juggernaut
 48287 | Zig:27   | Killed a juggernaut
 48287 | Zig:27   | Killed a juggernaut
 48290 | Zig:27   | Noticed a juggernaut
 48293 | Zig:27   | Killed a juggernaut
 48324 | Zig:27   | Identified the amulet of Mosus {Acrobat rN+} (You found it on level 25 of a ziggurat)
 48349 | Zig:27   | Identified the amulet "Kivvuala" {Reflect MR++ SH+2} (You found it on level 27 of a ziggurat)
 48353 | Zig:27   | Identified the ring of Wu Jian's Fury {rPois rF++ MR+ Int+4 Dex-3 SInv} (You found it on level 27 of a ziggurat)
 48360 | Zig:27   | Identified the Disquisition on Fire and Snow
 48377 | Zig:1    | Entered Level 1 of a ziggurat
 48389 | Zig:2    | Entered Level 2 of a ziggurat
 48415 | Zig:3    | Entered Level 3 of a ziggurat
 48453 | Zig:3    | Identified the Grimoire of Combat Magic and Dislocation
 48455 | Zig:4    | Entered Level 4 of a ziggurat
 48455 | Zig:4    | Noticed an ancient lich
 48457 | Zig:4    | Noticed an ancient lich
 48459 | Zig:4    | Killed an ancient lich
 48460 | Zig:4    | Killed an ancient lich
 48460 | Zig:4    | Killed an ancient lich
 48487 | Zig:5    | Entered Level 5 of a ziggurat
 48508 | Zig:5    | Got a warped wooden ring
 48510 | Zig:5    | Identified Theurgy, Part One
 48535 | Zig:5    | Identified the ring of Onwom {Str+4 Int+5} (You found it on level 5 of a ziggurat)
 48539 | Zig:6    | Entered Level 6 of a ziggurat
 48553 | Zig:6    | Noticed Xatoes Mohau the pandemonium lord
 48558 | Zig:6    | Killed Xatoes Mohau the pandemonium lord
 48581 | Zig:6    | Got a bound zirconium amulet
 48584 | Zig:6    | Identified the amulet of Ruta {Faith rF+ MP+9 Str+3} (You found it on level 6 of a ziggurat)
 48588 | Zig:7    | Entered Level 7 of a ziggurat
 48625 | Zig:8    | Entered Level 8 of a ziggurat
 48692 | Zig:9    | Entered Level 9 of a ziggurat
 48703 | Zig:9    | Noticed Dusoz the pandemonium lord
 48705 | Zig:9    | Killed Dusoz the pandemonium lord
 48789 | Zig:10   | Entered Level 10 of a ziggurat
 48834 | Zig:10   | Got a glittering marble ring
 48835 | Zig:10   | Identified the ring of Xom's Entertainment {+Fly rPois rN+ Int-2} (You found it on level 10 of a ziggurat)
 48854 | Zig:11   | Entered Level 11 of a ziggurat
 48915 | Zig:12   | Entered Level 12 of a ziggurat
 48979 | Zig:12   | Got a vibrating platinum ring
 48985 | Zig:12   | Got a brightly glowing steel ring
 49037 | Zig:13   | Entered Level 13 of a ziggurat
 49053 | Zig:13   | Noticed an ancient lich
 49053 | Zig:13   | Killed an ancient lich
 49053 | Zig:13   | Noticed an ancient lich
 49055 | Zig:13   | Killed an ancient lich
 49058 | Zig:13   | Noticed an ancient lich
 49059 | Zig:13   | Killed an ancient lich
 49059 | Zig:13   | Noticed an ancient lich
 49060 | Zig:13   | Killed an ancient lich
 49062 | Zig:13   | Noticed an ancient lich
 49064 | Zig:13   | Killed an ancient lich
 49067 | Zig:13   | Noticed an ancient lich
 49068 | Zig:13   | Killed an ancient lich
 49121 | Zig:13   | Identified the +5 large shield of Wuily {*Corrode Str+4 Int+6} (You acquired it on level 13 of a ziggurat)
 49124 | Zig:13   | Identified the +9 large shield of Proximity {Dex+2} (You acquired it on level 13 of a ziggurat)
 49127 | Zig:14   | Entered Level 14 of a ziggurat
 49170 | Zig:14   | 4thArraOfDagon: https://www.youtube.com/watch?v=k1TwVLmOhiU
 49206 | Zig:14   | Got a heavily runed golden ring
 49217 | Zig:14   | Identified the ring "Juwkackol" {Int+3 Dex+3 Stlth+} (You found it on level 12 of a ziggurat)
 49218 | Zig:14   | Identified the ring of Conflict {Ice Int+5 Stlth+} (You found it on level 12 of a ziggurat)
 49219 | Zig:14   | Identified the ring of Youthful Indiscretion {MR+ Str+6} (You found it on level 14 of a ziggurat)
 49226 | Zig:15   | Entered Level 15 of a ziggurat
 49302 | Zig:16   | Entered Level 16 of a ziggurat
 49404 | Zig:16   | Got a sparkling bronze ring
 49419 | Zig:16   | Identified the ring "Cerphad" {+Fly rF+ Slay+2 Stlth+} (You found it on level 16 of a ziggurat)
 49456 | Zig:17   | Entered Level 17 of a ziggurat
 49566 | Zig:17   | Found the ring of the Octopus King
 49573 | Zig:17   | Got a ring of the Octopus King
 49577 | Zig:17   | Got a sparkling iron ring
 49578 | Zig:17   | Identified the ring of Ytaej {Fire +Inv Dex+4} (You found it on level 17 of a ziggurat)
 49580 | Zig:17   | Identified a ring of the Octopus King {rCorr AC+1 EV+1 Str+1 Int+1 Dex+1} (You found it on level 17 of a ziggurat)
 49584 | Zig:17   | Got a wavering amber ring
 49589 | Zig:17   | Identified the ring of Wu Jian's Reproof {rC+ Int+3} (You found it on level 17 of a ziggurat)
 49624 | Zig:18   | Entered Level 18 of a ziggurat
 49639 | Zig:18   | Killed Reasemoa the pandemonium lord
 49641 | Zig:18   | Killed Pagiaxzy the pandemonium lord
 49642 | Zig:18   | Killed Zubruk the pandemonium lord
 49643 | Zig:18   | Killed Taridd the pandemonium lord
 49643 | Zig:18   | Killed Siosugg the pandemonium lord
 49646 | Zig:18   | Noticed Puil Puo the pandemonium lord
 49648 | Zig:18   | Killed Fiwk the pandemonium lord
 49649 | Zig:18   | Killed Puil Puo the pandemonium lord
 49651 | Zig:18   | Killed Ohypliu the pandemonium lord
 49651 | Zig:18   | Killed Foozerchi the pandemonium lord
 49653 | Zig:18   | Killed Inyitut the pandemonium lord
 49654 | Zig:18   | Noticed Soplaus the pandemonium lord
 49657 | Zig:18   | Killed Soplaus the pandemonium lord
 49658 | Zig:18   | Noticed Motige the pandemonium lord
 49660 | Zig:18   | Killed Motige the pandemonium lord
 49661 | Zig:18   | Noticed Loax the pandemonium lord
 49662 | Zig:18   | Noticed Plog the pandemonium lord
 49663 | Zig:18   | Killed Vytut the pandemonium lord
 49663 | Zig:18   | Killed Viefium the pandemonium lord
 49664 | Zig:18   | Killed Loax the pandemonium lord
 49664 | Zig:18   | Killed Plog the pandemonium lord
 49664 | Zig:18   | Killed Verhoin the pandemonium lord
 49664 | Zig:18   | Killed Niseown the pandemonium lord
 49670 | Zig:18   | Noticed Pacveipo the pandemonium lord
 49670 | Zig:18   | Noticed Sustenock the pandemonium lord
 49670 | Zig:18   | Noticed Uzuuvet the pandemonium lord
 49671 | Zig:18   | Killed Pacveipo the pandemonium lord
 49671 | Zig:18   | Killed Uzuuvet the pandemonium lord
 49671 | Zig:18   | Noticed Osis the pandemonium lord
 49671 | Zig:18   | Noticed Plog the pandemonium lord
 49672 | Zig:18   | Killed Sustenock the pandemonium lord
 49672 | Zig:18   | Noticed Giladu the pandemonium lord
 49673 | Zig:18   | Killed Osis the pandemonium lord
 49673 | Zig:18   | Killed Giladu the pandemonium lord
 49673 | Zig:18   | Killed Xyiwkadgh the pandemonium lord
 49673 | Zig:18   | Killed Mymuo the pandemonium lord
 49673 | Zig:18   | Killed Riejesuu the pandemonium lord
 49673 | Zig:18   | Killed Relaec the pandemonium lord
 49673 | Zig:18   | Killed Agewk the pandemonium lord
 49674 | Zig:18   | Killed Plog the pandemonium lord
 49674 | Zig:18   | Noticed Igukhluo the pandemonium lord
 49674 | Zig:18   | Noticed Tuacya the pandemonium lord
 49675 | Zig:18   | Killed Tuacya the pandemonium lord
 49675 | Zig:18   | Killed Igukhluo the pandemonium lord
 49676 | Zig:18   | Noticed Hicu the pandemonium lord
 49676 | Zig:18   | Noticed Sarinaaph the pandemonium lord
 49677 | Zig:18   | Killed Hicu the pandemonium lord
 49677 | Zig:18   | Noticed Wibouma the pandemonium lord
 49678 | Zig:18   | Killed Puczof the pandemonium lord
 49678 | Zig:18   | Killed Sarinaaph the pandemonium lord
 49679 | Zig:18   | Noticed Fuwkyfao the pandemonium lord
 49679 | Zig:18   | Noticed Upnaymis the pandemonium lord
 49680 | Zig:18   | Killed Wibouma the pandemonium lord
 49680 | Zig:18   | Killed Hotiffiw the pandemonium lord
 49680 | Zig:18   | Noticed Firoso the pandemonium lord
 49680 | Zig:18   | Killed Upnaymis the pandemonium lord
 49681 | Zig:18   | Killed Fuwkyfao the pandemonium lord
 49681 | Zig:18   | Killed Radghoyqoll the pandemonium lord
 49681 | Zig:18   | Killed Zatuuker the pandemonium lord
 49681 | Zig:18   | Killed Wivugote the pandemonium lord
 49682 | Zig:18   | Killed Firoso the pandemonium lord
 49683 | Zig:18   | Killed Uhie the pandemonium lord
 49684 | Zig:18   | Noticed Giucughontu the pandemonium lord
 49686 | Zig:18   | Killed Giucughontu the pandemonium lord
 49687 | Zig:18   | Killed Ynublui the pandemonium lord
 49687 | Zig:18   | Killed Kamnar the pandemonium lord
 49689 | Zig:18   | Killed Keim the pandemonium lord
 49689 | Zig:18   | Noticed Diomn the pandemonium lord
 49690 | Zig:18   | Noticed Doxt the pandemonium lord
 49691 | Zig:18   | Killed Diomn the pandemonium lord
 49691 | Zig:18   | Killed Doxt the pandemonium lord
 49691 | Zig:18   | Killed Kokhoev the pandemonium lord
 49696 | Zig:18   | Killed Somoehass the pandemonium lord
 49698 | Zig:18   | Noticed Lerrou the pandemonium lord
 49700 | Zig:18   | Killed Lerrou the pandemonium lord
 49710 | Zig:18   | Killed Qicump the pandemonium lord
 49714 | Zig:18   | Noticed Qyill the pandemonium lord
 49716 | Zig:18   | Killed Qyill the pandemonium lord
 49719 | Zig:18   | Killed Ugoqeiz the pandemonium lord
 49722 | Zig:18   | Noticed Sepraon the pandemonium lord
 49723 | Zig:18   | Killed Sepraon the pandemonium lord
 49724 | Zig:18   | Noticed Mestig the pandemonium lord
 49727 | Zig:18   | Killed Mestig the pandemonium lord
 49754 | Zig:18   | Got a glittering copper ring
 49764 | Zig:18   | Got a crude steel amulet
 49765 | Zig:18   | Identified the amulet "Ohaaveny" {Spirit Dex+4} (You found it on level 18 of a ziggurat)
 49767 | Zig:18   | Identified the ring "Kamyogadgh" {EV+5 Int+3} (You found it on level 18 of a ziggurat)
 49775 | Zig:19   | Entered Level 19 of a ziggurat
 49927 | Zig:20   | Entered Level 20 of a ziggurat
 50042 | Zig:20   | Identified the +9 large shield "Icleocra" {rCorr} (You took it off a daeva on level 20 of a ziggurat)
 50051 | Zig:20   | Identified the +0 large shield "Plog" {+Fly rCorr} (You took it off a daeva on level 20 of a ziggurat)
 50060 | Zig:20   | Identified the cursed -4 buckler of Oxty {*Drain Regen+ Int+8 Stlth-} (You took it off a cherub on level 20 of a ziggurat)
 50066 | Zig:20   | Identified the +8 large shield "Rudekeig" {rF+ Regen+ Dex+2} (You took it off a daeva on level 20 of a ziggurat)
 50072 | Zig:20   | Identified the cursed +0 large shield "Padampi" {*Slow MR++ Dex+7} (You took it off a daeva on level 20 of a ziggurat)
 50096 | Zig:20   | Found the ring of the Octopus King
 50103 | Zig:20   | Got a ring of the Octopus King
 50111 | Zig:20   | Got a shimmering granite ring
 50127 | Zig:21   | Entered Level 21 of a ziggurat
 50190 | Zig:22   | Entered Level 22 of a ziggurat
 50308 | Zig:22   | Found the ring of the Octopus King
 50318 | Zig:22   | Got a ring of the Octopus King
 50323 | Zig:22   | Got a bound steel ring
 50340 | Zig:22   | Identified the ring of Jafirph {Wiz Str+8} (You found it on level 20 of a ziggurat)
 50342 | Zig:22   | Identified the ring "Enesil" {rElec rF+ rC- rN+ Int+5} (You found it on level 22 of a ziggurat)
 50349 | Zig:23   | Entered Level 23 of a ziggurat
 50359 | Zig:23   | Noticed an ancient lich
 50366 | Zig:23   | Killed an ancient lich
 50371 | Zig:23   | Noticed an ancient lich
 50372 | Zig:23   | Killed an ancient lich
 50372 | Zig:23   | Noticed an ancient lich
 50373 | Zig:23   | Noticed an ancient lich
 50373 | Zig:23   | Noticed an ancient lich
 50374 | Zig:23   | Killed an ancient lich
 50374 | Zig:23   | Noticed an ancient lich
 50375 | Zig:23   | Killed an ancient lich
 50375 | Zig:23   | Killed an ancient lich
 50376 | Zig:23   | Killed an ancient lich
 50376 | Zig:23   | Noticed an ancient lich
 50377 | Zig:23   | Killed an ancient lich
 50377 | Zig:23   | Noticed an ancient lich
 50377 | Zig:23   | Noticed an ancient lich
 50377 | Zig:23   | Noticed an ancient lich
 50378 | Zig:23   | Killed an ancient lich
 50378 | Zig:23   | Killed an ancient lich
 50378 | Zig:23   | Killed an ancient lich
 50380 | Zig:23   | Noticed an ancient lich
 50381 | Zig:23   | Killed an ancient lich
 50381 | Zig:23   | Noticed an ancient lich
 50381 | Zig:23   | Noticed an ancient lich
 50381 | Zig:23   | Noticed an ancient lich
 50382 | Zig:23   | Killed an ancient lich
 50383 | Zig:23   | Killed an ancient lich
 50383 | Zig:23   | Killed an ancient lich
 50383 | Zig:23   | Noticed an ancient lich
 50384 | Zig:23   | Noticed an ancient lich
 50385 | Zig:23   | Killed an ancient lich
 50386 | Zig:23   | Killed an ancient lich
 50386 | Zig:23   | Noticed an ancient lich
 50387 | Zig:23   | Killed an ancient lich
 50387 | Zig:23   | Noticed an ancient lich
 50388 | Zig:23   | Killed an ancient lich
 50389 | Zig:23   | Noticed an ancient lich
 50391 | Zig:23   | Killed an ancient lich
 50391 | Zig:23   | Rhok: zigging with force_mores on every monster Oo
 50391 | Zig:23   | Rhok: tough ;D
 50394 | Zig:23   | 4thArraOfDagon: yea
 50394 | Zig:23   | 4thArraOfDagon: lets fix this
 50396 | Zig:23   | Noticed an ancient lich
 50400 | Zig:23   | Killed an ancient lich
 50410 | Zig:23   | Found the ring of the Octopus King
 50420 | Zig:23   | Identified Bashogaj's Casting in Simple Steps
 50445 | Zig:24   | Entered Level 24 of a ziggurat
 50575 | Zig:24   | Identified the +0 hat of Happiness {Int+3} (You acquired it on level 24 of a ziggurat)
 50578 | Zig:25   | Entered Level 25 of a ziggurat
 50710 | Zig:25   | Got a faintly glowing turquoise ring
 50718 | Zig:25   | Identified the ring of Onneewar {Ice Int+3 Dex+4 Slay-5 SInv} (You found it on level 25 of a ziggurat)
 50722 | Zig:26   | Entered Level 26 of a ziggurat
 50820 | Zig:26   | Got a flickering iron ring
 50839 | Zig:26   | Identified the ring "Famav" {Ice Int+3} (You found it on level 26 of a ziggurat)
 50845 | Zig:27   | Entered Level 27 of a ziggurat
 50904 | Zig:27   | Noticed Dehuul Jiwu the pandemonium lord
 50905 | Zig:27   | Killed Dehuul Jiwu the pandemonium lord
 51009 | Zig:27   | Found the ring of the Octopus King
 51011 | Zig:27   | Identified An Initiation to Wizardry
 51019 | Zig:27   | Found the ring of the Octopus King
 51021 | Zig:27   | Got a wavering lead ring
 51026 | Zig:27   | Got a sparkling bone ring
 51029 | Zig:27   | Identified the +8 large shield of Sin {Dex+4} (You found it on level 27 of a ziggurat)
 51037 | Zig:27   | Identified a ring of the Octopus King {rC+ AC+1 EV+1 Str+1 Int+1 Dex+1} (You found it on level 27 of a ziggurat)
 51050 | Zig:27   | Identified the Incunabulum of Dusty Creation
 51054 | Zig:27   | Identified the +0 large shield of the Distant Future {rN+ Slay+5} (You acquired it on level 27 of a ziggurat)
 51056 | Zig:27   | Got a bloodstained large shield
 51061 | Zig:27   | Identified the +1 large shield of the True Pharaoh {+Fly rF+++ rCorr Dex-5} (You acquired it on level 27 of a ziggurat)
 51066 | Zig:27   | Got a ring of the Octopus King
 51072 | Zig:27   | Identified the ring "Beblif" {-Tele rElec rPois MR+} (You found it on level 27 of a ziggurat)
 51074 | Zig:27   | Identified the ring "Jimmui" {MR+ EV+3 SInv} (You found it on level 27 of a ziggurat)
 51079 | Zig:27   | Got a vibrating marble ring
 51089 | Zig:27   | Got a transparent copper ring
 51096 | Zig:27   | Got a glittering silver ring
 51100 | Zig:27   | Identified the ring of Fogif {Ice *Contam Str+6 SInv} (You found it on level 27 of a ziggurat)
 51102 | Zig:27   | Identified the ring "Nicho" {rF+ Dex+4} (You found it on level 27 of a ziggurat)
 51105 | Zig:27   | Identified the ring of Gerack {+Inv EV+3 Str+5 Stlth+} (You found it on level 27 of a ziggurat)
 51131 | Zig:1    | Entered Level 1 of a ziggurat
 51148 | Zig:2    | Entered Level 2 of a ziggurat
 51175 | Zig:3    | Entered Level 3 of a ziggurat
 51196 | Zig:4    | Entered Level 4 of a ziggurat
 51232 | Zig:5    | Entered Level 5 of a ziggurat
 51267 | Zig:5    | Got a slimy wooden ring
 51268 | Zig:5    | Identified the ring of the Seven Planets {rC+ MR+ Int+3} (You found it on level 5 of a ziggurat)
 51275 | Zig:6    | Entered Level 6 of a ziggurat
 51309 | Zig:7    | Entered Level 7 of a ziggurat
 51340 | Zig:7    | Found the ring of the Octopus King
 51350 | Zig:7    | Got a ring of the Octopus King
 51362 | Zig:7    | Identified a ring of the Octopus King {rN+ AC+1 EV+1 Str+1 Int+1 Dex+1} (You found it on level 7 of a ziggurat)
 51366 | Zig:8    | Entered Level 8 of a ziggurat
 51371 | Zig:8    | Noticed an ancient lich
 51373 | Zig:8    | Killed an ancient lich
 51377 | Zig:8    | Noticed an ancient lich
 51378 | Zig:8    | Killed an ancient lich
 51380 | Zig:8    | Noticed an ancient lich
 51381 | Zig:8    | Killed an ancient lich
 51381 | Zig:8    | Noticed an ancient lich
 51382 | Zig:8    | Killed an ancient lich
 51397 | Zig:8    | Got a transparent sapphire amulet
 51400 | Zig:8    | Got a translucent lead ring
 51403 | Zig:8    | Identified the +2 triple sword "Duxik" {slice, Int+4 Stlth+} (You found it on level 8 of a ziggurat)
 51405 | Zig:8    | Identified the amulet "Neimmum" {Acrobat +Blink rC- rN+} (You found it on level 8 of a ziggurat)
 51407 | Zig:8    | Identified the ring "Gulumydgh" {rN+ Str+4 Int-4 Dex+5} (You found it on level 8 of a ziggurat)
 51416 | Zig:9    | Entered Level 9 of a ziggurat
 51461 | Zig:9    | Got a wavering lead amulet
 51464 | Zig:9    | Got a coiled tin ring
 51467 | Zig:9    | Got a sparkling golden ring
 51479 | Zig:9    | Identified the amulet of the Tortoise {Reflect rF+ rC+ Int+4 SH+4} (You found it on level 9 of a ziggurat)
 51480 | Zig:9    | Identified the ring of Dithmenos's Hatred {MR- Int+3 Dex+5 Slay+3} (You found it on level 9 of a ziggurat)
 51481 | Zig:9    | Identified the ring of Pyromania {Ice rElec rN+ MR+} (You found it on level 9 of a ziggurat)
 51487 | Zig:10   | Entered Level 10 of a ziggurat
 51499 | Zig:10   | Noticed an ancient lich
 51500 | Zig:10   | Killed an ancient lich
 51506 | Zig:10   | Noticed an ancient lich
 51507 | Zig:10   | Killed an ancient lich
 51511 | Zig:10   | Noticed an ancient lich
 51512 | Zig:10   | Killed an ancient lich
 51532 | Zig:10   | Got a glittering pewter ring
 51533 | Zig:10   | Identified the ring "Vadagyk" {rCorr Int+2} (You found it on level 10 of a ziggurat)
 51541 | Zig:11   | Entered Level 11 of a ziggurat
 51598 | Zig:11   | Got an ancient platinum ring
 51604 | Zig:11   | Identified the ring of Yendor {rF- MP+9 Int+9 Slay+2} (You found it on level 11 of a ziggurat)
 51605 | Zig:11   | yes
 51609 | Zig:12   | Entered Level 12 of a ziggurat
 51653 | Zig:12   | Identified the Handbook of Enchantment
 51660 | Zig:13   | Entered Level 13 of a ziggurat
 51790 | Zig:13   | Got a glittering glass ring
 51804 | Zig:13   | Identified the ring "Buok" {+Fly MR+ Int-2 Dex+3} (You found it on level 13 of a ziggurat)
 51808 | Zig:14   | Entered Level 14 of a ziggurat
 51870 | Zig:14   | Got a fine amethyst amulet
 51871 | Zig:14   | Identified the amulet "Agaanuca" {Acrobat rF+ Str+4 Dex+4} (You found it on level 14 of a ziggurat)
 51888 | Zig:15   | Entered Level 15 of a ziggurat
 51944 | Zig:15   | Gained mutation: You occasionally shout uncontrollably at your foes. [a shining eye]
 51971 | Zig:15   | Identified the -3 large shield of Day {-Tele rF+++ rN++ Str-5} (You acquired it on level 15 of a ziggurat)
 51976 | Zig:15   | Got a wavering diamond amulet
 51977 | Zig:15   | Identified the amulet "Goumnej" {Faith Fragile rC++ Str+3} (You found it on level 15 of a ziggurat)
 51989 | Zig:15   | Got a shimmering steel amulet
 51995 | Zig:15   | Identified the amulet "Sufadoi" {Inacc Dex+3} (You found it on level 15 of a ziggurat)
 51999 | Zig:16   | Entered Level 16 of a ziggurat
 52050 | Zig:16   | Paralysed by a floating eye for 2 turns
 52054 | Zig:16   | Csabeeboy: What do you most certainly need as a minimum to finish Zig?
 52055 | Zig:16   | 4thArraOfDagon: well some luck :)
 52055 | Zig:16   | 4thArraOfDagon: and shatter or ignition
 52055 | Zig:16   | 4thArraOfDagon: and few blink scrolls
 52055 | Zig:16   | Csabeeboy: Thanks!
 52055 | Zig:16   | 4thArraOfDagon: usually enough for first zig
 52096 | Zig:16   | Got a slimy steel ring
 52109 | Zig:16   | Identified the ring of Ruhu {Fire rN+ Str+5 Int+3 Slay+2} (You found it on level 16 of a ziggurat)
 52114 | Zig:16   | incide: > the ring of Yendor
 52114 | Zig:16   | incide: right in the memories
 52115 | Zig:17   | Entered Level 17 of a ziggurat
 52130 | Zig:17   | Csabeeboy: how the hell id everyone die at an instant
 52149 | Zig:17   | 4thArraOfDagon: shatter :)
 52165 | Zig:17   | Csabeeboy: that's amazing. so really, for a full game, melee char sucks
 52208 | Zig:17   | Got a coiled bone amulet
 52210 | Zig:17   | Got a bound pewter amulet
 52217 | Zig:17   | Identified the +7 large shield "Tatycur" {rElec Str+3 Int-4 Dex+5} (You acquired it on level 17 of a ziggurat)
 52229 | Zig:17   | Got a fine amber ring
 52245 | Zig:17   | Identified the amulet "Jemutz" {Inacc rPois rF+++ rC+ Dex-2} (You found it on level 17 of a ziggurat)
 52246 | Zig:17   | Identified the amulet of Epeusukk {-Tele +Rage rF++ rC+ Slay+3} (You found it on level 17 of a ziggurat)
 52247 | Zig:17   | Identified the ring "Hir Get" {rCorr Dex+5 SInv} (You found it on level 17 of a ziggurat)
 52251 | Zig:17   | 4thArraOfDagon: yea, well you could finish zig with pure melee if you really want to
 52251 | Zig:17   | incide: nah, melee char is kinda workable
 52251 | Zig:17   | 4thArraOfDagon: but again it all comes to luck in spawns
 52251 | Zig:17   | incide: now bow character, on the other hand...
 52251 | Zig:17   | Csabeeboy: I see!
 52253 | Zig:18   | Entered Level 18 of a ziggurat
 52269 | Zig:18   | incide: btw
 52269 | Zig:18   | incide: Arra
 52270 | Zig:18   | 4thArraOfDagon: suop
 52270 | Zig:18   | incide: now here's a challenge
 52274 | Zig:18   | incide: a bow octopode
 52276 | Zig:18   | incide: or xbow
 52276 | Zig:18   | Csabeeboy: can that wield 4 bows them? :D
 52276 | Zig:18   | 4thArraOfDagon: oh
 52276 | Zig:18   | 4thArraOfDagon: bowpode
 52282 | Zig:18   | incide: staying true to bows, maybe with some buff spells for ez life
 52286 | Zig:18   | incide: but no conj/summ except maybe emergency shadow creatures or something
 52289 | Zig:18   | 4thArraOfDagon: any specific god?
 52289 | Zig:18   | incide: well not ones that give damaging invos
 52289 | Zig:18   | 4thArraOfDagon: because you know one could go wu jian and kill anything with instakill :)
 52299 | Zig:18   | incide: fedhas or zin if you want to show them plebs how it's done
 52300 | Zig:18   | Killed Tuqaaf the pandemonium lord
 52303 | Zig:18   | 4thArraOfDagon: oh
 52317 | Zig:18   | incide: back in a while i tried making bow chars but they were turning out absolute garbage
 52317 | Zig:18   | 4thArraOfDagon: will work on that
 52318 | Zig:18   | incide: <3
 52399 | Zig:18   | Identified the Reference Book on Glacial Sinister Magic
 52405 | Zig:18   | Identified the +8 war axe "Kaxt" {venom, *Drain Fragile +Fly rC+++} (You found it on level 18 of a ziggurat)
 52408 | Zig:19   | Entered Level 19 of a ziggurat
 52457 | Zig:19   | 4thArraOfDagon: what is zig difficulty cap, 13th?
 52475 | Zig:19   | incide: yeah around a dozen iirc
 52499 | Zig:19   | Got a twitching silver ring
 52510 | Zig:19   | Got a bound brass amulet
 52512 | Zig:19   | Got a twitching copper ring
 52514 | Zig:19   | Identified the +11 large shield "Ladorot" {rPois rN+++ Int+4 Dex-4} (You found it on level 19 of a ziggurat)
 52515 | Zig:19   | Identified the ring of Eziadoq {rElec rPois Str+3 Int-2 Dex+8} (You found it on level 19 of a ziggurat)
 52517 | Zig:19   | Identified the amulet of the Immovable Gods {RegenMP +Inv rPois Int+3} (You found it on level 19 of a ziggurat)
 52519 | Zig:19   | Identified the ring of Soxil {-Tele Str+9 Dex-3 Slay+5 SInv} (You found it on level 19 of a ziggurat)
 52528 | Zig:20   | Entered Level 20 of a ziggurat
 52629 | Zig:20   | Got a brightly glowing iron ring
 52645 | Zig:20   | Identified the ring "Ihamyawu" {rC+ Int+2 Dex+4} (You found it on level 20 of a ziggurat)
 52649 | Zig:21   | Entered Level 21 of a ziggurat
 52653 | Zig:21   | incide: ??ziggurat[2]
 52654 | Zig:21   | XtahuaRules: ziggurat[2/7]: New in 0.16, every ziggurat you complete (from floor 27) will make all future ziggurats have more and harder monsters - effectively capping after 13 completed zigs. Are you up to the challenge?
 52667 | Zig:21   | 4thArraOfDagon: I think this shit it outdated as fuck
 52668 | Zig:21   | incide: eh learndb is ok in places
 52669 | Zig:21   | incide: usually new features get added in
 52672 | Zig:21   | incide: but a lot of old stuff remains
 52749 | Zig:21   | Got a sparkling iron ring
 52750 | Zig:21   | Identified the ring "Viniyf" {rN+ MR+ Str+2 Slay+2 SInv} (You found it on level 21 of a ziggurat)
 52761 | Zig:22   | Entered Level 22 of a ziggurat
 52817 | Zig:22   | incide: ??+12 club
 52817 | Zig:22   | XtahuaRules: +12 club[1/5]: redrum the Skirmisher (L3 DrCK), worshipper of Makhleb, slain by Ijyb (a +6,+12 club) on D:2 on 2010-08-19, with 120 points after 1033 turns and 0:04:06.
 52818 | Zig:22   | incide: now that IS outdated
 52865 | Zig:22   | Got a steaming iron ring
 52887 | Zig:22   | Got a crude tin amulet
 52901 | Zig:22   | Identified the ring "Koemili" {rC- rN+ MR+ Str+8} (You found it on level 22 of a ziggurat)
 52903 | Zig:22   | Identified the amulet "Remamaty" {Gourm Str+4} (You found it on level 22 of a ziggurat)
 52907 | Zig:23   | Entered Level 23 of a ziggurat
 52953 | Zig:23   | 4thArraOfDagon: >I always thought it's capped at the point where every single tile in occupied
 53055 | Zig:23   | Got a smoking zirconium amulet
 53056 | Zig:23   | Identified the amulet "Bauvaosy" {Gourm *Drain rN+++ Int+4 Dex+2} (You found it on level 23 of a ziggurat)
 53064 | Zig:24   | Entered Level 24 of a ziggurat
 53072 | Zig:24   | Noticed an ancient lich
 53076 | Zig:24   | Noticed an ancient lich
 53076 | Zig:24   | Noticed an ancient lich
 53077 | Zig:24   | Noticed an ancient lich
 53077 | Zig:24   | Noticed an ancient lich
 53078 | Zig:24   | Noticed an ancient lich
 53079 | Zig:24   | Killed an ancient lich
 53079 | Zig:24   | Killed an ancient lich
 53080 | Zig:24   | Killed an ancient lich
 53080 | Zig:24   | Killed an ancient lich
 53080 | Zig:24   | Killed an ancient lich
 53081 | Zig:24   | Killed an ancient lich
 53082 | Zig:24   | Noticed an ancient lich
 53082 | Zig:24   | Killed an ancient lich
 53082 | Zig:24   | Noticed an ancient lich
 53083 | Zig:24   | Noticed an ancient lich
 53083 | Zig:24   | Killed an ancient lich
 53083 | Zig:24   | Noticed an ancient lich
 53084 | Zig:24   | Killed an ancient lich
 53084 | Zig:24   | Killed an ancient lich
 53084 | Zig:24   | Noticed an ancient lich
 53085 | Zig:24   | Killed an ancient lich
 53085 | Zig:24   | Noticed an ancient lich
 53086 | Zig:24   | Noticed an ancient lich
 53087 | Zig:24   | Killed an ancient lich
 53087 | Zig:24   | Noticed an ancient lich
 53088 | Zig:24   | Killed an ancient lich
 53089 | Zig:24   | Killed an ancient lich
 53089 | Zig:24   | Noticed an ancient lich
 53091 | Zig:24   | Noticed an ancient lich
 53091 | Zig:24   | Noticed an ancient lich
 53092 | Zig:24   | Noticed an ancient lich
 53092 | Zig:24   | Noticed an ancient lich
 53093 | Zig:24   | Killed an ancient lich
 53093 | Zig:24   | Killed an ancient lich
 53093 | Zig:24   | Killed an ancient lich
 53093 | Zig:24   | Noticed an ancient lich
 53094 | Zig:24   | Killed an ancient lich
 53094 | Zig:24   | Killed an ancient lich
 53094 | Zig:24   | Killed an ancient lich
 53094 | Zig:24   | Noticed an ancient lich
 53096 | Zig:24   | Killed an ancient lich
 53096 | Zig:24   | Noticed an ancient lich
 53097 | Zig:24   | Noticed an ancient lich
 53098 | Zig:24   | Killed an ancient lich
 53098 | Zig:24   | Killed an ancient lich
 53098 | Zig:24   | Noticed an ancient lich
 53099 | Zig:24   | Killed an ancient lich
 53102 | Zig:24   | Noticed an ancient lich
 53102 | Zig:24   | Noticed an ancient lich
 53103 | Zig:24   | Killed an ancient lich
 53103 | Zig:24   | Killed an ancient lich
 53114 | Zig:24   | Noticed an ancient lich
 53114 | Zig:24   | Noticed an ancient lich
 53115 | Zig:24   | Killed an ancient lich
 53116 | Zig:24   | Killed an ancient lich
 53149 | Zig:24   | Got a sparkling marble ring
 53157 | Zig:24   | Got a faintly glowing silver ring
 53164 | Zig:24   | Got a crude bronze ring
 53169 | Zig:24   | Identified the ring of Equilibrium {rN++ Int-2 Dex+3 Slay+2} (You found it on level 24 of a ziggurat)
 53181 | Zig:24   | Identified the ring "Jiuzyxi" {*Tele rF+ Int-3 Dex+2 Stlth+} (You found it on level 24 of a ziggurat)
 53187 | Zig:24   | Identified the ring of the Komtur {rN+ MP+9 SInv Stlth-} (You found it on level 24 of a ziggurat)
 53189 | Zig:24   | Identified the ring "Zishrakh" {rElec MR+ Str+4 Stlth+} (You found it on level 24 of a ziggurat)
 53191 | Zig:24   | Identified the ring of Rek Uber {MP+9 Int+7 Dex+3 Slay-2 SInv} (You found it on level 24 of a ziggurat)
 53192 | Zig:24   | nice
 53202 | Zig:25   | Entered Level 25 of a ziggurat
 53206 | Zig:25   | incide: well with veh it kinda stops mattering
 53206 | Zig:25   | incide: you just go and cast shatter
 53214 | Zig:25   | incide: or better yet, f r o g s h a t t e r
 53241 | Zig:25   | 4thArraOfDagon: this is so funny trick
 53248 | Zig:25   | 4thArraOfDagon: cuts the message spam!
 53282 | Zig:25   | HYPERHYPER: https://www.youtube.com/watch?v=atSEAYKw0wQ
 53337 | Zig:25   | Got a heavily runed lapis lazuli ring
 53358 | Zig:25   | Identified the ring "Sosacof" {rElec rF+ Int+6} (You found it on level 25 of a ziggurat)
 53359 | Zig:25   | Identified the ring "Wifojuni" {-Tele rF+ MP+9 Str+3 Dex+4} (You found it on level 25 of a ziggurat)
 53371 | Zig:25   | Identified the Tome of Transformation
 53382 | Zig:25   | Identified the -7 hat of Disguise {rC+} (You acquired it on level 25 of a ziggurat)
 53384 | Zig:25   | Identified the amulet "Zeomol" {Acrobat *Corrode MR+++ Str-5 Stlth+} (You found it on level 25 of a ziggurat)
 53394 | Zig:26   | Entered Level 26 of a ziggurat
 53404 | Zig:26   | Noticed a juggernaut
 53406 | Zig:26   | Noticed a juggernaut
 53407 | Zig:26   | Killed a juggernaut
 53408 | Zig:26   | Noticed a juggernaut
 53408 | Zig:26   | Noticed a juggernaut
 53409 | Zig:26   | Killed a juggernaut
 53409 | Zig:26   | Noticed a juggernaut
 53409 | Zig:26   | Noticed a juggernaut
 53410 | Zig:26   | Noticed a juggernaut
 53410 | Zig:26   | Noticed a juggernaut
 53411 | Zig:26   | Noticed a juggernaut
 53411 | Zig:26   | Killed a juggernaut
 53411 | Zig:26   | Killed a juggernaut
 53411 | Zig:26   | Killed a juggernaut
 53411 | Zig:26   | Noticed a juggernaut
 53412 | Zig:26   | 4thArraOfDagon: PTOANG!
 53412 | Zig:26   | Killed a juggernaut
 53412 | Zig:26   | Killed a juggernaut
 53412 | Zig:26   | Killed a juggernaut
 53412 | Zig:26   | Killed a juggernaut
 53412 | Zig:26   | Noticed a juggernaut
 53412 | Zig:26   | Noticed a juggernaut
 53413 | Zig:26   | Killed a juggernaut
 53413 | Zig:26   | Noticed a juggernaut
 53414 | Zig:26   | Noticed a juggernaut
 53414 | Zig:26   | Noticed a juggernaut
 53415 | Zig:26   | Killed a juggernaut
 53415 | Zig:26   | Killed a juggernaut
 53415 | Zig:26   | Noticed a juggernaut
 53416 | Zig:26   | Killed a juggernaut
 53416 | Zig:26   | Killed a juggernaut
 53417 | Zig:26   | Killed a juggernaut
 53417 | Zig:26   | Killed a juggernaut
 53417 | Zig:26   | Noticed a juggernaut
 53417 | Zig:26   | Noticed a juggernaut
 53419 | Zig:26   | Noticed a juggernaut
 53419 | Zig:26   | Noticed a juggernaut
 53419 | Zig:26   | Noticed a juggernaut
 53420 | Zig:26   | Killed a juggernaut
 53420 | Zig:26   | Killed a juggernaut
 53420 | Zig:26   | Killed a juggernaut
 53420 | Zig:26   | Noticed a juggernaut
 53420 | Zig:26   | Noticed a juggernaut
 53420 | Zig:26   | Noticed a juggernaut
 53421 | Zig:26   | Killed a juggernaut
 53421 | Zig:26   | Killed a juggernaut
 53421 | Zig:26   | Killed a juggernaut
 53421 | Zig:26   | Noticed a juggernaut
 53422 | Zig:26   | Killed a juggernaut
 53422 | Zig:26   | Killed a juggernaut
 53422 | Zig:26   | Noticed a juggernaut
 53423 | Zig:26   | Killed a juggernaut
 53423 | Zig:26   | Noticed a juggernaut
 53424 | Zig:26   | Killed a juggernaut
 53424 | Zig:26   | Killed a juggernaut
 53424 | Zig:26   | Noticed a juggernaut
 53424 | Zig:26   | Noticed a juggernaut
 53425 | Zig:26   | Noticed a juggernaut
 53426 | Zig:26   | Killed a juggernaut
 53426 | Zig:26   | Killed a juggernaut
 53426 | Zig:26   | Killed a juggernaut
 53426 | Zig:26   | Noticed a juggernaut
 53427 | Zig:26   | Noticed a juggernaut
 53428 | Zig:26   | Killed a juggernaut
 53428 | Zig:26   | Noticed a juggernaut
 53428 | Zig:26   | Noticed a juggernaut
 53429 | Zig:26   | Killed a juggernaut
 53429 | Zig:26   | Noticed a juggernaut
 53430 | Zig:26   | Killed a juggernaut
 53430 | Zig:26   | Killed a juggernaut
 53431 | Zig:26   | Killed a juggernaut
 53431 | Zig:26   | Noticed a juggernaut
 53434 | Zig:26   | Killed a juggernaut
 53435 | Zig:26   | Noticed a juggernaut
 53436 | Zig:26   | Noticed a juggernaut
 53438 | Zig:26   | Killed a juggernaut
 53438 | Zig:26   | Killed a juggernaut
 53510 | Zig:27   | Entered Level 27 of a ziggurat
 53517 | Zig:27   | Noticed a juggernaut
 53518 | Zig:27   | Noticed a juggernaut
 53519 | Zig:27   | Killed a juggernaut
 53520 | Zig:27   | Noticed a juggernaut
 53520 | Zig:27   | Noticed a juggernaut
 53520 | Zig:27   | Noticed a juggernaut
 53521 | Zig:27   | Killed a juggernaut
 53521 | Zig:27   | Killed a juggernaut
 53521 | Zig:27   | Noticed a juggernaut
 53522 | Zig:27   | Killed a juggernaut
 53522 | Zig:27   | Killed a juggernaut
 53522 | Zig:27   | Noticed a juggernaut
 53522 | Zig:27   | Noticed a juggernaut
 53522 | Zig:27   | Noticed a juggernaut
 53523 | Zig:27   | Killed a juggernaut
 53524 | Zig:27   | Killed a juggernaut
 53524 | Zig:27   | Killed a juggernaut
 53524 | Zig:27   | Killed a juggernaut
 53524 | Zig:27   | Noticed a juggernaut
 53524 | Zig:27   | Noticed a juggernaut
 53525 | Zig:27   | Noticed a juggernaut
 53525 | Zig:27   | Noticed a juggernaut
 53526 | Zig:27   | Killed a juggernaut
 53526 | Zig:27   | Killed a juggernaut
 53526 | Zig:27   | Noticed a juggernaut
 53526 | Zig:27   | Noticed a juggernaut
 53526 | Zig:27   | Noticed a juggernaut
 53527 | Zig:27   | Killed a juggernaut
 53527 | Zig:27   | Killed a juggernaut
 53527 | Zig:27   | Noticed a juggernaut
 53528 | Zig:27   | Killed a juggernaut
 53528 | Zig:27   | Killed a juggernaut
 53528 | Zig:27   | Killed a juggernaut
 53528 | Zig:27   | Noticed a juggernaut
 53529 | Zig:27   | Killed a juggernaut
 53529 | Zig:27   | Noticed a juggernaut
 53529 | Zig:27   | Noticed a juggernaut
 53529 | Zig:27   | Noticed a juggernaut
 53530 | Zig:27   | incide: i remember like a year or two ago a guy was clearing zigs with gozag and using the portals and shops to draw stuff tile by tile in vestibule of hell
 53530 | Zig:27   | Killed a juggernaut
 53530 | Zig:27   | Killed a juggernaut
 53530 | Zig:27   | Noticed a juggernaut
 53531 | Zig:27   | 4thArraOfDagon: ye
 53531 | Zig:27   | incide: one of the more masochistic ways to do pixel art
 53531 | Zig:27   | 4thArraOfDagon: and he used gozag shops to tile words in map
 53531 | Zig:27   | HYPERHYPER: i think that was wingboner/casual
 53531 | Zig:27   | 4thArraOfDagon: let's find out
 53531 | Zig:27   | HYPERHYPER: also runewalsh has an octopode of gozag currently at 31 zigs
 53531 | Zig:27   | 4thArraOfDagon: !lg * max= zigscompleted-log
 53531 | Zig:27   | HYPERHYPER: !log runewalsh
 53531 | Zig:27   | XtahuaRules: 4906. runewalsh, XL3 TrTm, T:694: https://underhound.eu/crawl/morgue/runewalsh/morgue-runewalsh-20180522-220514.txt
 53531 | Zig:27   | XtahuaRules: 8915660. igooo, XL27 DsFE, T:1678264: https://webzook.net/soup/morgue/trunk/igooo/morgue-igooo-20180208-132543.txt
 53531 | Zig:27   | HYPERHYPER: aye no did he die?
 53531 | Zig:27   | 4thArraOfDagon: 103 zigs
 53531 | Zig:27   | HYPERHYPER: :P
 53531 | Zig:27   | incide: that's actually not that much, i distantly recall looking up somebody with >200
 53531 | Zig:27   | incide: mb wasn't in this version
 53531 | Zig:27   | incide: yeah igooo's morgue is from this february
 53531 | Zig:27   | 4thArraOfDagon: !lg * max= zigscompleted x=zigscompleted
 53531 | Zig:27   | XtahuaRules: 8915677. [zigscompleted=103] igooo the Farming Annihilator (L27 DsFE of Gozag), escaped with the Orb and 15 runes on 2018-02-08 13:25:43, with 3001917 points after 1678264 turns and 2d+12:01:27.
 53531 | Zig:27   | 4thArraOfDagon: !lg * max=int x=int
 53531 | Zig:27   | XtahuaRules: 8915677. [int=114] araganzar the Archmage (L27 OpWz of Cheibriados), escaped with the Orb and 15 runes on 2016-12-21 15:26:49, with 13384605 points after 124772 turns and 15:35:46.
 53531 | Zig:27   | 4thArraOfDagon: !lg * max=str x=str
 53531 | Zig:27   | 4thArraOfDagon: !lg * max=dex x=dex
 53531 | Zig:27   | XtahuaRules: 8915677. [str=75] awe1100 the Heavyweight Champion (L27 TrFi of Cheibriados), mangled by an acid blob (created by the Royal Jelly) on Slime:5 (slime_pit) on 2017-11-04 03:26:12, with 668711 points after 56763 turns and 3:05:10.
 53531 | Zig:27   | XtahuaRules: 8915677. [dex=72] Cuckatoo the Farming Talismancer (L27 MuFi of Trog), escaped with the Orb and 61 runes on 2007-08-01 12:27:11, with 2200969 points after 3190190 turns and 9d+8:36:31.
 53531 | Zig:27   | 4thArraOfDagon: just 75str?
 53531 | Zig:27   | 4thArraOfDagon: and 72 dex?
 53531 | Zig:27   | incide: wow goes back to 2007
 53531 | Zig:27   | incide: 61 runes
 53531 | Zig:27   | incide: pepperridge farm remembers
 53531 | Zig:27   | HYPERHYPER: 9d :D
 53531 | Zig:27   | Killed a juggernaut
 53531 | Zig:27   | Killed a juggernaut
 53531 | Zig:27   | Killed a juggernaut
 53532 | Zig:27   | Noticed a juggernaut
 53533 | Zig:27   | Noticed a juggernaut
 53534 | Zig:27   | Killed a juggernaut
 53535 | Zig:27   | Killed a juggernaut
 53536 | Zig:27   | Noticed a juggernaut
 53536 | Zig:27   | Noticed a juggernaut
 53537 | Zig:27   | Killed a juggernaut
 53537 | Zig:27   | Noticed a juggernaut
 53538 | Zig:27   | Killed a juggernaut
 53538 | Zig:27   | Noticed a juggernaut
 53539 | Zig:27   | Killed a juggernaut
 53539 | Zig:27   | Killed a juggernaut
 53539 | Zig:27   | Noticed a juggernaut
 53539 | Zig:27   | Noticed a juggernaut
 53541 | Zig:27   | Killed a juggernaut
 53541 | Zig:27   | Killed a juggernaut
 53546 | Zig:27   | Noticed a juggernaut
 53548 | Zig:27   | Killed a juggernaut
 53548 | Zig:27   | Noticed a juggernaut
 53549 | Zig:27   | Noticed a juggernaut
 53549 | Zig:27   | Noticed a juggernaut
 53551 | Zig:27   | Killed a juggernaut
 53552 | Zig:27   | Killed a juggernaut
 53552 | Zig:27   | Killed a juggernaut
 53555 | Zig:27   | Noticed a juggernaut
 53557 | Zig:27   | Killed a juggernaut
 53559 | Zig:27   | Noticed a juggernaut
 53560 | Zig:27   | Killed a juggernaut
 53612 | Zig:27   | Identified the Grimoire of Assistive Summoning
 53632 | Zig:27   | Identified the ring "Acukk" {+Blink rC+ MR+ EV+3} (You found it on level 27 of a ziggurat)
 53646 | Zig:27   | Identified the amulet "Imnof" {Faith rF+ Int+2} (You found it on level 27 of a ziggurat)
 53667 | Zig:27   | Identified the cursed -5 hat of Courage {Str+3} (You found it on level 27 of a ziggurat)
 53672 | Zig:27   | Identified Oluaruon's Handbook of Creative Displacement
 53687 | Zig:1    | Entered Level 1 of a ziggurat
 53702 | Zig:1    | Supreme: still curious what the solution will be against silence
 53704 | Zig:2    | Entered Level 2 of a ziggurat
 53704 | Zig:2    | Noticed a juggernaut
 53704 | Zig:2    | Noticed a juggernaut
 53704 | Zig:2    | Noticed a juggernaut
 53705 | Zig:2    | Killed a juggernaut
 53706 | Zig:2    | Killed a juggernaut
 53706 | Zig:2    | Killed a juggernaut
 53722 | Zig:2    | Csabeeboy: Can you do endless runs of zig? :D I didn't know this!
 53723 | Zig:3    | Entered Level 3 of a ziggurat
 53736 | Zig:3    | incide: yeah each zig has a figurine that allows to spawn another zig
 53738 | Zig:3    | HYPERHYPER: i got a screen to show you
 53747 | Zig:3    | HYPERHYPER: sec
 53750 | Zig:4    | Entered Level 4 of a ziggurat
 53751 | Zig:4    | incide: but it's at the bottom floor
 53770 | Zig:5    | Entered Level 5 of a ziggurat
 53778 | Zig:5    | Csabeeboy: lol. This zig level looks a bit more packed than my first zig
 53786 | Zig:5    | HYPERHYPER: https://imgur.com/a/lTSiThb
 53800 | Zig:5    | incide: ups in difficulty on each one
 53812 | Zig:6    | Entered Level 6 of a ziggurat
 53813 | Zig:6    | HYPERHYPER: this is also after 5th ziggurat or sth
 53827 | Zig:6    | HYPERHYPER: he uses immolation scrolls + firestorm at range and penetration javelins with 27 throwing
 53829 | Zig:6    | Csabeeboy: lol
 53847 | Zig:7    | Entered Level 7 of a ziggurat
 53852 | Zig:7    | HYPERHYPER: i personally like to also have melee (broadaxe of speed, holy wrath, vamp)
 53879 | Zig:8    | Entered Level 8 of a ziggurat
 53879 | Zig:8    | Noticed an ancient lich
 53879 | Zig:8    | Noticed an ancient lich
 53879 | Zig:8    | Noticed an ancient lich
 53880 | Zig:8    | Killed an ancient lich
 53881 | Zig:8    | Killed an ancient lich
 53881 | Zig:8    | Killed an ancient lich
 53886 | Zig:8    | Noticed an ancient lich
 53887 | Zig:8    | Killed an ancient lich
 53887 | Zig:8    | Noticed an ancient lich
 53888 | Zig:8    | Killed an ancient lich
 53888 | Zig:8    | Noticed an ancient lich
 53890 | Zig:8    | Killed an ancient lich
 53891 | Zig:8    | Noticed an ancient lich
 53893 | Zig:8    | Killed an ancient lich
 53929 | Zig:9    | Entered Level 9 of a ziggurat
 53929 | Zig:9    | Noticed an ancient lich
 53929 | Zig:9    | Noticed an ancient lich
 53929 | Zig:9    | Noticed an ancient lich
 53929 | Zig:9    | Noticed an ancient lich
 53931 | Zig:9    | Killed an ancient lich
 53931 | Zig:9    | Killed an ancient lich
 53931 | Zig:9    | Killed an ancient lich
 53932 | Zig:9    | Killed an ancient lich
 53932 | Zig:9    | Noticed an ancient lich
 53932 | Zig:9    | Noticed an ancient lich
 53933 | Zig:9    | Killed an ancient lich
 53933 | Zig:9    | Killed an ancient lich
 53933 | Zig:9    | Noticed an ancient lich
 53934 | Zig:9    | Killed an ancient lich
 53935 | Zig:9    | Noticed an ancient lich
 53936 | Zig:9    | Killed an ancient lich
 53940 | Zig:9    | Noticed an ancient lich
 53940 | Zig:9    | Noticed an ancient lich
 53940 | Zig:9    | Noticed an ancient lich
 53941 | Zig:9    | Killed an ancient lich
 53941 | Zig:9    | Killed an ancient lich
 53942 | Zig:9    | Killed an ancient lich
 53963 | Zig:9    | Got a sparkling marble ring
 53969 | Zig:9    | Got a shimmering pewter ring
 53976 | Zig:9    | Supreme: yeah hyper i had a close call similar to that screenshot my last run.. followed by a very dumb death a few floors later
 53976 | Zig:9    | Identified the ring of Nadd {rElec rPois rF+ MR+} (You found it on level 9 of a ziggurat)
 53977 | Zig:9    | Identified the ring of Hedonism {rPois rF+ rN+ Dex+4} (You found it on level 9 of a ziggurat)
 53982 | Zig:10   | Entered Level 10 of a ziggurat
 53983 | Zig:10   | HYPERHYPER:
